Workbook
Name ______PR1: [1]PRECIOS!$A:$E
Name _____PR1: [2]PRECIOS!$A$1:$E$65536
Name _____TS20: [3]APU!$J$2245
Name _____TS24: [3]APU!$J$2609
Name _____TS27: [3]APU!$J$2661
Name ____PR1: [4]PRECIOS!$A$1:$E$65536
Name ____PR1: [5]PRECIOS!$A$1:$E$65536
Name ____TS30: [3]APU!$J$2713
Name ___PR1: [6]PRECIOS!$A$1:$E$65536
Name ___PR1: [7]PRECIOS!$A$1:$E$65536
Name ___TS20: [8]APU!$J$2245
Name ___TS24: [8]APU!$J$2609
Name ___TS27: [8]APU!$J$2661
Name __PR1: [9]PRECIOS!$A$1:$E$65536
Name __TS30: [8]APU!$J$2713
Name _EMC2: [10]APU!$J$1594
Name _EMC4: [10]APU!$J$1646
Name _PR1: [12]PRECIOS!$A$1:$E$65536
Name _PR2: [13]PRECIOS!$A:$E
Name _PZ20: [10]APU!$J$3326
Name _PZ30: [10]APU!$J$3378
Name _PZ40: [10]APU!$J$3430
Name _PZ50: [10]APU!$J$3482
Name _SY106: [10]APU!$J$2338
Name _SY126: [10]APU!$J$2390
Name _SY166: [10]APU!$J$2442
Name _SY186: [10]APU!$J$2494
Name _SY206: [10]APU!$J$2546
Name _SY86: [10]APU!$J$2286
Name _TS10: [10]APU!$J$2014
Name _TS12: [10]APU!$J$1018
Name _TS16: [10]APU!$J$2128
Name _TS18: [10]APU!$J$2181
Name _TS20: [10]APU!$J$2234
Name _TS24: [10]APU!$J$2598
Name _TS27: [10]APU!$J$2650
Name _TS30: [10]APU!$J$2702
Name _TS33: [10]APU!$J$2754
Name _TS36: [10]APU!$J$2806
Name _TS39: [10]APU!$J$2858
Name _TS42: [10]APU!$J$2910
Name _TS45: [10]APU!$J$2962
Name _TS6: [10]APU!$J$1908
Name _TS8: [10]APU!$J$1961
Name A: [12]PRECIOS!$J$62
Name AA: [14]PRECIOS!$G$1
Name AA_APUS: '[15]09'!$A:$N
Name AA_Cuadrillas: '[15]10'!$A$22:$O$68
Name AA_Equipos: '[15]12'!$C$5:$M$45
Name AA_Materiales: '[15]11'!$C:$N
Name AA_Unitarios: '[15]08'!$B:$M
Name AAA: [16]PRECIOS!$G$8
Name ad: [17]MATERIALES!$H$4
Name AHER: [18]HER!$A:$C
Name AIU: [19]PRECIOS!$B$2
Name AMAT: [18]MAT!$A:$C
Name ap: [20]Planilla!$D$58
Name APB: [12]PRECIOS!$G$71:$J$153
Name APER: [18]PER!$A:$C
Name ART: #REF!,#REF!,#REF!,#REF!,#REF!,#REF!,#REF!

Sheet PRESUP. OBRA PEÑO REDONDO
A2: DEPARTAMENTO ADMINISTRATIVO DE PLANEACION MUNICIPAL
A4: PRESUPUESTO DE OBRA
A6: OBJETO: CONSTRUCCIÓN PARQUE BIBLIOTECA "PEÑON REDONDO" - COMUNA 8 - MUNICIPIO DE NEIVA - HUILA
B7: ITEM | C7: DESCRIPCION | D7: UND | E7: Cantidad | F7: VR/UNIT | G7: VR/TOTAL
B8: 1 | C8: ACTIVIDADES PRELIMINARES
B9: 1.1 | C9: Localización y replanteo | D9: M2 | E9: 4750 | F9: =+#REF! -> #REF! | G9: =+F9*E9 -> #REF!
C10: SUB-TOTAL CAPITULO | G10: =SUM(G9:G9) -> #REF!
C11: CONSTRUCCIÓN DE PISCINA
B12: 1 | C12: CIMENTACIÓN - CONCRETOS
B13: 2.1 | C13: Excavación Manual a todo factor. Inc. Retiro de material sobrante | D13: M3 | E13: =122.4*0.25 -> 30.6 | F13: =+#REF! -> #REF! | G13: =+E13*F13 -> #REF!
B14: 2.21 | C14: Relleno en recebo seleccionado - compactado mecánicamente | D14: M3 | E14: =122.4*0.18 -> 22.032 | F14: =+#REF! -> #REF! | G14: =+E14*F14 -> #REF!
B15: 2.3 | C15: Placa de piso en concreto de 2500 psi e=0.08 para pisos exteriores. | D15: M2 | E15: 122.44 | F15: 35500 | G15: =+E15*F15 -> 4346620
B16: 2.4 | C16: Placa para fondo de piscina en concreto armado de 3500 P.S.I - e=0.18 mts, incluye aditivo para impermeabilizacion. | D16: M3 | E16: =319.62*0.18 -> 57.5316 | F16: =+#REF! -> #REF! | G16: =+F16*E16 -> #REF!
B17: 2.4 | C17: Muro para piscinas en concreto curvo armado de 3500 P.S.I - e: 0,18 mts incluye aditivo para impermeabilizacion. | D17: M3 | E17: 18.8 | F17: =+#REF! -> #REF! | G17: =+F17*E17 -> #REF!
B18: 2.5 | C18: Acero de refuerzo Fy=60.000 P.S.I. | D18: Kg | E18: 15370 | F18: 3650 | G18: =+E18*F18 -> 56100500
C19: SUB-TOTAL CAPITULO | G19: =SUM(G13:G18) -> #REF!
B20: 3 | C20: INSTALACIONES HIDRAULICAS
B21: 3.1 | C21: Suministro e instalación de Tuberia de Presion de 1 1/2" para suministro y desague de la piscina | D21: ML | E21: 250 | F21: 8500 | G21: =+F21*E21 -> 2125000
B22: 3.2 | C22: Suministro e instalacion de tuberia pvc sanitaria de 2" incluye accesorios. | D22: ML | E22: 80 | F22: 58159 | G22: =+F22*E22 -> 4652720
B23: 3.3 | C23: Suministro e instalacion de tuberia pvc de 3/4" incluye accesorios. | D23: ML | E23: 25 | F23: 5444 | G23: =+F23*E23 -> 136100
C24: SUB-TOTAL CAPITULO | G24: =SUM(G21:G23) -> 6913820
B25: 4 | C25: ENCHAPES Y PISOS
B26: 4.1 | C26: Enchape de pared 0,20x0,25 eurocerámica | D26: M2 | E26: 100.36 | F26: =+#REF! -> #REF! | G26: =+E26*F26 -> #REF!
B27: 4.2 | C27: Enchape de piso 0,20x0,25 eurocerámica | D27: M2 | E27: 310 | F27: =+#REF! -> #REF! | G27: =+E27*F27 -> #REF!
B28: 4.3 | C28: Piso en Granito lavado para bordillo piscina | D28: M2 | E28: 40.5 | F28: =+#REF! -> #REF! | G28: =+E28*F28 -> #REF!
B29: 4.4 | C29: Piso en Gravilla lavada | D29: M2 | E29: 82.83 | F29: =+#REF! -> #REF! | G29: =+E29*F29 -> #REF!
B30: 4.5 | C30: Suministro e instalación de losetas prefabricadas en concreto color gris claro a cuadros de e= .08 mts. de .40x.40. Incluye: concreto 2500 psi e=.04cms, colchón de arena e=.03 y sello juntas | D30: ML | E30: 87.63 | F30: 15900 | G30: =+E30*F30 -> 1393317
C31: SUB-TOTAL CAPITULO | G31: =SUM(G26:G30) -> #REF!
B32: 5 | C32: PLANTA DE TRATAMIENTO
B33: 5.1 | C33: Filtro de 36" PETAIRN con valvula multipor lateral de 2" | D33: UND | E33: 1 | F33: 3976000 | G33: =+E33*F33 -> 3976000
B34: 5.2 | C34: Trampa de Cabello. | D34: UND | E34: 1 | F34: 180900 | G34: =+E34*F34 -> 180900
B35: 5.3 | C35: Electro bomba de 3" HP | D35: UND | E35: 1 | F35: 1164000 | G35: =+E35*F35 -> 1164000
B36: 5.4 | C36: Arrancador | D36: UND | E36: 1 | F36: 387000 | G36: =+F36*E36 -> 387000
B37: 5.5 | C37: Material filtrante bultos | D37: UND | E37: 14 | F37: 30400 | G37: =+E37*F37 -> 425600
B38: 5.6 | C38: Alarma de inmercion | D38: UND | E38: 1 | F38: 2500000 | G38: =+F38*E38 -> 2500000
C39: SUB-TOTAL CAPITULO | G39: =SUM(G33:G38) -> 8633500
B40: 6 | C40: ACCESORIOS Y EQUIPOS
B41: 6.1 | C41: Desnatadores. | D41: UND | E41: 10 | F41: 197300 | G41: =+E41*F41 -> 1973000
B42: 6.2 | C42: Boquillas de succion | D42: UND | E42: 6 | F42: 30700 | G42: =+E42*F42 -> 184200
B43: 6.3 | C43: Inyectores | D43: UND | E43: 12 | F43: 25700 | G43: =+E43*F43 -> 308400
B44: 6.4 | C44: Rejilla de fondo | D44: UND | E44: 8 | F44: 251400 | G44: =+E44*F44 -> 2011200
B45: 6.5 | C45: Reflectores de aplique con transformador | D45: UND | E45: 8 | F45: 398800 | G45: =+E45*F45 -> 3190400
B46: 6.6 | C46: Caja de anden | D46: UND | E46: 8 | F46: 30000 | G46: =+E46*F46 -> 240000
B47: 6.7 | C47: Juego de peldaños | D47: UND | E47: 4 | F47: 127000 | G47: =+E47*F47 -> 508000
B48: 6.8 | C48: Juego de pasamos | D48: UND | E48: 4 | F48: 81400 | G48: =+E48*F48 -> 325600
B49: 6.9 | C49: Carro de Aspiradora | D49: UND | E49: 2 | F49: 50000 | G49: =+E49*F49 -> 100000
B50: 6.1 | C50: Manguera de 50 ft | D50: UND | E50: 1 | F50: 250000 | G50: =+E50*F50 -> 250000
B51: 6.11 | C51: Nasa para recoger hojas | D51: UND | E51: 1 | F51: 30000 | G51: =+E51*F51 -> 30000
B52: 6.12 | C52: Mango de telescopio | D52: UND | E52: 1 | F52: 80000 | G52: =+E52*F52 -> 80000
... B55: 6.15 | C55: Acople rapido | D55: UND | E55: 1 | F55: 30000 | G55: =+E55*F55 -> 30000
C56: SUB-TOTAL CAPITULO | G56: =SUM(G41:G55) -> 9302800
B57: 7 | C57: CUARTO DE MAQUINAS
B58: 7.1 | C58: Cimentacion tipo viga de amarre, concreto 3000 psi. 0.15x0.25, Incluye acero | D58: ML | E58: 18.43 | F58: =+#REF! -> #REF! | G58: =+E58*F58 -> #REF!
B59: 7.2 | C59: Columneta concreto 0.20x0.15m, incl. acero (4No4-E 3/8" C/ 0.15) | D59: ML | E59: 16 | F59: =+#REF! -> #REF! | G59: =+E59*F59 -> #REF!
B60: 7.3 | C60: Muro ladrillo tolete común e=0.12m | D60: M2 | E60: 31.08 | F60: =+#REF! -> #REF! | G60: =+E60*F60 -> #REF!
B61: 7.4 | C61: Placa para tapa de cuarto de maquinas en concreto armado de 3000 PSI - e=0.15m. | D61: M3 | E61: 3.5 | F61: =+#REF! -> #REF! | G61: =+E61*F61 -> #REF!
B62: 7.5 | C62: Placa de piso en concreto de 2500 psi e=0.08, esmaltado con cemento mineral | D62: M2 | E62: 20.68 | F62: =+#REF! -> #REF! | G62: =+E62*F62 -> #REF!
B63: 7.6 | C63: Marco y puerta metálicos cal. 18 de 1.00x2.00m | D63: UND | E63: 1 | F63: 250000 | G63: =+E63*F63 -> 250000
B64: 7.7 | C64: Pañete muros 1:4 incluye filos y dilataciones | D64: M2 | E64: 32 | F64: =+#REF! -> #REF! | G64: =+E64*F64 -> #REF!
B65: 7.8 | C65: Estuco y pintura vinilo muros | D65: M2 | E65: 32 | F65: =+#REF! -> #REF! | G65: =+E65*F65 -> #REF!
B66: 7.9 | C66: Instalación Eléctrica - Incl.: accesorios caseta y piscina | D66: UND | E66: 1 | F66: 450000 | G66: =+E66*F66 -> 450000
C67: SUB-TOTAL CAPITULO | G67: =SUM(G58:G66) -> #REF!
B68: 8 | C68: CERRAMIENTO PISCINA Y SEGURIDAD
B69: 8.1 | C69: Cerramiento piscina en aluminio. Incl.: modulos de 1 MTS x 1.4 - 1.7 mts según diseño, con Bastidor o marco principal fabricado en tubería redonda de ALUMINIO 1-1/4, calibre 18, color natural; Ensamblado con tubería redonda de ALUMINIO 3/4, calibre 18 color natural, con espacio libre entre ellos máximo de 10 cms; Unión de los tubos con conectores de polipropileno, pie de amigo cada 6 MTS y todo lo necesario. | D69: ML | E69: 87.63 | F69: =+CERRAMIENTO!G33 -> 221618 | G69: =+F69*E69 -> 19420385
B70: 8.2 | C70: PUERTA. Modulo de 1.0 Mts de longitud x 1.40 Mts altura; Incl.: 2 PIE DE AMIGO, CHAPA MAGNÉTICA, AJUSTABLE CON LLAVE y 2 DOS BISAGRAS DE TENSIÓN AJUSTABLE, fabricadas en material polímero resistente a la oxidación. | D70: UND | E70: 2 | F70: =+CERRAMIENTO!G74 -> 763451 | G70: =+E70*F70 -> 1526902
B71: 8.3 | C71: Señalización de tres (3) partes indicando la profundidad mínima, la máxima y la intermedia. | D71: UND | E71: 3 | F71: 250000 | G71: =+E71*F71 -> 750000
C72: SUB-TOTAL CAPITULO | G72: =SUM(G69:G71) -> 21697287
C73: TOTAL PRESUPUESTO - CONSTRUCCIÓN DE PISCINA | G73: =+G72+G67+G56+G39+G31+G24+G19 -> #REF!
C74: CONSTRUCCIÓN CANCHA SINTETICA
B75: 9 | C75: MOVIMIENTOS DE TIERRA
B76: 9.1 | C76: Explanación corte extendida. Incl. Retiro | D76: M3 | E76: 315 | F76: =+#REF! -> #REF! | G76: =+F76*E76 -> #REF!
B77: 9.2 | C77: Compactación mecánica de la subrasante. ESP. 230 INVIAS | D77: M2 | E77: 1150 | F77: =+#REF! -> #REF! | G77: =+F77*E77 -> #REF!
B78: 9.3 | C78: Base Granular (SBG-1) - ESP. 320-07 INV. | D78: M3 | E78: =0.15*1050 -> 157.5 | F78: =+#REF! -> #REF! | G78: =+F78*E78 -> #REF!
B79: 9.4 | C79: Base Granular Gradacion-2 Estabilizada (BG-2) - comprende suministro, extendida y compactada del material - ESP. 330-07 INV. | D79: M3 | E79: =+E77*0.3 -> 345 | F79: =+#REF! -> #REF! | G79: =+F79*E79 -> #REF!
B80: 9.5 | C80: Riego de imprimación con emulsión asfáltica CRL-1 - ESP. 420-07 INV. | D80: M2 | E80: 1150 | F80: =+'10 - VIAS - ESPECIALES '!G37 -> #REF! | G80: =+F80*E80 -> #REF!
C81: SUB-TOTAL CAPITULO | G81: =SUM(G76:G80) -> #REF!
B82: 10 | C82: CANCHA - GRAMA
B83: 10.1 | C83: GRAMA SINTÉTICA EN POLIETILENO (100%) MONOFILAMENTO MONOCOLOR PARA CANCHA DE FUTBOL RÁPIDO CON UNA ALTURA DE FIBRA 60 MM, PROTECCIÓN UV, ESPESOR MAYOR O IGUAL A 240 MICRONES, DTEX MAYOR O IGUAL A 11000, GALGA MÁXIMA DE 5/8",120 (+ O - 10) PUNTADAS POR METRO LINEAL, BACKING DOBLE O MAYOR, INCLUYE: RELLENO DE ARENA DE SÍLICE FINA (ÁNGULO REDONDEADO), CON UNA CANTIDAD NO MENOR A 21KG/M2 CON UNA GRADACIÓN ENTRE 0.2MM Y 1.0MM Y CAUCHO GRANULADO TIPO FIFA DE GRANULOMETRÍA FINA CON UNA CANTIDAD NO MENOR DE 11KG/M2 CON PARTÍCULAS ENTRE 0.5MM Y 2.0MM. INCLUYE DEMARCACIÓN PARA CANCHA PRINCIPAL. | D83: M2 | E83: 1150 | F83: =+'11- DEPORTES - ESPECIALES'!G508 -> 90605 | G83: =+F83*E83 -> 104195750
C84: SUB-TOTAL CAPITULO | G84: =SUM(G83:G83) -> 104195750
B85: 11 | C85: DESAGUES
B86: 11.1 | C86: Concreto para cunetas perimetrales - 2500 PSI (175KG/CM2) según diseño y detalle | D86: ML | E86: 160 | F86: =+#REF! -> #REF! | G86: =+F86*E86 -> #REF!
B87: 11.2 | C87: Rejilla metálica en Angulo - 2<2"X1/8" superior y barras en varilla de 5/8" | D87: ML | E87: 160 | F87: =+CERRAMIENTO!G116 -> 54681 | G87: =+F87*E87 -> 8748960
B88: 11.3 | C88: Caja de inspección de 60x60x60 Cm en concreto de 2500 PSI, con tapa reforzada. | D88: UN | E88: 4 | F88: 165000 | G88: =+F88*E88 -> 660000
B89: 11.4 | C89: Suministro e instalacion de tuberia pvc sanitaria de 6". Incl. accesorios. | D89: ML | E89: 80 | F89: 55000 | G89: =+F89*E89 -> 4400000
C91: SUB-TOTAL CAPITULO | G91: =SUM(G86:G89) -> #REF!
B92: 12 | C92: ACCESORIOS
B93: 12.1 | C93: Suministro e instalación de porterías en tubo de 1 1/2". Medidas 3 x 2 mts | D93: UN | E93: 2 | F93: 1150000 | G93: =+F93*E93 -> 2300000
C94: SUB-TOTAL CAPITULO | G94: =SUM(G93:G93) -> 2300000
C95: TOTAL PRESUPUESTO - CONSTRUCCIÓN CANCHA SINTETICA | G95: =+G94+G91+G84+G81 -> #REF!
C96: CONSTRUCCIÓN CUBIERTA POLIDEPORTIVO Y GRADERÍAS
B97: 13 | C97: CIMENTACIONES
B98: 13.1 | C98: =+C13 -> Excavación Manual a todo factor. Inc. Retiro de material sobrante | D98: M3 | E98: 30 | F98: =+F13 -> #REF! | G98: =+E98*F98 -> #REF!
B99: 13.2 | C99: Solado en concreto de limpieza (e= 10 cm) de 1.500 P.S.I. - cubierta | D99: M2 | E99: 17.3 | F99: =+#REF! -> #REF! | G99: =+E99*F99 -> #REF!
B100: 13.3 | C100: Concreto ciclópeo para bases 2500 PSI - (176 KG/CM2) - para graderías | D100: M3 | E100: 1.79 | F100: =+#REF! -> #REF! | G100: =+E100*F100 -> #REF!
B101: 13.4 | C101: Viga de Cimentación en concreto de 3000 PSI - para graderías | D101: M3 | E101: 2 | F101: =+#REF! -> #REF! | G101: =+F101*E101 -> #REF!
B102: 13.5 | C102: Construcción zapatas en concreto 3.000 P.S.I. - cubierta | D102: M3 | E102: 5.18 | F102: =+#REF! -> #REF! | G102: =+F102*E102 -> #REF!
B103: 13.6 | C103: Construcción pedestales paran estructuras en concreto de 3.000 P.S.I. - cubierta | D103: M3 | E103: 4.8 | F103: =+#REF! -> #REF! | G103: =+E103*F103 -> #REF!
B104: 13.7 | C104: Acero de refuerzo Fy=60.000 P.S.I. | D104: Kg | E104: =1170+300 -> 1470 | F104: =+#REF! -> #REF! | G104: =+E104*F104 -> #REF!
C105: SUB-TOTAL CAPITULO | G105: =SUM(G98:G104) -> #REF!
B106: 14 | C106: ESTRUCTURA METALICA Y CUBIERTA
...

Sheet RESUMEN ELECTRICO CUBIERTA
A2: PRESUPUESTO DE INSTALACIÓN REDES EXCLUSIVAS DE ALUMBRADO PÚBLICO Y LUMINARIAS DEL POLIDEPORTIVO BARRIO CAMPO NUNEZ
A4: CAP1 | B4: OBRAS PRELIMINARES | C4: UNID. | D4: CANT. | E4: V.UNIT. | F4: V.TOTAL
A5: 1.1 | B5: LOCALIZACION Y REPLANTEO | C5: ML | D5: 110 | E5: 327 | F5: =ROUND(D5*E5,0) -> 35970
A6: 1.2 | B6: SUMINISTRO, EXCAVACIÓN, HINCADA Y PLOMADA DE POSTES DE CONCRETO DE 8 MTS X 510 KG-F ARMADO Y CENTRIFUGADO | C6: UNID. | E6: 630363 | F6: =ROUND(D6*E6,0) -> 0
A7: 1.2.1 | B7: SUMINISTRO , EXCAVACION HINCADA Y PLOMADA DE POSTES DE CONCRETO DE 10 MTS X 510 KGF. ARMADO Y CENTRIFUGADO | C7: UNID. | D7: 0 | E7: 833943 | F7: =ROUND(D7*E7,0) -> 0
A8: 1.3 | B8: SUMINISTRO, EXCAVACIÓN, HINCADA Y PLOMADA DE POSTES DE CONCRETO DE 8 MTS X 750 KG-F ARMADO Y CENTRIFUGADO | C8: UNID. | D8: 0 | E8: 735923 | F8: =ROUND(D8*E8,0) -> 0
A9: 1.3.1 | B9: SUMINISTRO, EXCAVACIÓN, HINCADA Y PLOMADA DE POSTES DE CONCRETO DE 10 MTS X 750 KG-F ARMADO Y CENTRIFUGADO | C9: UNID. | D9: 0 | E9: 981727 | F9: =ROUND(D9*E9,0) -> 0
A10: 1.4 | B10: SUMINISTRO, EXCAVACIÓN, HINCADA Y PLOMADA DE POSTES DE CONCRETO DE 8 MTS X 1050 KG-F ARMADO Y CENTRIFUGADO | C10: UNID. | E10: 978711 | F10: =ROUND(D10*E10,0) -> 0
A11: 1.5 | B11: RETIRO DE MATERIAL SOBRANTE | C11: M3 | D11: 1 | E11: 20000 | F11: =ROUND(D11*E11,0) -> 20000
A12: 1.6 | B12: SUMINISTRO E INSTALACION DE RETENIDA PARA RED TRENZADA DE BAJA TENSION | C12: UNID. | D12: 0 | E12: 178086 | F12: =ROUND(D12*E12,0) -> 0
A13: 1.6.1 | B13: SUMINISTRO E INSTALACION DE RETENIDA PARA RED TRENZADA DE BAJA TENSION CON BRAZO CUERDA DE GUITARRA | C13: UNID. | D13: 0 | E13: 268086 | F13: =ROUND(D13*E13,0) -> 0
A14: 1.7 | B14: SUMINISTRO, EXCAVACIÓN, HINCADA Y PLOMADA DE POSTES DE CONCRETO DE 12MTS X 750 KG-F ARMADO Y CENTRIFUGADO | C14: UNID. | D14: 0 | E14: 1228285 | F14: =ROUND(D14*E14,0) -> 0
A15: 1.7.1 | B15: SUMINISTRO, EXCAVACION , HINCADA Y PLOMADA DE POSTES DE CONCRETO DE 12 MTS X 1050KG/F ARMADO Y CENTRIFUGADO | C15: UNID. | E15: 1541195 | F15: =ROUND(D15*E15,0) -> 0
A16: 1.7.2 | B16: SUMINISTRO, EXCAVACION , HINCADA Y PLOMADA DE POSTES DE CONCRETO DE 12 MTS X 510KG/F ARMADO Y CENTRIFUGADO | C16: UNID. | D16: 0 | E16: 1078239 | F16: =ROUND(D16*E16,0) -> 0
A17: 1.8 | B17: MATERIALES PARA EL CONCRETO DE 3000 PSI (1:2:3) | C17: UNID. | D17: 0 | E17: 220900 | F17: =ROUND(D17*E17,0) -> 0
A18: 1.8.1 | B18: MATERIALES PARA MORTERO 1:4 | C18: UNID. | D18: 0 | E18: 184440 | F18: =ROUND(D18*E18,0) -> 0
A19: 1.8.2 | B19: CAJA DE INSPECCION DE ALUMBRADO PUBLICO DE 40X40X70 CM, FUNDIDA EN CONCRETO DE 3000 PSI Y TAPA EN LAMINA ALFAJOR. | C19: UNID. | D19: 4 | E19: 228439 | F19: =ROUND(D19*E19,0) -> 913756
A20: 1.8.3 | B20: CAJA DE INSPECCION DE ALUMBRADO PUBLICO DE 70X70X70 CM, FUNDIDA EN CONCRETO DE 3000 PSI Y TAPA EN LAMINA ALFAJOR. | C20: UNID. | D20: 0 | E20: 355291 | F20: =ROUND(D20*E20,0) -> 0
A21: 1.8.4 | B21: MURETE PARA EQUIPO DE MEDIDA, EN MUROS CON LADRILLO PRENSADO A LA VISTA (0,65X0,50X1,60 MT) | C21: UNID. | D21: 0 | E21: 336295 | F21: =ROUND(D21*E21,0) -> 0
A22: 1.8.5 | B22: MURETE PARA EQUIPO DE MEDIDA Y CONTROL, EN MUROS CON LADRILLO PRENSADO A LA VISTA (1,03X0,53X1,75 MT) | C22: UNID. | D22: 2 | E22: 454009 | F22: =ROUND(D22*E22,0) -> 908018
A23: 1.8.6 | B23: PEDESTAL EN CONCRETO DE 3000 PSI, PARA SOPORTE DE POSTE METALICO. | C23: UNID. | D23: 0 | E23: 115697 | F23: =ROUND(D23*E23,0) -> 0
A24: 1.8.7 | B24: DEMOLICION Y CONSTRUCCION DE PLACA EN CONCRETO DE 3000 PSI, A=0,40MT-E=0,10MT Y RETIRO DE SOBRANTES. | C24: ML | D24: 0 | E24: 114427 | F24: =ROUND(D24*E24,0) -> 0
A25: 1.8.8 | B25: EXCAVACION MANUAL. | C25: M3 | D25: 60 | E25: 30150 | F25: =ROUND(D25*E25,0) -> 1809000
A26: 1.9 | B26: CANALIZACION EN DUCTOS CONDUIT PVC TIPO PESADO, DOS DUCTOS DE 2" PARA BAJA TENSION. INCLUYE COMPACTACION Y TAPADA DE BRECHA. A=0,40 MT. | C26: ML | D26: 60 | E26: 33466 | F26: =ROUND(D26*E26,0) -> 2007960
A27: 1.10 | B27: CANALIZACION EN DUCTOS CONDUIT EMT DE 11/4" PARA BAJA TENSION. INCLUYE FIJACION. | C27: ML | D27: 160 | E27: 36689 | F27: =ROUND(D27*E27,0) -> 5870240
B28: SUBTOTAL | F28: =SUM(F5:F27) -> 11564944
A30: CAP2 | B30: ACOMETIDAS, REDES AÉREAS DE BAJA TENSION | C30: UND | D30: CANT. | E30: V.UNIT. | F30: V.TOTAL
A31: 2.1 | B31: VESTIDA DE ESTRUCTURA DE PASO SENCILLA EN BAJA TENSIÒN CON GRAPA DE SUSPENSION PARA CABLE TRENZADO Y PERNO DE GANCHO ABIERTO | C31: UND | E31: 40502 | F31: =ROUND(D31*E31,0) -> 0
A32: 2.1.1 | B32: VESTIDA DE ESTRUCTURA DE PASO SENCILLA EN BAJA TENSIÒN PARA RED ABIERTA | C32: UND | D32: 0 | E32: 88893 | F32: =ROUND(D32*E32,0) -> 0
A33: 2.1.2 | B33: VESTIDA DE ESTRUCTURA DE PASO SENCILLA EN BAJA TENSIÒN CON GRAPA DE SUSPENSION PARA CABLE TRENZADO Y PERCHA DE GANCHO ABIERTO | C33: UND | D33: 0 | E33: 52499 | F33: =ROUND(D33*E33,0) -> 0
A34: 2.2 | B34: VESTIDA DE ESTRUCTURA DE RETENCION EN BAJA TENSIÒN CON GRAPA DE RETENCION PARA CABLE TRENZADO Y PERNO DE GANCHO ABIERTO | C34: UND | D34: 0 | E34: 117539 | F34: =ROUND(D34*E34,0) -> 0
A35: 2.3 | B35: VESTIDA DE ESTRUCTURA DE RETENCION EN BAJA TENSIÒN CON GRAPA DE RETENCION PARA CABLE TRENZADO Y PERCHA DE GANCHO ABIERTO PARA CONEXIÓN A RED DESNUDA | C35: UND | D35: 0 | E35: 64882 | F35: =ROUND(D35*E35,0) -> 0
A36: 2.3.1 | B36: VESTIDA DE ESTRUCTURA DE RETENCION EN BAJA TENSIÒN CON GRAPA DE RETENCION PARA CABLE TRENZADO Y PERCHA DE GANCHO ABIERTO PARA CONEXIÓN A RED TRENZADA | C36: UND | E36: 56540 | F36: =ROUND(D36*E36,0) -> 0
A37: 2.4 | B37: VESTIDA DE ESTRUCTURA DE RETENCION EN BAJA TENSIÒN CON CUATRO GRAPAS DE RETENCION PARA CABLE TRENZADO CON PERCHA DE GANCHO ABIERTO Y PERNO DE GANCHO ABIERTO | C37: UND | D37: 0 | E37: 181530 | F37: =ROUND(D37*E37,0) -> 0
A38: 2.5 | B38: TENDIDO Y TENSIONADO EN CONDUCTOR DE ALUMINIO AISLADO 3 No. 4 THHW 600 VAC | C38: UND | D38: 220 | E38: 12650 | F38: =ROUND(D38*E38,0) -> 2783000
A39: 2.6 | B39: INSTALACION DE LUMINARIA TIPO ALUMBRADO PUBLICO DE 70W DE POTENCIA, REPARTO ASIMETRICO, INTENSIDAD COMO MINIMO 470 CANDELAS, CON UN ANGULO DE APERTURA NO MINIMO A 63º IP66 TANTO EN BLOQUE OPTICO COMO EN BLOQUE ELECTRICO, IK 08, CUERPO Y CUBIERTA EN INYECCION DE ALUMINIO, VIDRIO POLICURVO TEMPLADO DE SEGURIDAD, SISTEMA DE APERTURA CON UN CLIP PROVISTO DE SISTEMA DE SEGURIDAD PARA EVITAR LA APERTURA DE LA LUMINARIA, CON TORNILLOS ESPECIALES Y SISTEMA ANTIROBO PARA EVITAR LA EXTRACCION DE LA LUMINARIA DEL BRAZO, INCLUYE BASE PARA FOTOCELDA Y BALASTRO. CONECTORES DE PERFORACIÓN, BRAZO GALVANIZADO Y COLLARÍN DE 4" A 5" PARA POSTE DE CONCRETO DE 8MTS 510KG/F | C39: UND | D39: 0 | E39: 559654 | F39: =ROUND(D39*E39,0) -> 0
A40: 2,6.1 | B40: INSTALACION DE 2 LUMINARIAS TIPO ALUMBRADO PUBLICO DE 70W DE POTENCIA, REPARTO ASIMETRICO, INTENSIDAD COMO MINIMO 470 CANDELAS, CON UN ANGULO DE APERTURA NO MINIMO A 63º IP66 TANTO EN BLOQUE OPTICO COMO EN BLOQUE ELECTRICO, IK 08, CUERPO Y CUBIERTA EN INYECCION DE ALUMINIO, VIDRIO POLICURVO TEMPLADO DE SEGURIDAD, SISTEMA DE APERTURA CON UN CLIP PROVISTO DE SISTEMA DE SEGURIDAD PARA EVITAR LA APERTURA DE LA LUMINARIA, CON TORNILLOS ESPECIALES Y SISTEMA ANTIROBO PARA EVITAR LA EXTRACCION DE LA LUMINARIA DEL BRAZO, INCLUYE BASE PARA FOTOCELDA Y BALASTRO. CONECTORES DE PERFORACIÓN, BRAZO GALVANIZADO Y COLLARÍN DE 4" A 5" PARA POSTE DE CONCRETO DE 8MTS 510KG/F | C40: UND | D40: 0 | E40: 1028562 | F40: =ROUND(D40*E40,0) -> 0
A41: 2,6,2 | B41: INSTALACION DE LUMINARIA TIPO ALUMBRADO PUBLICO DE 70W DE POTENCIA, REPARTO ASIMETRICO, INTENSIDAD COMO MINIMO 470 CANDELAS, CON UN ANGULO DE APERTURA NO MINIMO A 63º IP66 TANTO EN BLOQUE OPTICO COMO EN BLOQUE ELECTRICO, IK 08, CUERPO Y CUBIERTA EN INYECCION DE ALUMINIO, VIDRIO POLICURVO TEMPLADO DE SEGURIDAD, SISTEMA DE APERTURA CON UN CLIP PROVISTO DE SISTEMA DE SEGURIDAD PARA EVITAR LA APERTURA DE LA LUMINARIA, CON TORNILLOS ESPECIALES Y SISTEMA ANTIROBO PARA EVITAR LA EXTRACCION DE LA LUMINARIA DEL BRAZO, INCLUYE BASE PARA FOTOCELDA Y BALASTRO. CONECTORES DBH, BRAZO GALVANIZADO Y COLLARÍN DE 4" A 5" PARA POSTE DE CONCRETO DE 8MTS 510KG/F EN RED DESNUDA. | C41: UND | D41: 0 | E41: 529156 | F41: =ROUND(D41*E41,0) -> 0
A42: 2.7 | B42: INSTALACION DE LUMINARIA TIPO ALUMBRADO PUBLICO DE 70W DE POTENCIA, REPARTO ASIMETRICO, INTENSIDAD COMO MINIMO 470 CANDELAS, CON UN ANGULO DE APERTURA NO MINIMO A 63º IP66 TANTO EN BLOQUE OPTICO COMO EN BLOQUE ELECTRICO, IK 08, CUERPO Y CUBIERTA EN INYECCION DE ALUMINIO, VIDRIO POLICURVO TEMPLADO DE SEGURIDAD, SISTEMA DE APERTURA CON UN CLIP PROVISTO DE SISTEMA DE SEGURIDAD PARA EVITAR LA APERTURA DE LA LUMINARIA, CON TORNILLOS ESPECIALES Y SISTEMA ANTIROBO PARA EVITAR LA EXTRACCION DE LA LUMINARIA DEL BRAZO, INCLUYE BASE PARA FOTOCELDA Y BALASTRO. BRAZO GALVANIZADO Y COLLARÍN DE 5"A7" PARA POSTE DE CONCRETO DE 750KG/F O 1050KG/F | C42: UND | E42: 562938 | F42: =ROUND(D42*E42,0) -> 0
A43: 2.7.0 | B43: INSTALACION Y CABLEADO DE TRES REFLECTORES DE 400W DE POTENCIA, REPARTO ASIMETRICO, IP65 TANTO EN EL BLOQUE OPTICO COMO EN EL BLOQUE ELECTRICO, IK 08, CUERPO EN INYECCION DE ALUMINIO, VIDRIO TEMPLADO DE SEGURIDAD, SISTEMA DE APERTURA CON UN CLIP PROVISTO DE SISTEMA DE SEGURIDAD PARA EVITAR LA APERTURA DEL PROYECTOR, CON TORNILLOS ESPECIALES Y SISTEMA ANTIROBO PARA EVITAR LA EXTRACCION DEL PROYECTOR, INCLUYE BASE PARA FOTOCELDA Y BALASTRO. PARA RED TRENZADA AEREA | C43: UND | E43: 3905784 | F43: =ROUND(D43*E43,0) -> 0
A44: 2.7.1 | B44: INSTALACION Y CABLEADO DE DOS REFLECTORES DE 400W DE POTENCIA, REPARTO ASIMETRICO, IP65 TANTO EN EL BLOQUE OPTICO COMO EN EL BLOQUE ELECTRICO, IK 08, CUERPO EN INYECCION DE ALUMINIO, VIDRIO TEMPLADO DE SEGURIDAD, SISTEMA DE APERTURA CON UN CLIP PROVISTO DE SISTEMA DE SEGURIDAD PARA EVITAR LA APERTURA DEL PROYECTOR, CON TORNILLOS ESPECIALES Y SISTEMA ANTIROBO PARA EVITAR LA EXTRACCION DEL PROYECTOR, INCLUYE BASE PARA FOTOCELDA Y BALASTRO. PARA RED TRENZADA AEREA | C44: UND | E44: 2814072 | F44: =ROUND(D44*E44,0) -> 0
A45: 2.7.2 | B45: INSTALACION Y CABLEADO DE REFLECTOR DE 400W DE POTENCIA, REPARTO ASIMETRICO, IP65 TANTO EN EL BLOQUE OPTICO COMO EN EL BLOQUE ELECTRICO, IK 08, CUERPO EN INYECCION DE ALUMINIO, VIDRIO TEMPLADO DE SEGURIDAD, SISTEMA DE APERTURA CON UN CLIP PROVISTO DE SISTEMA DE SEGURIDAD PARA EVITAR LA APERTURA DEL PROYECTOR, CON TORNILLOS ESPECIALES Y SISTEMA ANTIROBO PARA EVITAR LA EXTRACCION DEL PROYECTOR, INCLUYE BASE PARA FOTOCELDA, BALASTRO Y FIJACION | C45: UND | D45: 16 | E45: 1352792 | F45: =ROUND(D45*E45,0) -> 21644672
A46: 2.7.3 | B46: INSTALACION Y CABLEADO DE LUMINARIA DE 150W DE POTENCIA, REPARTO ASIMETRICO, IP65 TANTO EN EL BLOQUE OPTICO COMO EN EL BLOQUE ELECTRICO, IK 08, CUERPO EN INYECCION DE ALUMINIO, PROTECTOR INYECTADO EN POLICARBONATO, SISTEMA DE APERTURA CON UN CLIP PROVISTO DE SISTEMA DE SEGURIDAD PARA EVITAR LA APERTURA DE LA LUMINARIA, CON TORNILLOS ESPECIALES Y SISTEMA ANTIROBO PARA EVITAR LA EXTRACCION DEL PROYECTOR, INCLUYE BASE PARA FOTOCELDA Y BALASTRO.. CONECTORES DE PERFORACIÓN, BRAZO GALVANIZADO Y COLLARÍN DE 5"A7" PARA POSTE DE CONCRETO DE 750KG/F O 1050KG/F | C46: UND | D46: 0 | E46: 848890 | F46: =ROUND(D46*E46,0) -> 0
A47: 2.7.4 | B47: INSTALACION Y CABLEADO DE DOS LUMINARIAS DE 150W DE POTENCIA, REPARTO ASIMETRICO, IP65 TANTO EN EL BLOQUE OPTICO COMO EN EL BLOQUE ELECTRICO, IK 08, CUERPO EN INYECCION DE ALUMINIO, PROTECTOR INYECTADO EN POLICARBONATO, SISTEMA DE APERTURA CON UN CLIP PROVISTO DE SISTEMA DE SEGURIDAD PARA EVITAR LA APERTURA DEL PROYECTOR, CON TORNILLOS ESPECIALES Y SISTEMA ANTIROBO PARA EVITAR LA EXTRACCION DEL PROYECTOR, INCLUYE BASE PARA FOTOCELDA Y BALASTRO.. CONECTORES DE PERFORACIÓN, BRAZO GALVANIZADOY COLLARÍN DE 5"A7" PARA POSTE DE CONCRETO DE 750KG/F O 1050KG/F | C47: UND | D47: 0 | E47: 1615268 | F47: =ROUND(D47*E47,0) -> 0
A48: 2.7.5 | B48: INSTALACION Y CABLEADO DE DOS LUMINARIAS DE 150W DE POTENCIA, REPARTO ASIMETRICO, IP65 TANTO EN EL BLOQUE OPTICO COMO EN EL BLOQUE ELECTRICO, IK 08, CUERPO EN INYECCION DE ALUMINIO, PROTECTOR INYECTADO EN POLICARBONATO, SISTEMA DE APERTURA CON UN CLIP PROVISTO DE SISTEMA DE SEGURIDAD PARA EVITAR LA APERTURA DEL PROYECTOR, CON TORNILLOS ESPECIALES Y SISTEMA ANTIROBO PARA EVITAR LA EXTRACCION DEL PROYECTOR, INCLUYE BASE PARA FOTOCELDA Y BALASTRO.. CONECTORES DE PERFORACIÓN, PARA POSTE METALICO CON BRAZO DE 2". | C48: UND | D48: 0 | E48: 1206275 | F48: =ROUND(D48*E48,0) -> 0
A49: 2.7,6 | B49: INSTALACION Y CABLEADO DE LUMINARIA DE 150W DE POTENCIA, REPARTO ASIMETRICO, IP65 TANTO EN EL BLOQUE OPTICO COMO EN EL BLOQUE ELECTRICO, IK 08, CUERPO EN INYECCION DE ALUMINIO, PROTECTOR INYECTADO EN POLICARBONATO, SISTEMA DE APERTURA CON UN CLIP PROVISTO DE SISTEMA DE SEGURIDAD PARA EVITAR LA APERTURA DEL PROYECTOR, CON TORNILLOS ESPECIALES Y SISTEMA ANTIROBO PARA EVITAR LA EXTRACCION DE LA LUMINARIA, INCLUYE BASE PARA FOTOCELDA Y BALASTRO.. CONECTORES DE PERFORACIÓN, PARA POSTE METALICO CON BRAZO DE 2". | C49: UND | D49: 0 | E49: 1043376 | F49: =ROUND(D49*E49,0) -> 0
A50: 2.7.7 | B50: INSTALACION Y CABLEADO DE DOS LUMINARIAS DE 150W DE POTENCIA, REPARTO ASIMETRICO, IP65 TANTO EN EL BLOQUE OPTICO COMO EN EL BLOQUE ELECTRICO, IK 08, CUERPO EN INYECCION DE ALUMINIO, PROTECTOR INYECTADO EN POLICARBONATO, SISTEMA DE APERTURA CON UN CLIP PROVISTO DE SISTEMA DE SEGURIDAD PARA EVITAR LA APERTURA DEL PROYECTOR, CON TORNILLOS ESPECIALES Y SISTEMA ANTIROBO PARA EVITAR LA EXTRACCION DE LA LUMINARIA, INCLUYE BASE PARA FOTOCELDA Y BALASTRO.. CONECTORES DE PERFORACIÓN, PARA POSTE DE CONCRETO DE 12M CON BRAZO DE 2". | C50: UND | D50: 0 | E50: 1253348 | F50: =ROUND(D50*E50,0) -> 0
A51: 2.7.8 | B51: INSTALACION Y CABLEADO DE LUMINARIA TIPO ALUMBRADO PUBLICO DE 250W DE POTENCIA, REPARTO ASIMETRICO, IP66 TANTO EN BLOQUE OPTICO COMO EN BLOQUE ELECTRICO, IK 08, CUERPO Y CUBIERTA EN INYECCION DE ALUMINIO, VIDRIO POLICURVO TEMPLADO DE SEGURIDAD, SISTEMA DE APERTURA CON UN CLIP PROVISTO DE SISTEMA DE SEGURIDAD PARA EVITAR LA APERTURA DE LA LUMINARIA, CON TORNILLOS ESPECIALES Y SISTEMA ANTIROBO PARA EVITAR LA EXTRACCION DE LA LUMINARIA DEL BRAZO, INCLUYE BASE PARA FOTOCELDA Y BALASTRO. SE DEBE CUMPLIR COMO MINIMO UN NIVEL DE ILUMINANCIA DE 0,8 CD/M2 CON UNIFORMIDAD MINIMA DEL 40%, UNIFORMIDADES LONGITUDINALES SUPERIORES AL 50%, EL CUERPO DEBE SER PINTADO MEDIANTE PINTURA ELECTROSTATICA, PINTADA CON POLVO PROTEGIDO CONTRA RADIACION U.V. | C51: UND | D51: 0 | E51: 962937 | F51: =ROUND(D51*E51,0) -> 0
A52: 2.7.9 | B52: INSTALACION Y CABLEADO DE LUMINARIAS TIPO ALUMBRADO PUBLICO UNA DE 250W DE POTENCIA Y LA OTRA DE 70W DE POTENCIA, REPARTO ASIMETRICO, IP66 TANTO EN BLOQUE OPTICO COMO EN BLOQUE ELECTRICO, IK 08, CUERPO Y CUBIERTA EN INYECCION DE ALUMINIO, VIDRIO POLICURVO TEMPLADO DE SEGURIDAD, SISTEMA DE APERTURA CON UN CLIP PROVISTO DE SISTEMA DE SEGURIDAD PARA EVITAR LA APERTURA DE LA LUMINARIA, CON TORNILLOS ESPECIALES Y SISTEMA ANTIROBO PARA EVITAR LA EXTRACCION DE LA LUMINARIA DEL BRAZO, INCLUYE BASE PARA FOTOCELDA Y BALASTRO. SE DEBE CUMPLIR COMO MINIMO UN NIVEL DE ILUMINANCIA DE 0,8 CD/M2 CON UNIFORMIDAD MINIMA DEL 40%, UNIFORMIDADES LONGITUDINALES SUPERIORES AL 50%, EL CUERPO DEBE SER PINTADO MEDIANTE PINTURA ELECTROSTATICA, PINTADA CON POLVO PROTEGIDO CONTRA RADIACION U.V. | C52: UND | D52: 0 | E52: 1184562 | F52: =ROUND(D52*E52,0) -> 0
A53: 2.7.10 | B53: INSTALACION Y CABLEADO DE DOS LUMINARIAS TIPO ALUMBRADO PUBLICO DE 250W DE POTENCIA, REPARTO ASIMETRICO, IP66 TANTO EN BLOQUE OPTICO COMO EN BLOQUE ELECTRICO, IK 08, CUERPO Y CUBIERTA EN INYECCION DE ALUMINIO, VIDRIO POLICURVO TEMPLADO DE SEGURIDAD, SISTEMA DE APERTURA CON UN CLIP PROVISTO DE SISTEMA DE SEGURIDAD PARA EVITAR LA APERTURA DE LA LUMINARIA, CON TORNILLOS ESPECIALES Y SISTEMA ANTIROBO PARA EVITAR LA EXTRACCION DE LA LUMINARIA DEL BRAZO, INCLUYE BASE PARA FOTOCELDA Y BALASTRO. SE DEBE CUMPLIR COMO MINIMO UN NIVEL DE ILUMINANCIA DE 0,8 CD/M2 CON UNIFORMIDAD MINIMA DEL 40%, UNIFORMIDADES LONGITUDINALES SUPERIORES AL 50%, EL CUERPO DEBE SER PINTADO MEDIANTE PINTURA ELECTROSTATICA, PINTADA CON POLVO PROTEGIDO CONTRA RADIACION U.V. | C53: UND | D53: 0 | E53: 1819741 | F53: =ROUND(D53*E53,0) -> 0
A54: 2.8 | B54: SUMINISTRO E INSTALACIÓN DE PUESTA A TIERRA PARA ESTRUCTURA TERMINAL DE BAJA TENSION | C54: UND | E54: 168021 | F54: =ROUND(D54*E54,0) -> 0
A55: 2.9 | B55: VESTIDA DE ESTRUCTURA DE RETENCION EN BAJA TENSIÒN CON GRAPA DE RETENCION PARA CABLE TRENZADO CON PERNO DE GANCHO ABIERTO Y PERCHA DE GANCHO ABIERTO PARA ANGULOS INFERIORES A 135º. | C55: UND | D55: 0 | E55: 99633 | F55: =ROUND(D55*E55,0) -> 0
A56: 2.9.1 | B56: VESTIDA DE ESTRUCTURA DE RETENCION EN BAJA TENSIÒN CON GRAPA DE RETENCION PARA CABLE TRENZADO CON PERNO DE GANCHO ABIERTO Y PERCHA DE GANCHO ABIERTO PARA ANGULOS INFERIORES A 135º. | C56: UND | E56: 101893 | F56: =ROUND(D56*E56,0) -> 0
A57: 2.9,2 | B57: VESTIDA DE ESTRUCTURA DE RETENCION EN BAJA TENSIÒN CON GRAPA DE RETENCION PARA CABLE TRENZADO CON PERNO OJO Y CRUCETA METALICA DE 1 METRO PARA SACAR LA RED TRENZADA. | C57: UND | D57: 0 | E57: 280684 | F57: =ROUND(D57*E57,0) -> 0
F58: =ROUND(SUM(F31:F57),0) -> 24427672
A60: CAP3 | B60: PROTECCIONES - TRANSFORMADORES Y EQUIPOS DE MEDIDA | C60: UNID. | D60: CANT. | E60: V.UNIT. | F60: V.TOTAL
A61: 3.1 | B61: VESTIDA DE ESTRUCTURA R-514 PARA TRANSFORMADOR MONOFASICO | C61: UND | D61: 0 | E61: 1003121 | F61: =ROUND(E61*D61,0) -> 0
A62: 3.1.2 | B62: VESTIDA DE ESTRUCTURA CON LINEA DE MEDIA TENSION EXISTENTE PARA TRANSFORMADOR MONOFASICO | C62: UND | D62: 0 | E62: 694604 | F62: =ROUND(E62*D62,0) -> 0
A63: 3.1.3 | B63: VESTIDA DE ESTRUCTURA 510 AISLAMIENTO EN ESPIGO ANGULO DE 0º A 5º | C63: UND | D63: 0 | E63: 484969 | F63: =ROUND(E63*D63,0) -> 0
A64: 3.1.4 | B64: VESTIDA DE ESTRUCTURA R580 DERIVACION EN ESTRUCTURA HORIZONTAL | C64: UND | D64: 0 | E64: 1123340 | F64: =ROUND(E64*D64,0) -> 0
A65: 3.1.5 | B65: VESTIDA DE ESTRUCTURA 523 DISPOSICION SEMI BANDERA CIRCUITO TRIFASICO ANGULO DE 0 A 5 | C65: UND | D65: 0 | E65: 497436 | F65: =ROUND(E65*D65,0) -> 0
A66: 3.2 | B66: TENDIDO Y TENSIONADO DE LINEA DE MEDIA TENSION PARA ALIMENTACION DE TRANSFORMADOR MONOFASICO PROYECTADO | C66: ML | D66: 0 | E66: 6100 | F66: =ROUND(E66*D66,0) -> 0
A67: 3.3 | B67: SUMINISTRO E INSTALACION DE TRANSFORMADOR MONOFASICO 5 KVA CON PROTECCIONES Y PUESTA A TIERRA | C67: UND | D67: 0 | E67: 4370364 | F67: =ROUND(E67*D67,0) -> 0
A68: 3.3.1 | B68: SUMINISTRO E INSTALACION DE TRANSFORMADOR MONOFASICO 10 KVA CON PROTECCIONES Y PUESTA A TIERRA | C68: UND | D68: 0 | E68: 4979222 | F68: =ROUND(E68*D68,0) -> 0
A69: 3.4 | B69: VESTIDA DE ESTRUCTURA R-514 PARA ARRANQUE DE LINEA DE MEDIA TENSION | C69: UND | D69: 0 | E69: 780801 | F69: =ROUND(E69*D69,0) -> 0
A70: 3.5 | B70: VESTIDA DE ESTRUCTURA CON COLLARIN GALVANIZADO DE SEGURIDAD SIN SALIDA DE 4" A 6" CON VARILLAS DE 1/2" X 0,5 MTS | C70: UND | E70: 60413 | F70: =ROUND(E70*D70,0) -> 0
A71: SUBTOTAL | F71: =ROUND(SUM(F61:F70),0) -> 0
A73: CAP4 | B73: ACOMETIDAS, REDES SUBTERRANEAS DE BAJA TENSION | C73: UNID. | D73: CANT. | E73: V.UNIT. | F73: V.TOTAL
A74: 4.1 | B74: SUMINISTRO E INSTALACION DE ACOMETIDA EN B.T EN RED ABIERTA SIN MEDIDA HASTA CAJA DE REPARTO | C74: UND | D74: 0 | E74: 710676 | F74: =ROUND(E74*D74,0) -> 0
A75: 4.2 | B75: SUMINISTRO E INSTALACION DE ACOMETIDA CON MEDIDA HASTA MURETE DE CONCRETO | C75: UND | D75: 0 | E75: 0 | F75: =ROUND(E75*D75,0) -> 0
A76: 4.3 | B76: SUMINISTRO E INSTALACION DE ACOMETIDA CON MEDIDA Y CONTROL EN EL MURETE DE CONCRETO | C76: UND | D76: 0 | E76: 3597377 | F76: =ROUND(E76*D76,0) -> 0
A77: 4.3.1 | B77: SUMINISTRO - INSTALACION Y CABLEADO DE MEDIDA DIRECTA EN POSTE | C77: UND | D77: 2 | E77: 1516361 | F77: =ROUND(E77*D77,0) -> 3032722
A78: 4.3.2 | B78: SUMINISTRO - INSTALACION Y CABLEADO EN POSTE DE CONTROL PARA LUMINARIAS | C78: UND | D78: 2 | E78: 2743659 | F78: =ROUND(E78*D78,0) -> 5487318
A79: 4.4 | B79: SUMINISTRO E INSTALACION DE CABLEADO PARA RED DE DISTRIBUCION PRINCIPAL EN DUCTO SUBTERRANEO | C79: ML | D79: 0 | E79: 10836 | F79: =ROUND(E79*D79,0) -> 0
A80: 4.5 | B80: INSTALACION Y CABLEADO DE DOS LUMINARIAS TIPO ALUMBRADO PUBLICO DE 70W DE POTENCIA, REPARTO ASIMETRICO, INTENSIDAD COMO MINIMO 470 CANDELAS, CON UN ANGULO DE APERTURA NO MINIMO A 63º IP66 TANTO EN BLOQUE OPTICO COMO EN BLOQUE ELECTRICO, IK 08, CUERPO Y CUBIERTA EN INYECCION DE ALUMINIO, VIDRIO POLICURVO TEMPLADO DE SEGURIDAD, SISTEMA DE APERTURA CON UN CLIP PROVISTO DE SISTEMA DE SEGURIDAD PARA EVITAR LA APERTURA DE LA LUMINARIA, CON TORNILLOS ESPECIALES Y SISTEMA ANTIROBO PARA EVITAR LA EXTRACCION DE LA LUMINARIA DEL BRAZO, INCLUYE BASES PARA FOTOCELDA Y BALASTROS. | C80: UND | D80: 0 | E80: 934261 | F80: =ROUND(E80*D80,0) -> 0
A81: 4.5.0 | B81: INSTALACION Y CABLEADO DE LUMINARIA TIPO ALUMBRADO PUBLICO DE 70W DE POTENCIA, REPARTO ASIMETRICO, INTENSIDAD COMO MINIMO 470 CANDELAS, CON UN ANGULO DE APERTURA NO MINIMO A 63º IP66 TANTO EN BLOQUE OPTICO COMO EN BLOQUE ELECTRICO, IK 08, CUERPO Y CUBIERTA EN INYECCION DE ALUMINIO, VIDRIO POLICURVO TEMPLADO DE SEGURIDAD, SISTEMA DE APERTURA CON UN CLIP PROVISTO DE SISTEMA DE SEGURIDAD PARA EVITAR LA APERTURA DE LA LUMINARIA, CON TORNILLOS ESPECIALES Y SISTEMA ANTIROBO PARA EVITAR LA EXTRACCION DE LA LUMINARIA DEL BRAZO, INCLUYE BASES PARA FOTOCELDA Y BALASTRO. | C81: UND | D81: 0 | E81: 528704 | F81: =ROUND(E81*D81,0) -> 0
A82: 4.5.1 | B82: INSTALACION Y CABLEADO DE TRES LUMINARIAS TIPO ALUMBRADO PUBLICO DE 70W DE POTENCIA, REPARTO ASIMETRICO, INTENSIDAD COMO MINIMO 470 CANDELAS, CON UN ANGULO DE APERTURA NO MINIMO A 63º IP66 TANTO EN BLOQUE OPTICO COMO EN BLOQUE ELECTRICO, IK 08, CUERPO Y CUBIERTA EN INYECCION DE ALUMINIO, VIDRIO POLICURVO TEMPLADO DE SEGURIDAD, SISTEMA DE APERTURA CON UN CLIP PROVISTO DE SISTEMA DE SEGURIDAD PARA EVITAR LA APERTURA DE LA LUMINARIA, CON TORNILLOS ESPECIALES Y SISTEMA ANTIROBO PARA EVITAR LA EXTRACCION DE LA LUMINARIA DEL BRAZO, INCLUYE BASES PARA FOTOCELDA Y BALASTROS. | C82: UND | D82: 0 | E82: 1455941 | F82: =ROUND(E82*D82,0) -> 0
A83: 4.5.2 | B83: INSTALACION Y CABLEADO DE DOS REFLECTORES DE 400W DE POTENCIA, REPARTO ASIMETRICO, IP65 TANTO EN EL BLOQUE OPTICO COMO EN EL BLOQUE ELECTRICO, IK 08, CUERPO EN INYECCION DE ALUMINIO, VIDRIO TEMPLADO DE SEGURIDAD, SISTEMA DE APERTURA CON UN CLIP PROVISTO DE SISTEMA DE SEGURIDAD PARA EVITAR LA APERTURA DEL PROYECTOR, CON TORNILLOS ESPECIALES Y SISTEMA ANTIROBO PARA EVITAR LA EXTRACCION DEL PROYECTOR, INCLUYE BASE PARA FOTOCELDA Y BALASTRO. | C83: UND | D83: 0 | E83: 3146594 | F83: =ROUND(E83*D83,0) -> 0
A84: 4.5.3 | B84: REFLECTOR DE 250W DE POTENCIA, REPARTO ASIMETRICO, IP65 TANTO EN EL BLOQUE OPTICO COMO EN EL BLOQUE ELECTRICO, IK 08, CUERPO EN INYECCION DE ALUMINIO, VIDRIO TEMPLADO DE SEGURIDAD, SISTEMA DE APERTURA CON UN CLIP PROVISTO DE SISTEMA DE SEGURIDAD PARA EVITAR LA APERTURA DEL PROYECTOR, CON TORNILLOS ESPECIALES Y SISTEMA ANTIROBO PARA EVITAR LA EXTRACCION DEL PROYECTOR,CON UNIFORMIDAD MINIMA DEL 40%, UNIFORMIDADES LONGITUDINALES SUPERIORES AL 50%, EL CUERPO DEBE SER PINTADO MEDIANTE PINTURA ELECTROSTATICA, PINTADA CON POLVO PROTEGIDO CONTRA RADIACION U.V., INCLUYE BASE PARA FOTOCELDA Y BALASTRO | C84: UND | D84: 0 | E84: 1835913 | F84: =ROUND(E84*D84,0) -> 0
A85: 4.5.3.1 | B85: INSTALACION Y CABLEADO DE REFLECTOR DE 150W DE POTENCIA, REPARTO ASIMETRICO, IP65 TANTO EN EL BLOQUE OPTICO COMO EN EL BLOQUE ELECTRICO, IK 08, CUERPO EN INYECCION DE ALUMINIO, SISTEMA DE APERTURA PROVISTO DE SISTEMA DE SEGURIDAD PARA EVITAR LA APERTURA DEL PROYECTOR, CON TORNILLOS ESPECIALES Y SISTEMA ANTIROBO PARA EVITAR LA EXTRACCION DEL PROYECTOR, INCLUYE BASE PARA FOTOCELDA Y BALASTRO. | C85: UND | D85: 0 | E85: 1181194 | F85: =ROUND(E85*D85,0) -> 0
... A91: 4.6.3 | B91: SUMINISTRO E INSTALACION DE POSTE TIPO PEDESTAL CON TRES BRAZOS, 4,10 M DE ALTURA EN TUBO METALICO DE 3" Y TRES BRAZOS DE 1 1/4" DE 0,90 MTS DE LARGO SEGÚN DISEÑO CON DOBLE PLATINA DE 1/4" DE 30X30 CON PIE DE AMIGO EN PLATINA A TUBO Y 4 PERNOS DE 5/8" CON SUS RESPECTIVOS ANCLAJES, PINTADO EN ANTICORROSIVO Y PINTURA ELECTROSTATICA EN COLOR DESEADO. | C91: UND | D91: 0 | E91: 1161000 | F91: =ROUND(E91*D91,0) -> 0
A92: SUBTOTAL | F92: =ROUND(SUM(F74:F91),0) -> 8520040
B95: SUBTOTAL COSTO DIRECTO DEL PRESUPUESTO | F95: =F71+F58+F28+F92 -> 44512656
A97: OTROS COSTOS DEL PROYECTO
A99: CAP5 | B99: DISEÑOS Y TRAMITES | C99: UND | D99: CANT. | E99: V.UNIT. | F99: V.TOTAL
A100: 5.1 | B100: APROBACION DE PLANOS Y LEGALIZACION DE OBRA | C100: GL | D100: 2 | E100: 400222 | F100: =ROUND(E100*D100,0) -> 800444
B101: SUBTOTAL DISEÑOS Y TRAMITES | F101: =SUM(F100) -> 800444
A103: SUBTOTAL COSTO DIRECTO DEL PRESUPUESTO | F103: =F101+F95 -> 45313100
B106: TOTAL COSTO DIRECTO DEL PRESUPUESTO | F106: =F103 -> 45313100
B108: A.I.U. 25% | F108: =ROUND(F106*25%,0) -> 11328275
B109: ADMINISTRACIÓN | C109: 0.12 | E109: =ROUND(F106*C109,0) -> 5437572
B110: IMPREVISTOS | C110: 0.04 | E110: =ROUND(F106*C110,0) -> 1812524
B111: UTILIDADES | C111: 0.09 | E111: =ROUND(F106*C111,0) -> 4078179
B112: IVA DEL 16% SOBRE LA UTILIDAD
C114: VALOR TOTAL ($) | F114: =SUM(F112+F108+F106) -> 56641375

Sheet PRESUPUESTO ELECTRICO BIBLIO
A1: MUNICIPIO DE NEIVA DEPARTAMENTO DEL HUILA
A3: PRESUPUESTO OBRAS ELECTRICAS AUDITORIO Y BIBLIOTECA PEÑO REDONDO NEIVA - HUILA
A4: ITEM | B4: DESCRIPCION | C4: UND | D4: CANT | E4: V/UNITARIO | F4: VALOR TOTAL
A5: 1 | B5: RED ELECTRICA DE FUERZA
A6: 1.1 | B6: LÁMPARA 2X48W | C6: UN | D6: 28 | E6: ='APUS FASE 1'!H46 -> 220000 | F6: =E6*D6 -> 6160000
A7: 1.2 | B7: LÁMPARA 2X32W | C7: UN | D7: 24 | E7: ='APUS FASE 1'!H96 -> 189475 | F7: =E7*D7 -> 4547400
A8: 1.3 | B8: BALA 50W AHORRADORA | C8: UN | D8: 36 | E8: ='APUS FASE 1'!H148 -> 112457 | F8: =E8*D8 -> 4048452
A9: 1.4 | B9: LAMPARA DE TECHO 25W AHORRADORA | C9: UN | D9: 12 | E9: ='APUS FASE 1'!H200 -> 79120 | F9: =E9*D9 -> 949440
A10: 1.5 | B10: TABLERO DE DISTRIBUCION DE 12 CTS | C10: UN | D10: 7 | E10: ='APUS FASE 1'!H248 -> 1154660 | F10: =E10*D10 -> 8082620
A11: 1.6 | B11: LAMPARA DE PISO 25 W | C11: UN | D11: 0 | E11: 0 | F11: =E11*D11 -> 0
A12: 1.7 | B12: LAMPARA APLIQUE MURO 25W | C12: UN | D12: 10 | E12: ='APUS FASE 1'!H299 -> 97721 | F12: =E12*D12 -> 977210
A13: 1.8 | B13: LÁMPARA DE SODIO 70W | C13: UN | D13: 0 | E13: ='APUS FASE 1'!H351 -> 575108 | F13: =E13*D13 -> 0
A14: 1.9 | B14: TOMA NORMAL 100W CON POLO A TIERRA. | C14: UN | D14: 88 | E14: ='APUS FASE 1'!H403 -> 67360 | F14: =E14*D14 -> 5927680
A15: 1.1 | B15: TOMA ESPECIAL 110/220 CON POLO A TIERRA. | C15: UN | D15: 3 | E15: ='APUS FASE 1'!H455 -> 75225 | F15: =E15*D15 -> 225675
A16: 1.11 | B16: TOMA GFCI 100W | C16: GL | D16: 8 | E16: ='APUS FASE 1'!H507 -> 89935 | F16: =E16*D16 -> 719480
A17: 1.12 | B17: TOMA REGULADA 300W | C17: GL | D17: 38 | E17: ='APUS FASE 1'!H559 -> 112282 | F17: =E17*D17 -> 4266716
A18: 1.13 | B18: AIRES ACONDICIONADOS | C18: GL | D18: 10 | E18: ='APUS FASE 1'!H611 -> 75225 | F18: =E18*D18 -> 752250
A19: 1.14 | B19: TOMA TRIFASICA. | C19: UN | D19: 2 | E19: ='APUS FASE 1'!H663 -> 57426 | F19: =E19*D19 -> 114852
A20: 1.15 | B20: TABLERO DE AUTOMÁTICOS TRIFÁSICO DE 18 CIRCUITOS | C20: GL | D20: 3 | E20: ='APUS FASE 1'!H714 -> 1323460 | F20: =E20*D20 -> 3970380
A21: 1.16 | B21: ACOMETIDA DE SUBESTACION A TABLERO GENERAL | C21: MT | D21: 50 | E21: ='APUS FASE 1'!H765 -> 123843 | F21: =E21*D21 -> 6192150
A22: 1.17 | B22: TABLERO GENERAL DE DISTRIBUCION | C22: UN | D22: 1 | E22: ='APUS FASE 1'!H816 -> 3976450 | F22: =E22*D22 -> 3976450
A23: 1.18 | B23: ACOMETIDA DE TABLERO GENERAL A TABLEROS DE DISTRUBUCION | C23: MT | D23: 100 | E23: ='APUS FASE 1'!H865 -> 63899 | F23: =E23*D23 -> 6389900
B25: SUBTOTAL | F25: =SUM(F6:F24) -> 57300655
A26: 2 | B26: INSTALACIÓN RED VOZ Y DATOS
A27: 2.1 | B27: TOMA DE DATOS CAT 6E | C27: UN | D27: 38 | E27: 491259 | F27: =E27*D27 -> 18667842
A28: 2.2 | B28: TOMA TELEFÓNICO RJ45 DE INCRUSTAR | C28: UN | D28: 38 | E28: 78332 | F28: =E28*D28 -> 2976616
A29: 2.5 | B29: SUMINISTRO E INSTALACION DE UPS de 6 KVA | C29: UN | D29: 1 | E29: 9512000 | F29: =E29*D29 -> 9512000
B30: SUBTOTAL | F30: =SUM(F27:F29) -> 31156458
A31: 3 | B31: CONTROL DE ILUMINACION
A32: 3.1 | B32: Interuptor y/o control de iluminacion sensillo S1 | C32: UN | D32: 40 | E32: ='APUS FASE 1'!H1116 -> 63925 | F32: =E32*D32 -> 2557000
A33: 3.2 | B33: Interuptor y/o control de iluminacion doble S2 | C33: UN | D33: 12 | E33: ='APUS FASE 1'!H1164 -> 74325 | F33: =E33*D33 -> 891900
A34: 3.3 | B34: Interuptor y/o control de iluminacion triple S3 | C34: UN | D34: 6 | E34: ='APUS FASE 1'!H1215 -> 84225 | F34: =E34*D34 -> 505350
A35: 3.4 | B35: Interuptor y/o control de iluminacion conmutable S4 | C35: UN | D35: 4 | E35: ='APUS FASE 1'!H1267 -> 84255 | F35: =E35*D35 -> 337020
B36: SUBTOTAL | F36: =SUM(F32:F35) -> 4291270
B38: TOTAL COSTOS DIRECTOS | F38: =ROUND((F30+F25+F36),0) -> 92748383
B39: ADMINISTRACIÓN | C39: 0.2 | F39: =ROUND((F38*C39),0) -> 18549677
B40: IMPREVISTOS | C40: 0.02 | F40: =ROUND((F38*C40),0) -> 1854968
B41: UTILIDADES | C41: 0.03 | F41: =ROUND((F38*C41),0) -> 2782451
B42: TOTAL PRESUPUESTO | F42: =SUM(F38:F41) -> 115935479

Sheet APUS  FASE 1
F1: No.
F2: ANALISIS DE PRECIOS UNITARIOS (APU)
A4: MUNICIPIO DE TARQUI | F4: =NOW() -> 46191.422
A6: 1 | B6: RED ELECTRICA DE FUERZA | G6: UNIDAD: | H6: UND
A7: 1.1 | B7: LÁMPARA 2X48 W
A10: I. EQUIPO
A11: REF. | C11: DESCRIPCION | E11: $ / DIA | F11: RENDIM. | G11: VALOR UNIT. | H11: VALOR PARC.
B12: Herramienta menor: | G12: 1200 | H12: =+G12 -> 1200
G15: Sub-Total: | H15: =ROUND(SUM(H12:H14),0) -> 1200
A17: II. MATERIALES EN LA OBRA
A18: REF. | C18: DESCRIPCION | E18: UNIDAD | F18: CANTIDAD | G18: VALOR UNIT. | H18: VALOR PARC.
B19: Cable de Cobre aislado THHN No. 12 AWG | E19: ml | F19: 30 | G19: 1500 | H19: =+ROUND(F19*G19,0) -> 45000
B20: Tuberia PVC tipo pesado de 1/2" | E20: ml | F20: 10 | G20: 1400 | H20: =+ROUND(F20*G20,0) -> 14000
B21: Caja plastica 5800 | E21: UND | F21: 1 | G21: 900 | H21: =+ROUND(F21*G21,0) -> 900
B22: curva PVC tipo pesado | E22: UND | F22: 4 | G22: 700 | H22: =+ROUND(F22*G22,0) -> 2800
B23: Luminaria aHorradora de 2x32 | E23: UND | F23: 1 | G23: 124450 | H23: =+ROUND(F23*G23,0) -> 124450
H26: =+ROUND(F26*G26,0) -> 0
G28: Sub-Total: | H28: =ROUND(SUM(H19:H27),0) -> 187150
A30: III. TRANSPORTE
A31: REF. | B31: MATERIAL | D31: Cant | E31: UND | F31: TARIFA | G31: VALOR UNIT. | H31: VALOR TOTAL
B32: materiales varios | D32: 0.005 | E32: ton | F32: 1 | G32: 380000 | H32: =+ROUND(D32*G32,0) -> 1900
G35: Sub-Total: | H35: =ROUND(SUM(H32:H34),0) -> 1900
A37: III. MANO DE OBRA
A38: CANT. | B38: TRABAJADOR | D38: JORNAL | E38: PREST. 75% | F38: J. TOTAL | G38: RENDIMIENTO | H38: VALOR UNIT.
A39: 1 | B39: Ingeniero Electricista | D39: 80000 | E39: =D39*75% -> 60000 | F39: =(D39+E39)*A39 -> 140000 | G39: 10 | H39: =+ROUND(F39/G39,0) -> 14000
A40: 1 | B40: Tecnico electricista T5 | D40: 40000 | E40: =D40*75% -> 30000 | F40: =(D40+E40)*A40 -> 70000 | G40: 10 | H40: =+ROUND(F40/G40,0) -> 7000
A41: 2 | B41: Alludante | D41: 25000 | E41: =D41*75% -> 18750 | F41: =(D41+E41)*A41 -> 87500 | G41: 10 | H41: =+ROUND(F41/G41,0) -> 8750
G44: Sub-Total: | H44: =ROUND(SUM(H39:H43),0) -> 29750
E46: TOTAL COSTO DIRECTO: | H46: =+ROUND(H15+H28+H35+H44,0) -> 220000
F52: No.
F53: ANALISIS DE PRECIOS UNITARIOS (APU)
A56: 1 | B56: RED ELECTRICA DE FUERZA | G56: UNIDAD: | H56: UND
A57: 1.2 | B57: LÁMPARA 2X32W
A60: I. EQUIPO
A61: REF. | C61: DESCRIPCION | E61: $ / DIA | F61: RENDIM. | G61: VALOR UNIT. | H61: VALOR PARC.
B62: Herramienta menor: | G62: 1200 | H62: =+G62 -> 1200
G65: Sub-Total: | H65: =ROUND(SUM(H62:H64),0) -> 1200
A67: II. MATERIALES EN LA OBRA
A68: REF. | C68: DESCRIPCION | E68: UNIDAD | F68: CANTIDAD | G68: VALOR UNIT. | H68: VALOR PARC.
B69: Cable de Cobre aislado THHN No. 12 AWG | E69: ml | F69: 30 | G69: 1500 | H69: =+ROUND(F69*G69,0) -> 45000
B70: Tuberia PVC tipo pesado de 1/2" | E70: ml | F70: 10 | G70: 1400 | H70: =+ROUND(F70*G70,0) -> 14000
B71: Caja plastica 5800 | E71: UND | F71: 1 | G71: 900 | H71: =+ROUND(F71*G71,0) -> 900
B72: curva PVC tipo pesado | E72: UND | F72: 4 | G72: 700 | H72: =+ROUND(F72*G72,0) -> 2800
B73: Luminaria ahorradora de 2x32 ermetica | E73: UND | F73: 1 | G73: 93925 | H73: =+ROUND(F73*G73,0) -> 93925
H76: =+ROUND(F76*G76,0) -> 0
G78: Sub-Total: | H78: =ROUND(SUM(H69:H77),0) -> 156625
A80: III. TRANSPORTE
A81: REF. | B81: MATERIAL | D81: Cant | E81: UND | F81: TARIFA | G81: VALOR UNIT. | H81: VALOR TOTAL
B82: materiales varios | D82: 0.005 | E82: ton | F82: 1 | G82: 380000 | H82: =+ROUND(D82*G82,0) -> 1900
G85: Sub-Total: | H85: =ROUND(SUM(H82:H84),0) -> 1900
A87: III. MANO DE OBRA
A88: CANT. | B88: TRABAJADOR | D88: JORNAL | E88: PREST. 75% | F88: J. TOTAL | G88: RENDIMIENTO | H88: VALOR UNIT.
A89: 1 | B89: Ingeniero Electricista | D89: 80000 | E89: =D89*75% -> 60000 | F89: =(D89+E89)*A89 -> 140000 | G89: 10 | H89: =+ROUND(F89/G89,0) -> 14000
A90: 1 | B90: Tecnico electricista T5 | D90: 40000 | E90: =D90*75% -> 30000 | F90: =(D90+E90)*A90 -> 70000 | G90: 10 | H90: =+ROUND(F90/G90,0) -> 7000
A91: 2 | B91: Alludante | D91: 25000 | E91: =D91*75% -> 18750 | F91: =(D91+E91)*A91 -> 87500 | G91: 10 | H91: =+ROUND(F91/G91,0) -> 8750
G94: Sub-Total: | H94: =ROUND(SUM(H89:H93),0) -> 29750
E96: TOTAL COSTO DIRECTO: | H96: =+ROUND(H65+H78+H85+H94,0) -> 189475
F104: No.
F105: ANALISIS DE PRECIOS UNITARIOS (APU)
A108: 1 | B108: RED ELECTRICA DE FUERZA | G108: UNIDAD: | H108: UND
A109: 1.3 | B109: BALA 50W AHORRADORA
A112: I. EQUIPO
A113: REF. | C113: DESCRIPCION | E113: $ / DIA | F113: RENDIM. | G113: VALOR UNIT. | H113: VALOR PARC.
B114: Herramienta menor: | G114: 1200 | H114: =+G114 -> 1200
G117: Sub-Total: | H117: =ROUND(SUM(H114:H116),0) -> 1200
A119: II. MATERIALES EN LA OBRA
A120: REF. | C120: DESCRIPCION | E120: UNIDAD | F120: CANTIDAD | G120: VALOR UNIT. | H120: VALOR PARC.
B121: Cable de Cobre aislado THHN No. 12 AWG | E121: ml | F121: 25 | G121: 1500 | H121: =+ROUND(F121*G121,0) -> 37500
B122: Tuberia PVC tipo pesado de 1/2" | E122: ml | F122: 9 | G122: 1400 | H122: =+ROUND(F122*G122,0) -> 12600
B123: Caja plastica 5800 | E123: UND | F123: 1 | G123: 1083 | H123: =+ROUND(F123*G123,0) -> 1083
B124: curva PVC tipo pesado | E124: UND | F124: 4 | G124: 700 | H124: =+ROUND(F124*G124,0) -> 2800
B125: Luminaria tipo bala | E125: UND | F125: 1 | G125: 30582 | H125: =+ROUND(F125*G125,0) -> 30582
H128: =+ROUND(F128*G128,0) -> 0
G130: Sub-Total: | H130: =ROUND(SUM(H121:H129),0) -> 84565
A132: III. TRANSPORTE
A133: REF. | B133: MATERIAL | D133: Cant | E133: UND | F133: TARIFA | G133: VALOR UNIT. | H133: VALOR TOTAL
B134: materiales varios | D134: 0.005 | E134: ton | F134: 1 | G134: 380000 | H134: =+ROUND(D134*G134,0) -> 1900
G137: Sub-Total: | H137: =ROUND(SUM(H134:H136),0) -> 1900
A139: III. MANO DE OBRA
A140: CANT. | B140: TRABAJADOR | D140: JORNAL | E140: PREST. 75% | F140: J. TOTAL | G140: RENDIMIENTO | H140: VALOR UNIT.
A141: 1 | B141: Ingeniero Electricista | D141: 80000 | E141: =D141*75% -> 60000 | F141: =(D141+E141)*A141 -> 140000 | G141: 12 | H141: =+ROUND(F141/G141,0) -> 11667
A142: 1 | B142: Tecnico electricista T5 | D142: 40000 | E142: =D142*75% -> 30000 | F142: =(D142+E142)*A142 -> 70000 | G142: 12 | H142: =+ROUND(F142/G142,0) -> 5833
A143: 2 | B143: Alludante | D143: 25000 | E143: =D143*75% -> 18750 | F143: =(D143+E143)*A143 -> 87500 | G143: 12 | H143: =+ROUND(F143/G143,0) -> 7292
G146: Sub-Total: | H146: =ROUND(SUM(H141:H145),0) -> 24792
E148: TOTAL COSTO DIRECTO: | H148: =+ROUND(H117+H130+H137+H146,0) -> 112457
F156: No.
F157: ANALISIS DE PRECIOS UNITARIOS (APU)
A160: 1 | B160: RED ELECTRICA DE FUERZA | G160: UNIDAD: | H160: UND
A161: 1.4 | B161: LAMPARA DE TECHO 25 w AHORRADORA
A164: I. EQUIPO
A165: REF. | C165: DESCRIPCION | E165: $ / DIA | F165: RENDIM. | G165: VALOR UNIT. | H165: VALOR PARC.
B166: Herramienta menor: | G166: 1200 | H166: =+G166 -> 1200
G169: Sub-Total: | H169: =ROUND(SUM(H166:H168),0) -> 1200
A171: II. MATERIALES EN LA OBRA
A172: REF. | C172: DESCRIPCION | E172: UNIDAD | F172: CANTIDAD | G172: VALOR UNIT. | H172: VALOR PARC.
B173: Cable de Cobre aislado THHN No. 12 AWG | E173: ml | F173: 25 | G173: 1500 | H173: =+ROUND(F173*G173,0) -> 37500
B174: Tuberia PVC tipo pesado de 1/2" | E174: ml | F174: 12 | G174: 1400 | H174: =+ROUND(F174*G174,0) -> 16800
B175: Caja plastica 5800 | E175: UND | F175: 1 | G175: 900 | H175: =+ROUND(F175*G175,0) -> 900
B176: curva PVC tipo pesado | E176: UND | F176: 4 | G176: 700 | H176: =+ROUND(F176*G176,0) -> 2800
B177: plafon de losa | E177: UND | F177: 1 | G177: 4665 | H177: =+ROUND(F177*G177,0) -> 4665
...

Sheet 5 - ESTRUCTURA - INDER 
A7: ALCALDIA DE NEIVA
A8: DEPENDENCIA CONTRATANTE
A10: OBJETO: PRECIOS UNITARIOS OFICIALES - ALCALDIA DE NEIVA | D10: ITEM: ACERO DE REFUERZO A-37 - Fy= 2400 Kg/cm2
D12: UNIDAD: | E12: KG
A13: I. EQUIPO
A14: Descripción | D14: Tarifa/Hora | E14: Rendimiento | F14: Valor-Unit.
A15: HERRAMIENTA MENOR. | D15: 2062.5 | E15: =+E32 -> 0.050071429 | F15: =+E15*D15 -> 103.27232
A17: SUB-TOTAL | G17: =SUM(F15:F16) -> 103.27232
A18: II. MATERIALES
A19: Descripción | C19: Unidad | D19: Precio-Unit. | E19: Cantidad | F19: Valor-Unit.
A20: ACERO Fy= 2400 Kg/cm2 | C20: KG | D20: 2650 | E20: 1.05 | F20: =+E20*D20 -> 2782.5
A21: ALAMBRE NEGRO No. 18 | C21: KG | D21: 3800 | E21: 0.08 | F21: =+E21*D21 -> 304
A22: SEGUETA (Sin marco) | C22: UND | D22: 3400 | E22: 0.05 | F22: =+E22*D22 -> 170
A24: SUB-TOTAL | F24: Sub-Total | G24: =SUM(F20:F23) -> 3256.5
A25: III. TRANSPORTES
A26: Descripción | C26: Unidad | D26: Precio-Unit. | E26: Cantidad | F26: Valor-Unit.
A27: VOLQUETA (5-6)M3 | C27: VJ | D27: 60714.286 | E27: 0 | F27: =D27*E27 -> 0
F28: =D28*E28 -> 0
A29: SUB-TOTAL | F29: Sub-Total | G29: =SUM(F28:F28) -> 0
A30: IV. MANO DE OBRA
A31: Trabajador | C31: Jornal/H-H | D31: Unidad | E31: Cantidad | F31: Valor-Unit.
A32: Oficial (Incl. Prestaciones) | C32: 7410.9601 | D32: 1 | E32: 0.050071429 | F32: =+(C32*D32)*E32 -> 371.07736
A33: Ayudante (Incl. Prestaciones) | C33: 4374.7824 | D33: 1 | E33: =+E32 -> 0.050071429 | F33: =+(C33*D33)*E33 -> 219.0516
A34: =+A29 -> SUB-TOTAL | F34: Sub-Total | G34: =SUM(F32:F33) -> 590.12896
A36: TOTAL UNITARIO | G36: =ROUND(G17+G24+G29+G34,0) -> 3950
A39: ALCALDIA DE NEIVA
A40: DEPENDENCIA CONTRATANTE
A42: OBJETO: PRECIOS UNITARIOS OFICIALES - ALCALDIA DE NEIVA | D42: ITEM: ACERO DE REFUERZO PR60 - Fy= 4200 Kg/cm2
D44: UNIDAD: | E44: KG
A45: I. EQUIPO
A46: Descripción | D46: Tarifa/Hora | E46: Rendimiento | F46: Valor-Unit.
A47: HERRAMIENTA MENOR. | D47: 2062.5 | E47: =+E64 -> 0.050071429 | F47: =+E47*D47 -> 103.27232
A49: SUB-TOTAL | G49: =SUM(F47:F48) -> 103.27232
A50: II. MATERIALES
A51: Descripción | C51: Unidad | D51: Precio-Unit. | E51: Cantidad | F51: Valor-Unit.
A52: ACERO Fy= 4200 Kg/cm2 | C52: KG | D52: 2650 | E52: 1.05 | F52: =+E52*D52 -> 2782.5
A53: ALAMBRE NEGRO No. 18 | C53: KG | D53: 3800 | E53: 0.08 | F53: =+E53*D53 -> 304
A54: SEGUETA (Sin marco) | C54: UND | D54: 3400 | E54: 0.05 | F54: =+E54*D54 -> 170
A56: SUB-TOTAL | F56: Sub-Total | G56: =SUM(F52:F55) -> 3256.5
A57: III. TRANSPORTES
A58: Descripción | C58: Unidad | D58: Precio-Unit. | E58: Cantidad | F58: Valor-Unit.
A59: VOLQUETA (5-6)M3 | C59: VJ | D59: 60714.286 | E59: 0 | F59: =D59*E59 -> 0
F60: =D60*E60 -> 0
A61: SUB-TOTAL | F61: Sub-Total | G61: =SUM(F60:F60) -> 0
A62: IV. MANO DE OBRA
A63: Trabajador | C63: Jornal/H-H | D63: Unidad | E63: Cantidad | F63: Valor-Unit.
A64: Oficial (Incl. Prestaciones) | C64: 7410.9601 | D64: 1 | E64: 0.050071429 | F64: =+(C64*D64)*E64 -> 371.07736
A65: Ayudante (Incl. Prestaciones) | C65: 4374.7824 | D65: 1 | E65: =+E64 -> 0.050071429 | F65: =+(C65*D65)*E65 -> 219.0516
A66: =+A61 -> SUB-TOTAL | F66: Sub-Total | G66: =SUM(F64:F65) -> 590.12896
A68: TOTAL UNITARIO | G68: =ROUND(G49+G56+G61+G66,0) -> 3950
A71: ALCALDIA DE NEIVA
A72: DEPENDENCIA CONTRATANTE
A74: OBJETO: PRECIOS UNITARIOS OFICIALES - ALCALDIA DE NEIVA | D74: ITEM: CONCRETO PARA ESCALERAS DE 3000 PSI
D76: UNIDAD: | E76: M3
A77: I. EQUIPO
A78: Descripción | D78: Tarifa/Hora | E78: Rendimiento | F78: Valor-Unit.
A79: HERRAMIENTA MENOR. | D79: 2062.5 | E79: =+E83 -> 1.5 | F79: =+E79*D79 -> 3093.75
A80: FORMALETA EN MADERA | C80: M2 | D80: 38462 | E80: 2 | F80: =+E80*D80 -> 76924
A81: TABLERO DE MADERA :.0.70 x 1.40 (CAMILLA) | D81: 350 | E81: 29 | F81: =+E81*D81 -> 10150
A82: TACO METÁLICO | D82: 450 | E82: 5 | F82: =+E82*D82 -> 2250
A83: VIBRADOR DE CONCRETO ELECTRICO O A GASOLINA. | D83: 7500 | E83: 1.5 | F83: =+E83*D83 -> 11250
A84: SUB-TOTAL | G84: =SUM(F79:F83) -> 103667.75
A85: II. MATERIALES
A86: Descripción | C86: Unidad | D86: Precio-Unit. | E86: Cantidad | F86: Valor-Unit.
A87: CONCRETO NORMAL - 3000 PSI (210 KG/CM2) | C87: M3 | D87: 382373 | E87: 1.03 | F87: =+E87*D87 -> 393844.19
A88: AGUA | C88: LT | D88: 40 | E88: 50 | F88: =+E88*D88 -> 2000
A91: SUB-TOTAL | F91: Sub-Total | G91: =SUM(F87:F90) -> 395844.19
A92: III. TRANSPORTES
A93: Descripción | C93: Unidad | D93: Precio-Unit. | E93: Cantidad | F93: Valor-Unit.
A94: VOLQUETA (5-6)M3 | C94: VJ | D94: 60714.286 | E94: 0 | F94: =D94*E94 -> 0
F95: =D95*E95 -> 0
A96: SUB-TOTAL | F96: Sub-Total | G96: =SUM(F95:F95) -> 0
A97: IV. MANO DE OBRA
A98: Trabajador | C98: Jornal/H-H | D98: Unidad | E98: Cantidad | F98: Valor-Unit.
A99: Oficial (Incl. Prestaciones) | C99: 7410.9601 | D99: 1 | E99: 10 | F99: =+(C99*D99)*E99 -> 74109.601
A100: Ayudante (Incl. Prestaciones) | C100: 4374.7824 | D100: 2 | E100: =+E99 -> 10 | F100: =+(C100*D100)*E100 -> 87495.647
A101: =+A96 -> SUB-TOTAL | F101: Sub-Total | G101: =SUM(F99:F100) -> 161605.25
A103: TOTAL UNITARIO | G103: =ROUND(G84+G91+G96+G101,0) -> 661117
A106: ALCALDIA DE NEIVA
A107: DEPENDENCIA CONTRATANTE
A109: OBJETO: PRECIOS UNITARIOS OFICIALES - ALCALDIA DE NEIVA | D109: ITEM: MURO PARA TANQUE EN CONCRETO ARMADO DE 3000 PSI - E=0.25 M
D111: UNIDAD: | E111: M3
A112: I. EQUIPO
A113: Descripción | D113: Tarifa/Hora | E113: Rendimiento | F113: Valor-Unit.
A114: HERRAMIENTA MENOR. | D114: 2062.5 | E114: =+E116 -> 1.25 | F114: =+E114*D114 -> 2578.125
A115: FORMALETA EN MADERA | C115: M2 | D115: 38462 | E115: 2 | F115: =+E115*D115 -> 76924
A116: VIBRADOR DE CONCRETO ELECTRICO O A GASOLINA. | D116: 7500 | E116: 1.25 | F116: =+E116*D116 -> 9375
A117: SUB-TOTAL | G117: =SUM(F114:F116) -> 88877.125
A118: II. MATERIALES
A119: Descripción | C119: Unidad | D119: Precio-Unit. | E119: Cantidad | F119: Valor-Unit.
A120: CONCRETO NORMAL - 3000 PSI (210 KG/CM2) | C120: M3 | D120: 382373 | E120: 1.03 | F120: =+E120*D120 -> 393844.19
A121: PLASTIMENT BV-40 (Plastificante) | C121: KG | D121: 7350 | E121: 1.7 | F121: =+E121*D121 -> 12495
A122: AGUA | C122: LT | D122: 40 | E122: 50 | F122: =+E122*D122 -> 2000
A124: SUB-TOTAL | F124: Sub-Total | G124: =SUM(F120:F123) -> 408339.19
A125: III. TRANSPORTES
A126: Descripción | C126: Unidad | D126: Precio-Unit. | E126: Cantidad | F126: Valor-Unit.
A127: VOLQUETA (5-6)M3 | C127: VJ | D127: 60714.286 | E127: 0 | F127: =D127*E127 -> 0
F128: =D128*E128 -> 0
A129: SUB-TOTAL | F129: Sub-Total | G129: =SUM(F128:F128) -> 0
A130: IV. MANO DE OBRA
...

Sheet PRES.GENERAL
D1: AGUAS DEL HUILA S.A. E.S.P.
B2: CONTRATO DE CONSULTORIA No. 059 DEL 01 DE MARZO DE 2021 CUYO OBJETO ES “CONTRATO DE CONSULTORIA PARA LA ELABORACION DE ESTUDIOS Y DISEÑOS PARA LA OPTIMIZACION DEL SISTEMA DE ACUEDUCTO DEL MUNICIPIO DE TESALIA”.
B3: PRESUPUESTO GENERAL DE OBRA
B4: ='M.CANTID.GENERAL'!A5 -> CAPITULO 1: ACUEDUCTO
F5: FECHA: | G5: AGOSTO/2024
B6: ITEM | C6: DESCRIPCION | D6: UND. | E6: CANT. | F6: VALOR UNITARIO | G6: VALOR TOTAL
B7: ='M.CANTID.GENERAL'!A7 -> 1.1. BOCATOMA - CAPTACION
B8: ='M.CANTID.GENERAL'!B9 -> 1.1.1. | C8: ='M.CANTID.GENERAL'!C9 -> CAPTACION QUEBRADA LA VENTA
C9: ='M.CANTID.GENERAL'!C10 -> OBRA CIVIL
B10: ='M.CANTID.GENERAL'!B12 -> 1.1.1.1. | C10: ='M.CANTID.GENERAL'!C12 -> #REF! | D10: ='M.CANTID.GENERAL'!P14 -> ML | E10: ='M.CANTID.GENERAL'!O14 -> 25 | F10: =#REF! -> #REF! | G10: =ROUND((+E10*F10),0) -> #REF!
B11: ='M.CANTID.GENERAL'!B15 -> 1.1.1.2. | C11: ='M.CANTID.GENERAL'!C15 -> #REF! | D11: ='M.CANTID.GENERAL'!P17 -> UND | E11: ='M.CANTID.GENERAL'!O17 -> 1 | F11: =#REF! -> #REF! | G11: =ROUND((+E11*F11),0) -> #REF!
B12: ='M.CANTID.GENERAL'!B18 -> 1.1.1.3. | C12: ='M.CANTID.GENERAL'!C18 -> #REF! | D12: ='M.CANTID.GENERAL'!P20 -> UND | E12: ='M.CANTID.GENERAL'!O20 -> 1 | F12: =#REF! -> #REF! | G12: =ROUND((+E12*F12),0) -> #REF!
B13: ='M.CANTID.GENERAL'!B21 -> 1.1.1.4. | C13: ='M.CANTID.GENERAL'!C21 -> #REF! | D13: ='M.CANTID.GENERAL'!P23 -> UND | E13: ='M.CANTID.GENERAL'!O23 -> 1 | F13: =#REF! -> #REF! | G13: =ROUND((+E13*F13),0) -> #REF!
B14: ='M.CANTID.GENERAL'!B24 -> 1.1.1.5. | C14: ='M.CANTID.GENERAL'!C24 -> #REF! | D14: ='M.CANTID.GENERAL'!P26 -> UND | E14: ='M.CANTID.GENERAL'!O26 -> 1 | F14: =#REF! -> #REF! | G14: =ROUND((+E14*F14),0) -> #REF!
B15: ='M.CANTID.GENERAL'!B27 -> 1.1.1.6. | C15: ='M.CANTID.GENERAL'!C27 -> #REF! | D15: ='M.CANTID.GENERAL'!P29 -> UND | E15: ='M.CANTID.GENERAL'!O29 -> 1 | F15: =#REF! -> #REF! | G15: =ROUND((+E15*F15),0) -> #REF!
B16: ='M.CANTID.GENERAL'!B30 -> 1.1.1.7. | C16: ='M.CANTID.GENERAL'!C30 -> #REF! | D16: ='M.CANTID.GENERAL'!P32 -> VIAJE | E16: ='M.CANTID.GENERAL'!O32 -> 20 | F16: =#REF! -> #REF! | G16: =ROUND((+E16*F16),0) -> #REF!
C17: ='M.CANTID.GENERAL'!C35 -> SUMINISTROS
B18: ='M.CANTID.GENERAL'!B36 -> 1.1.1.8. | C18: ='M.CANTID.GENERAL'!C36 -> #REF! | D18: ='M.CANTID.GENERAL'!P38 -> ML | E18: ='M.CANTID.GENERAL'!O38 -> 25 | F18: =#REF! -> #REF! | G18: =ROUND((+E18*F18),0) -> #REF!
B19: SUB-TOTAL OBRA CIVIL BOCATOMA-CAPTACION | G19: =SUM(G10:G16) -> #REF!
B20: SUB-TOTAL SUMINISTROS BOCATOMA-CAPTACION | G20: =SUM(G18) -> #REF!
B21: TOTAL: BOCATOMA | G21: =SUM(G19:G20) -> #REF! | I21: =G19+G20 -> #REF!
B22: ='M.CANTID.GENERAL'!A40 -> 1.2. ADUCCIONES
B23: ='M.CANTID.GENERAL'!B42 -> 1.2.1. | C23: ='M.CANTID.GENERAL'!C42 -> ADUCCION BOCATOMA - DESARENADOR
C24: ='M.CANTID.GENERAL'!C43 -> OBRA CIVIL
B25: ='M.CANTID.GENERAL'!B45 -> 1.2.1.1. | C25: ='M.CANTID.GENERAL'!C45 -> #REF! | D25: ='M.CANTID.GENERAL'!P47 -> ML | E25: ='M.CANTID.GENERAL'!O47 -> 166.98 | F25: =#REF! -> #REF! | G25: =ROUND((+E25*F25),0) -> #REF!
B26: ='M.CANTID.GENERAL'!B48 -> 1.2.1.2. | C26: ='M.CANTID.GENERAL'!C48 -> #REF! | D26: ='M.CANTID.GENERAL'!P50 -> M3 | E26: ='M.CANTID.GENERAL'!O50 -> 390.73 | F26: =#REF! -> #REF! | G26: =ROUND((+E26*F26),0) -> #REF!
B27: ='M.CANTID.GENERAL'!B51 -> 1.2.1.3. | C27: ='M.CANTID.GENERAL'!C51 -> #REF! | D27: ='M.CANTID.GENERAL'!P53 -> M3 | E27: ='M.CANTID.GENERAL'!O53 -> 77.27 | F27: =#REF! -> #REF! | G27: =ROUND((+E27*F27),0) -> #REF!
B28: ='M.CANTID.GENERAL'!B54 -> 1.2.1.4. | C28: ='M.CANTID.GENERAL'!C54 -> #REF! | D28: ='M.CANTID.GENERAL'!P56 -> M3-Km | E28: ='M.CANTID.GENERAL'!O56 -> 434.15 | F28: =#REF! -> #REF! | G28: =ROUND((+E28*F28),0) -> #REF!
B29: ='M.CANTID.GENERAL'!B57 -> 1.2.1.5. | C29: ='M.CANTID.GENERAL'!C57 -> #REF! | D29: ='M.CANTID.GENERAL'!P59 -> M3 | E29: ='M.CANTID.GENERAL'!O59 -> 303.9 | F29: =#REF! -> #REF! | G29: =ROUND((+E29*F29),0) -> #REF!
B30: ='M.CANTID.GENERAL'!B60 -> 1.2.1.6. | C30: ='M.CANTID.GENERAL'!C60 -> #REF! | D30: ='M.CANTID.GENERAL'!P62 -> ML | E30: ='M.CANTID.GENERAL'!O62 -> 166.98 | F30: =#REF! -> #REF! | G30: =ROUND((+E30*F30),0) -> #REF!
B31: ='M.CANTID.GENERAL'!B63 -> 1.2.1.7. | C31: ='M.CANTID.GENERAL'!C63 -> #REF! | D31: ='M.CANTID.GENERAL'!P65 -> UND | E31: ='M.CANTID.GENERAL'!O65 -> 1 | F31: =#REF! -> #REF! | G31: =ROUND((+E31*F31),0) -> #REF!
B32: ='M.CANTID.GENERAL'!B66 -> 1.2.1.8. | C32: ='M.CANTID.GENERAL'!C66 -> #REF! | D32: ='M.CANTID.GENERAL'!P68 -> UND | E32: ='M.CANTID.GENERAL'!O68 -> 2 | F32: =#REF! -> #REF! | G32: =ROUND((+E32*F32),0) -> #REF!
B33: ='M.CANTID.GENERAL'!B69 -> 1.2.1.9. | C33: ='M.CANTID.GENERAL'!C69 -> #REF! | D33: ='M.CANTID.GENERAL'!P71 -> UND | E33: ='M.CANTID.GENERAL'!O71 -> 1 | F33: =#REF! -> #REF! | G33: =ROUND((+E33*F33),0) -> #REF!
B34: ='M.CANTID.GENERAL'!B72 -> 1.2.1.10. | C34: ='M.CANTID.GENERAL'!C72 -> #REF! | D34: ='M.CANTID.GENERAL'!P74 -> UND | E34: ='M.CANTID.GENERAL'!O74 -> 2 | F34: =#REF! -> #REF! | G34: =ROUND((+E34*F34),0) -> #REF!
B35: ='M.CANTID.GENERAL'!B75 -> 1.2.1.11. | C35: ='M.CANTID.GENERAL'!C75 -> #REF! | D35: ='M.CANTID.GENERAL'!P77 -> UND | E35: ='M.CANTID.GENERAL'!O77 -> 1 | F35: =#REF! -> #REF! | G35: =ROUND((+E35*F35),0) -> #REF!
B36: ='M.CANTID.GENERAL'!B78 -> 1.2.1.12. | C36: ='M.CANTID.GENERAL'!C78 -> #REF! | D36: ='M.CANTID.GENERAL'!P80 -> ML | E36: ='M.CANTID.GENERAL'!O80 -> 50 | F36: =#REF! -> #REF! | G36: =ROUND((+E36*F36),0) -> #REF!
B37: ='M.CANTID.GENERAL'!B81 -> 1.2.1.13. | C37: ='M.CANTID.GENERAL'!C81 -> #REF! | D37: ='M.CANTID.GENERAL'!P84 -> UND | E37: ='M.CANTID.GENERAL'!O84 -> 3 | F37: =#REF! -> #REF! | G37: =ROUND((+E37*F37),0) -> #REF!
C38: ='M.CANTID.GENERAL'!C87 -> SUMINISTROS
B39: ='M.CANTID.GENERAL'!B88 -> 1.2.1.14. | C39: ='M.CANTID.GENERAL'!C88 -> #REF! | D39: ='M.CANTID.GENERAL'!P90 -> ML | E39: ='M.CANTID.GENERAL'!O90 -> 166.98 | F39: =#REF! -> #REF! | G39: =ROUND((+E39*F39),0) -> #REF!
B40: SUB-TOTAL OBRA CIVIL ADUCCION BOCATOMA-DESARENADOR | G40: =SUM(G25:G37) -> #REF!
B41: SUB-TOTAL SUMINISTROS ADUCCION BOCATOMA-DESARENADOR | G41: =ROUND((G39),0) -> #REF! | I41: =G40+G41 -> #REF!
B42: ='M.CANTID.GENERAL'!B94 -> 1.2.2. | C42: ='M.CANTID.GENERAL'!C94 -> ADUCCION DESARENADOR - PTAP ACUEDUCTO TESALIA
C43: ='M.CANTID.GENERAL'!C95 -> OBRA CIVIL
B44: ='M.CANTID.GENERAL'!B97 -> 1.2.2.1. | C44: ='M.CANTID.GENERAL'!C97 -> #REF! | D44: ='M.CANTID.GENERAL'!P103 -> ML | E44: ='M.CANTID.GENERAL'!O103 -> 12174.76 | F44: =#REF! -> #REF! | G44: =ROUND((+E44*F44),0) -> #REF!
B45: ='M.CANTID.GENERAL'!B104 -> 1.2.2.2. | C45: ='M.CANTID.GENERAL'!C104 -> #REF! | D45: ='M.CANTID.GENERAL'!P110 -> M3 | E45: ='M.CANTID.GENERAL'!O110 -> 15461.95 | F45: =#REF! -> #REF! | G45: =ROUND((+E45*F45),0) -> #REF!
B46: ='M.CANTID.GENERAL'!B111 -> 1.2.2.3. | C46: ='M.CANTID.GENERAL'!C111 -> #REF! | D46: ='M.CANTID.GENERAL'!P117 -> M3 | E46: ='M.CANTID.GENERAL'!O117 -> 4837.06 | F46: =#REF! -> #REF! | G46: =ROUND((+E46*F46),0) -> #REF!
B47: ='M.CANTID.GENERAL'!B118 -> 1.2.2.4. | C47: ='M.CANTID.GENERAL'!C118 -> #REF! | D47: ='M.CANTID.GENERAL'!P124 -> M3-Km | E47: ='M.CANTID.GENERAL'!O124 -> 25567 | F47: =#REF! -> #REF! | G47: =ROUND((+E47*F47),0) -> #REF!
B48: ='M.CANTID.GENERAL'!B125 -> 1.2.2.5. | C48: ='M.CANTID.GENERAL'!C125 -> #REF! | D48: ='M.CANTID.GENERAL'!P131 -> M3 | E48: ='M.CANTID.GENERAL'!O131 -> 10348.55 | F48: =#REF! -> #REF! | G48: =ROUND((+E48*F48),0) -> #REF!
B49: ='M.CANTID.GENERAL'!B132 -> 1.2.2.6. | C49: ='M.CANTID.GENERAL'!C132 -> #REF! | D49: ='M.CANTID.GENERAL'!P137 -> ML | E49: ='M.CANTID.GENERAL'!O137 -> 5220.69 | F49: =#REF! -> #REF! | G49: =ROUND((+E49*F49),0) -> #REF!
B50: ='M.CANTID.GENERAL'!B138 -> 1.2.2.7. | C50: ='M.CANTID.GENERAL'!C138 -> #REF! | D50: ='M.CANTID.GENERAL'!P140 -> ML | E50: ='M.CANTID.GENERAL'!O140 -> 6954.07 | F50: =#REF! -> #REF! | G50: =ROUND((+E50*F50),0) -> #REF!
B51: ='M.CANTID.GENERAL'!B141 -> 1.2.2.8. | C51: ='M.CANTID.GENERAL'!C141 -> #REF! | D51: ='M.CANTID.GENERAL'!P143 -> UND | E51: ='M.CANTID.GENERAL'!O143 -> 1 | F51: =#REF! -> #REF! | G51: =ROUND((+E51*F51),0) -> #REF!
B52: ='M.CANTID.GENERAL'!B144 -> 1.2.2.9. | C52: ='M.CANTID.GENERAL'!C144 -> #REF! | D52: ='M.CANTID.GENERAL'!P146 -> UND | E52: ='M.CANTID.GENERAL'!O146 -> 11 | F52: =#REF! -> #REF! | G52: =ROUND((+E52*F52),0) -> #REF!
B53: ='M.CANTID.GENERAL'!B147 -> 1.2.10. | C53: ='M.CANTID.GENERAL'!C147 -> #REF! | D53: ='M.CANTID.GENERAL'!P149 -> UND | E53: ='M.CANTID.GENERAL'!O149 -> 11 | F53: =#REF! -> #REF! | G53: =ROUND((+E53*F53),0) -> #REF!
B54: ='M.CANTID.GENERAL'!B150 -> 1.2.2.11. | C54: ='M.CANTID.GENERAL'!C150 -> #REF! | D54: ='M.CANTID.GENERAL'!P152 -> UND | E54: ='M.CANTID.GENERAL'!O152 -> 18 | F54: =#REF! -> #REF! | G54: =ROUND((+E54*F54),0) -> #REF!
B55: ='M.CANTID.GENERAL'!B153 -> 1.2.2.12. | C55: ='M.CANTID.GENERAL'!C153 -> #REF! | D55: ='M.CANTID.GENERAL'!P155 -> UND | E55: ='M.CANTID.GENERAL'!O155 -> 4 | F55: =#REF! -> #REF! | G55: =ROUND((+E55*F55),0) -> #REF!
B56: ='M.CANTID.GENERAL'!B156 -> 1.2.2.13. | C56: ='M.CANTID.GENERAL'!C156 -> #REF! | D56: ='M.CANTID.GENERAL'!P159 -> UND | E56: ='M.CANTID.GENERAL'!O159 -> 22 | F56: =#REF! -> #REF! | G56: =ROUND((+E56*F56),0) -> #REF!
B57: ='M.CANTID.GENERAL'!B160 -> 1.2.2.14. | C57: ='M.CANTID.GENERAL'!C160 -> #REF! | D57: ='M.CANTID.GENERAL'!P162 -> ML | E57: ='M.CANTID.GENERAL'!O162 -> 615.5 | F57: =#REF! -> #REF! | G57: =ROUND((+E57*F57),0) -> #REF!
B58: ='M.CANTID.GENERAL'!B163 -> 1.2.2.15. | C58: ='M.CANTID.GENERAL'!C163 -> #REF! | D58: ='M.CANTID.GENERAL'!P165 -> UND | E58: ='M.CANTID.GENERAL'!O165 -> 1 | F58: =#REF! -> #REF! | G58: =ROUND((+E58*F58),0) -> #REF!
C59: ='M.CANTID.GENERAL'!C167 -> SUMINISTROS
B60: ='M.CANTID.GENERAL'!B168 -> 1.2.2.16. | C60: ='M.CANTID.GENERAL'!C168 -> #REF! | D60: ='M.CANTID.GENERAL'!P170 -> ML | E60: ='M.CANTID.GENERAL'!O170 -> 86.84 | F60: =#REF! -> #REF! | G60: =ROUND((+E60*F60),0) -> #REF!
B61: ='M.CANTID.GENERAL'!B171 -> 1.2.2.17. | C61: ='M.CANTID.GENERAL'!C171 -> #REF! | D61: ='M.CANTID.GENERAL'!P173 -> ML | E61: ='M.CANTID.GENERAL'!O173 -> 137.59 | F61: =#REF! -> #REF! | G61: =ROUND((+E61*F61),0) -> #REF!
B62: ='M.CANTID.GENERAL'!B176 -> 1.2.2.18. | C62: ='M.CANTID.GENERAL'!C176 -> #REF! | D62: ='M.CANTID.GENERAL'!P178 -> ML | E62: ='M.CANTID.GENERAL'!O178 -> 911.06 | F62: =#REF! -> #REF! | G62: =ROUND((+E62*F62),0) -> #REF!
B63: ='M.CANTID.GENERAL'!B179 -> 1.2.2.19. | C63: ='M.CANTID.GENERAL'!C179 -> #REF! | D63: ='M.CANTID.GENERAL'!P181 -> ML | E63: ='M.CANTID.GENERAL'!O181 -> 4085.2 | F63: =#REF! -> #REF! | G63: =ROUND((+E63*F63),0) -> #REF!
B64: ='M.CANTID.GENERAL'!B182 -> 1.2.2.20. | C64: ='M.CANTID.GENERAL'!C182 -> #REF! | D64: ='M.CANTID.GENERAL'!P184 -> ML | E64: ='M.CANTID.GENERAL'!O184 -> 6954.07 | F64: =#REF! -> #REF! | G64: =ROUND((+E64*F64),0) -> #REF!
B65: SUB-TOTAL OBRA CIVIL ADUCCION DESARENADOR-PTAP TESALIA | G65: =SUM(G44:G58) -> #REF!
B66: SUB-TOTAL SUMINISTROS ADUCCION DESARENADOR-PTAP TESALIA | G66: =SUM(G60:G64) -> #REF! | I66: =G65+G66 -> #REF!
B67: SUBTOTAL: ADUCCIONES OBRA CIVIL | G67: =G40+G65 -> #REF!
B68: SUBTOTAL: ADUCCIONES SUMINISTROS | G68: =G41+G66 -> #REF!
B69: TOTAL: ADUCCIONES | G69: =SUM(G67:G68) -> #REF! | I69: =G67+G68 -> #REF!
B70: ='M.CANTID.GENERAL'!A187 -> 1.3. DESARENADOR
B71: ='M.CANTID.GENERAL'!B189 -> 1.3.1. | C71: ='M.CANTID.GENERAL'!C189 -> DESARENADOR ACUEDUCTO TESALIA
C72: ='M.CANTID.GENERAL'!C190 -> OBRA CIVIL
B73: ='M.CANTID.GENERAL'!B193 -> 1.3.1.1. | C73: ='M.CANTID.GENERAL'!C193 -> #REF! | D73: ='M.CANTID.GENERAL'!P198 -> M2 | E73: ='M.CANTID.GENERAL'!O198 -> 44.79 | F73: =#REF! -> #REF! | G73: =ROUND((+E73*F73),0) -> #REF!
B74: ='M.CANTID.GENERAL'!B199 -> 1.3.1.2. | C74: ='M.CANTID.GENERAL'!C199 -> #REF! | D74: ='M.CANTID.GENERAL'!P201 -> M3 | E74: ='M.CANTID.GENERAL'!O201 -> 326.27 | F74: =#REF! -> #REF! | G74: =ROUND((+E74*F74),0) -> #REF!
B75: ='M.CANTID.GENERAL'!B202 -> 1.3.1.3. | C75: ='M.CANTID.GENERAL'!C202 -> #REF! | D75: ='M.CANTID.GENERAL'!P204 -> M3-Km | E75: ='M.CANTID.GENERAL'!O204 -> 1631.34 | F75: =#REF! -> #REF! | G75: =ROUND((+E75*F75),0) -> #REF!
B76: ='M.CANTID.GENERAL'!B205 -> 1.3.1.4. | C76: ='M.CANTID.GENERAL'!C205 -> #REF! | D76: ='M.CANTID.GENERAL'!P207 -> M3 | E76: ='M.CANTID.GENERAL'!O207 -> 211.12 | F76: =#REF! -> #REF! | G76: =ROUND((+E76*F76),0) -> #REF!
B77: ='M.CANTID.GENERAL'!B208 -> 1.3.1.5. | C77: ='M.CANTID.GENERAL'!C208 -> #REF! | D77: ='M.CANTID.GENERAL'!P213 -> M3 | E77: ='M.CANTID.GENERAL'!O213 -> 2.24 | F77: =#REF! -> #REF! | G77: =ROUND((+E77*F77),0) -> #REF!
B78: ='M.CANTID.GENERAL'!B214 -> 1.3.1.6. | C78: ='M.CANTID.GENERAL'!C214 -> #REF! | D78: ='M.CANTID.GENERAL'!P239 -> M3 | E78: ='M.CANTID.GENERAL'!O239 -> 51.97 | F78: =#REF! -> #REF! | G78: =ROUND((+E78*F78),0) -> #REF!
B79: ='M.CANTID.GENERAL'!B240 -> 1.3.1.7. | C79: ='M.CANTID.GENERAL'!C240 -> #REF! | D79: ='M.CANTID.GENERAL'!P242 -> KG | E79: ='M.CANTID.GENERAL'!O242 -> 10194.04 | F79: =#REF! -> #REF! | G79: =ROUND((+E79*F79),0) -> #REF!
B80: ='M.CANTID.GENERAL'!B243 -> 1.3.1.8. | C80: ='M.CANTID.GENERAL'!C243 -> #REF! | D80: ='M.CANTID.GENERAL'!P247 -> ML | E80: ='M.CANTID.GENERAL'!O247 -> 80 | F80: =#REF! -> #REF! | G80: =ROUND((+E80*F80),0) -> #REF!
B81: ='M.CANTID.GENERAL'!B248 -> 1.3.1.9. | C81: ='M.CANTID.GENERAL'!C248 -> #REF! | D81: ='M.CANTID.GENERAL'!P250 -> ML | E81: ='M.CANTID.GENERAL'!O250 -> 12 | F81: =#REF! -> #REF! | G81: =ROUND((+E81*F81),0) -> #REF!
B82: ='M.CANTID.GENERAL'!B251 -> 1.3.1.10. | C82: ='M.CANTID.GENERAL'!C251 -> #REF! | D82: ='M.CANTID.GENERAL'!P255 -> UND | E82: ='M.CANTID.GENERAL'!O255 -> 3 | F82: =#REF! -> #REF! | G82: =ROUND((+E82*F82),0) -> #REF!
B83: ='M.CANTID.GENERAL'!B256 -> 1.3.1.11. | C83: ='M.CANTID.GENERAL'!C256 -> #REF! | D83: ='M.CANTID.GENERAL'!P258 -> UND | E83: ='M.CANTID.GENERAL'!O258 -> 1 | F83: =#REF! -> #REF! | G83: =ROUND((+E83*F83),0) -> #REF!
B84: ='M.CANTID.GENERAL'!B259 -> 1.3.1.12. | C84: ='M.CANTID.GENERAL'!C259 -> #REF! | D84: ='M.CANTID.GENERAL'!P263 -> UND | E84: ='M.CANTID.GENERAL'!O263 -> 3 | F84: =#REF! -> #REF! | G84: =ROUND((+E84*F84),0) -> #REF!
B85: ='M.CANTID.GENERAL'!B264 -> 1.3.1.13. | C85: ='M.CANTID.GENERAL'!C264 -> #REF! | D85: ='M.CANTID.GENERAL'!P268 -> UND | E85: ='M.CANTID.GENERAL'!O268 -> 3 | F85: =#REF! -> #REF! | G85: =ROUND((+E85*F85),0) -> #REF!
B86: ='M.CANTID.GENERAL'!B269 -> 1.3.1.14. | C86: ='M.CANTID.GENERAL'!C269 -> #REF! | D86: ='M.CANTID.GENERAL'!P272 -> UND | E86: ='M.CANTID.GENERAL'!O272 -> 4 | F86: =#REF! -> #REF! | G86: =ROUND((+E86*F86),0) -> #REF!
B87: ='M.CANTID.GENERAL'!B273 -> 1.3.1.15. | C87: ='M.CANTID.GENERAL'!C273 -> #REF! | D87: ='M.CANTID.GENERAL'!P275 -> UND | E87: ='M.CANTID.GENERAL'!O275 -> 1 | F87: =#REF! -> #REF! | G87: =ROUND((+E87*F87),0) -> #REF!
B88: ='M.CANTID.GENERAL'!B276 -> 1.3.1.16. | C88: ='M.CANTID.GENERAL'!C276 -> #REF! | D88: ='M.CANTID.GENERAL'!P279 -> ML | E88: ='M.CANTID.GENERAL'!O279 -> 105 | F88: =#REF! -> #REF! | G88: =ROUND((+E88*F88),0) -> #REF!
B89: ='M.CANTID.GENERAL'!B280 -> 1.3.1.17. | C89: ='M.CANTID.GENERAL'!C280 -> #REF! | D89: ='M.CANTID.GENERAL'!P282 -> ML | E89: ='M.CANTID.GENERAL'!O282 -> 3 | F89: =#REF! -> #REF! | G89: =ROUND((+E89*F89),0) -> #REF!
B90: ='M.CANTID.GENERAL'!B283 -> 1.3.1.18. | C90: ='M.CANTID.GENERAL'!C283 -> #REF! | D90: ='M.CANTID.GENERAL'!P285 -> UND | E90: ='M.CANTID.GENERAL'!O285 -> 1 | F90: =#REF! -> #REF! | G90: =ROUND((+E90*F90),0) -> #REF!
B91: ='M.CANTID.GENERAL'!B286 -> 1.3.1.19. | C91: ='M.CANTID.GENERAL'!C286 -> #REF! | D91: ='M.CANTID.GENERAL'!P288 -> UND | E91: ='M.CANTID.GENERAL'!O288 -> 1 | F91: =#REF! -> #REF! | G91: =ROUND((+E91*F91),0) -> #REF!
B92: ='M.CANTID.GENERAL'!B289 -> 1.3.1.20. | C92: ='M.CANTID.GENERAL'!C289 -> #REF! | D92: ='M.CANTID.GENERAL'!P291 -> UND | E92: ='M.CANTID.GENERAL'!O291 -> 1 | F92: =#REF! -> #REF! | G92: =ROUND((+E92*F92),0) -> #REF!
B93: ='M.CANTID.GENERAL'!B292 -> 1.3.1.21. | C93: ='M.CANTID.GENERAL'!C292 -> #REF! | D93: ='M.CANTID.GENERAL'!P295 -> UND | E93: ='M.CANTID.GENERAL'!O295 -> 3 | F93: =#REF! -> #REF! | G93: =ROUND((+E93*F93),0) -> #REF!
C94: ='M.CANTID.GENERAL'!C297 -> SUMINISTROS
B95: ='M.CANTID.GENERAL'!B298 -> 1.3.1.22. | C95: ='M.CANTID.GENERAL'!C298 -> #REF! | D95: ='M.CANTID.GENERAL'!P302 -> ML | E95: ='M.CANTID.GENERAL'!O302 -> 80 | F95: =#REF! -> #REF! | G95: =ROUND((+E95*F95),0) -> #REF!
B96: ='M.CANTID.GENERAL'!B303 -> 1.3.1.23. | C96: ='M.CANTID.GENERAL'!C303 -> #REF! | D96: ='M.CANTID.GENERAL'!P305 -> ML | E96: ='M.CANTID.GENERAL'!O305 -> 12 | F96: =#REF! -> #REF! | G96: =ROUND((+E96*F96),0) -> #REF!
B97: SUB-TOTAL OBRA CIVIL DESARENADOR | G97: =SUM(G73:G93) -> #REF!
B98: SUB-TOTAL SUMINISTROS DESARENADOR | G98: =SUM(G95:G96) -> #REF!
B99: TOTAL: DESARENADOR | G99: =SUM(G97:G98) -> #REF! | I99: =G97+G98 -> #REF!
B100: ='M.CANTID.GENERAL'!A317 -> 1.4. PLANTA DE TRATAMIENTO DE AGUA POTABLE-PTAP ACUEDUCTO TESALIA
...

Sheet PRES.FASE 1-ADUCCION
D1: AGUAS DEL HUILA S.A. E.S.P.
B2: CONTRATO DE CONSULTORIA No. 059 DEL 01 DE MARZO DE 2021 CUYO OBJETO ES “CONTRATO DE CONSULTORIA PARA LA ELABORACION DE ESTUDIOS Y DISEÑOS PARA LA OPTIMIZACION DEL SISTEMA DE ACUEDUCTO DEL MUNICIPIO DE TESALIA”.
B3: PRESUPUESTO GENERAL DE OBRA FASE I
B4: ='M.CANTID.FASE 1-ADUCCION'!A5 -> CAPITULO 1: ACUEDUCTO
F5: FECHA: | G5: AGOSTO/2024
B6: ITEM | C6: DESCRIPCION | D6: UND. | E6: CANT. | F6: VALOR UNITARIO | G6: VALOR TOTAL
B7: ='M.CANTID.FASE 1-ADUCCION'!A7 -> 1.1. BOCATOMA - CAPTACION
B8: ='M.CANTID.FASE 1-ADUCCION'!B9 -> 1.1.1. | C8: ='M.CANTID.FASE 1-ADUCCION'!C9 -> CAPTACION QUEBRADA LA VENTA
C9: ='M.CANTID.FASE 1-ADUCCION'!C10 -> OBRA CIVIL
B10: ='M.CANTID.FASE 1-ADUCCION'!B12 -> 1.1.1.1. | C10: ='M.CANTID.FASE 1-ADUCCION'!C12 -> #REF! | D10: ='M.CANTID.FASE 1-ADUCCION'!P14 -> ML | E10: ='M.CANTID.FASE 1-ADUCCION'!O14 -> 25 | F10: =#REF! -> #REF! | G10: =ROUND((+E10*F10),0) -> #REF!
B11: ='M.CANTID.FASE 1-ADUCCION'!B15 -> 1.1.1.2. | C11: ='M.CANTID.FASE 1-ADUCCION'!C15 -> #REF! | D11: ='M.CANTID.FASE 1-ADUCCION'!P17 -> UND | E11: ='M.CANTID.FASE 1-ADUCCION'!O17 -> 1 | F11: =#REF! -> #REF! | G11: =ROUND((+E11*F11),0) -> #REF!
B12: ='M.CANTID.FASE 1-ADUCCION'!B18 -> 1.1.1.3. | C12: ='M.CANTID.FASE 1-ADUCCION'!C18 -> #REF! | D12: ='M.CANTID.FASE 1-ADUCCION'!P20 -> UND | E12: ='M.CANTID.FASE 1-ADUCCION'!O20 -> 1 | F12: =#REF! -> #REF! | G12: =ROUND((+E12*F12),0) -> #REF!
B13: ='M.CANTID.FASE 1-ADUCCION'!B21 -> 1.1.1.4. | C13: ='M.CANTID.FASE 1-ADUCCION'!C21 -> #REF! | D13: ='M.CANTID.FASE 1-ADUCCION'!P23 -> UND | E13: ='M.CANTID.FASE 1-ADUCCION'!O23 -> 1 | F13: =#REF! -> #REF! | G13: =ROUND((+E13*F13),0) -> #REF!
B14: ='M.CANTID.FASE 1-ADUCCION'!B24 -> 1.1.1.5. | C14: ='M.CANTID.FASE 1-ADUCCION'!C24 -> #REF! | D14: ='M.CANTID.FASE 1-ADUCCION'!P26 -> UND | E14: ='M.CANTID.FASE 1-ADUCCION'!O26 -> 1 | F14: =#REF! -> #REF! | G14: =ROUND((+E14*F14),0) -> #REF!
B15: ='M.CANTID.FASE 1-ADUCCION'!B27 -> 1.1.1.6. | C15: ='M.CANTID.FASE 1-ADUCCION'!C27 -> #REF! | D15: ='M.CANTID.FASE 1-ADUCCION'!P29 -> UND | E15: ='M.CANTID.FASE 1-ADUCCION'!O29 -> 1 | F15: =#REF! -> #REF! | G15: =ROUND((+E15*F15),0) -> #REF!
B16: ='M.CANTID.FASE 1-ADUCCION'!B30 -> 1.1.1.7. | C16: ='M.CANTID.FASE 1-ADUCCION'!C30 -> #REF! | D16: ='M.CANTID.FASE 1-ADUCCION'!P32 -> VIAJE | E16: ='M.CANTID.FASE 1-ADUCCION'!O32 -> 20 | F16: =#REF! -> #REF! | G16: =ROUND((+E16*F16),0) -> #REF!
C17: ='M.CANTID.FASE 1-ADUCCION'!C35 -> SUMINISTROS
B18: ='M.CANTID.FASE 1-ADUCCION'!B36 -> 1.1.1.8. | C18: ='M.CANTID.FASE 1-ADUCCION'!C36 -> #REF! | D18: ='M.CANTID.FASE 1-ADUCCION'!P38 -> ML | E18: ='M.CANTID.FASE 1-ADUCCION'!O38 -> 25 | F18: =#REF! -> #REF! | G18: =ROUND((+E18*F18),0) -> #REF!
B19: SUB-TOTAL OBRA CIVIL BOCATOMA-CAPTACION | G19: =SUM(G10:G16) -> #REF!
B20: SUB-TOTAL SUMINISTROS BOCATOMA-CAPTACION | G20: =SUM(G18) -> #REF!
B21: TOTAL: BOCATOMA | G21: =SUM(G19:G20) -> #REF! | I21: =G19+G20 -> #REF!
B22: ='M.CANTID.FASE 1-ADUCCION'!A40 -> 1.2. ADUCCIONES
B23: ='M.CANTID.FASE 1-ADUCCION'!B42 -> 1.2.1. | C23: ='M.CANTID.FASE 1-ADUCCION'!C42 -> ADUCCION BOCATOMA - DESARENADOR
C24: ='M.CANTID.FASE 1-ADUCCION'!C43 -> OBRA CIVIL
B25: ='M.CANTID.FASE 1-ADUCCION'!B45 -> 1.2.1.1. | C25: ='M.CANTID.FASE 1-ADUCCION'!C45 -> #REF! | D25: ='M.CANTID.FASE 1-ADUCCION'!P47 -> ML | E25: ='M.CANTID.FASE 1-ADUCCION'!O47 -> 166.98 | F25: =#REF! -> #REF! | G25: =ROUND((+E25*F25),0) -> #REF!
B26: ='M.CANTID.FASE 1-ADUCCION'!B48 -> 1.2.1.2. | C26: ='M.CANTID.FASE 1-ADUCCION'!C48 -> #REF! | D26: ='M.CANTID.FASE 1-ADUCCION'!P50 -> M3 | E26: ='M.CANTID.FASE 1-ADUCCION'!O50 -> 390.73 | F26: =#REF! -> #REF! | G26: =ROUND((+E26*F26),0) -> #REF!
B27: ='M.CANTID.FASE 1-ADUCCION'!B51 -> 1.2.1.3. | C27: ='M.CANTID.FASE 1-ADUCCION'!C51 -> #REF! | D27: ='M.CANTID.FASE 1-ADUCCION'!P53 -> M3 | E27: ='M.CANTID.FASE 1-ADUCCION'!O53 -> 77.27 | F27: =#REF! -> #REF! | G27: =ROUND((+E27*F27),0) -> #REF!
B28: ='M.CANTID.FASE 1-ADUCCION'!B54 -> 1.2.1.4. | C28: ='M.CANTID.FASE 1-ADUCCION'!C54 -> #REF! | D28: ='M.CANTID.FASE 1-ADUCCION'!P56 -> M3-Km | E28: ='M.CANTID.FASE 1-ADUCCION'!O56 -> 434.15 | F28: =#REF! -> #REF! | G28: =ROUND((+E28*F28),0) -> #REF!
B29: ='M.CANTID.FASE 1-ADUCCION'!B57 -> 1.2.1.5. | C29: ='M.CANTID.FASE 1-ADUCCION'!C57 -> #REF! | D29: ='M.CANTID.FASE 1-ADUCCION'!P59 -> M3 | E29: ='M.CANTID.FASE 1-ADUCCION'!O59 -> 303.9 | F29: =#REF! -> #REF! | G29: =ROUND((+E29*F29),0) -> #REF!
B30: ='M.CANTID.FASE 1-ADUCCION'!B60 -> 1.2.1.6. | C30: ='M.CANTID.FASE 1-ADUCCION'!C60 -> #REF! | D30: ='M.CANTID.FASE 1-ADUCCION'!P62 -> ML | E30: ='M.CANTID.FASE 1-ADUCCION'!O62 -> 166.98 | F30: =#REF! -> #REF! | G30: =ROUND((+E30*F30),0) -> #REF!
B31: ='M.CANTID.FASE 1-ADUCCION'!B63 -> 1.2.1.7. | C31: ='M.CANTID.FASE 1-ADUCCION'!C63 -> #REF! | D31: ='M.CANTID.FASE 1-ADUCCION'!P65 -> UND | E31: ='M.CANTID.FASE 1-ADUCCION'!O65 -> 1 | F31: =#REF! -> #REF! | G31: =ROUND((+E31*F31),0) -> #REF!
B32: ='M.CANTID.FASE 1-ADUCCION'!B66 -> 1.2.1.8. | C32: ='M.CANTID.FASE 1-ADUCCION'!C66 -> #REF! | D32: ='M.CANTID.FASE 1-ADUCCION'!P68 -> UND | E32: ='M.CANTID.FASE 1-ADUCCION'!O68 -> 2 | F32: =#REF! -> #REF! | G32: =ROUND((+E32*F32),0) -> #REF!
B33: ='M.CANTID.FASE 1-ADUCCION'!B69 -> 1.2.1.9. | C33: ='M.CANTID.FASE 1-ADUCCION'!C69 -> #REF! | D33: ='M.CANTID.FASE 1-ADUCCION'!P71 -> UND | E33: ='M.CANTID.FASE 1-ADUCCION'!O71 -> 1 | F33: =#REF! -> #REF! | G33: =ROUND((+E33*F33),0) -> #REF!
B34: ='M.CANTID.FASE 1-ADUCCION'!B72 -> 1.2.1.10. | C34: ='M.CANTID.FASE 1-ADUCCION'!C72 -> #REF! | D34: ='M.CANTID.FASE 1-ADUCCION'!P74 -> UND | E34: ='M.CANTID.FASE 1-ADUCCION'!O74 -> 2 | F34: =#REF! -> #REF! | G34: =ROUND((+E34*F34),0) -> #REF!
B35: ='M.CANTID.FASE 1-ADUCCION'!B75 -> 1.2.1.11. | C35: ='M.CANTID.FASE 1-ADUCCION'!C75 -> #REF! | D35: ='M.CANTID.FASE 1-ADUCCION'!P77 -> UND | E35: ='M.CANTID.FASE 1-ADUCCION'!O77 -> 1 | F35: =#REF! -> #REF! | G35: =ROUND((+E35*F35),0) -> #REF!
B36: ='M.CANTID.FASE 1-ADUCCION'!B78 -> 1.2.1.12. | C36: ='M.CANTID.FASE 1-ADUCCION'!C78 -> #REF! | D36: ='M.CANTID.FASE 1-ADUCCION'!P80 -> ML | E36: ='M.CANTID.FASE 1-ADUCCION'!O80 -> 50 | F36: =#REF! -> #REF! | G36: =ROUND((+E36*F36),0) -> #REF!
B37: ='M.CANTID.FASE 1-ADUCCION'!B81 -> 1.2.1.13. | C37: ='M.CANTID.FASE 1-ADUCCION'!C81 -> #REF! | D37: ='M.CANTID.FASE 1-ADUCCION'!P84 -> UND | E37: ='M.CANTID.FASE 1-ADUCCION'!O84 -> 3 | F37: =#REF! -> #REF! | G37: =ROUND((+E37*F37),0) -> #REF!
C38: ='M.CANTID.FASE 1-ADUCCION'!C87 -> SUMINISTROS
B39: ='M.CANTID.FASE 1-ADUCCION'!B88 -> 1.2.1.14. | C39: ='M.CANTID.FASE 1-ADUCCION'!C88 -> #REF! | D39: ='M.CANTID.FASE 1-ADUCCION'!P90 -> ML | E39: ='M.CANTID.FASE 1-ADUCCION'!O90 -> 166.98 | F39: =#REF! -> #REF! | G39: =ROUND((+E39*F39),0) -> #REF!
B40: SUB-TOTAL OBRA CIVIL ADUCCION BOCATOMA-DESARENADOR | G40: =SUM(G25:G37) -> #REF!
B41: SUB-TOTAL SUMINISTROS ADUCCION BOCATOMA-DESARENADOR | G41: =ROUND((G39),0) -> #REF! | I41: =G40+G41 -> #REF!
B42: ='M.CANTID.FASE 1-ADUCCION'!B94 -> 1.2.2. | C42: ='M.CANTID.FASE 1-ADUCCION'!C94 -> ADUCCION DESARENADOR - PTAP ACUEDUCTO TESALIA
C43: ='M.CANTID.FASE 1-ADUCCION'!C95 -> OBRA CIVIL
B44: ='M.CANTID.FASE 1-ADUCCION'!B97 -> 1.2.2.1. | C44: ='M.CANTID.FASE 1-ADUCCION'!C97 -> #REF! | D44: ='M.CANTID.FASE 1-ADUCCION'!P103 -> ML | E44: ='M.CANTID.FASE 1-ADUCCION'!O103 -> 12174.76 | F44: =#REF! -> #REF! | G44: =ROUND((+E44*F44),0) -> #REF!
B45: ='M.CANTID.FASE 1-ADUCCION'!B104 -> 1.2.2.2. | C45: ='M.CANTID.FASE 1-ADUCCION'!C104 -> #REF! | D45: ='M.CANTID.FASE 1-ADUCCION'!P110 -> M3 | E45: ='M.CANTID.FASE 1-ADUCCION'!O110 -> 15461.95 | F45: =#REF! -> #REF! | G45: =ROUND((+E45*F45),0) -> #REF!
B46: ='M.CANTID.FASE 1-ADUCCION'!B111 -> 1.2.2.3. | C46: ='M.CANTID.FASE 1-ADUCCION'!C111 -> #REF! | D46: ='M.CANTID.FASE 1-ADUCCION'!P117 -> M3 | E46: ='M.CANTID.FASE 1-ADUCCION'!O117 -> 4837.06 | F46: =#REF! -> #REF! | G46: =ROUND((+E46*F46),0) -> #REF!
B47: ='M.CANTID.FASE 1-ADUCCION'!B118 -> 1.2.2.4. | C47: ='M.CANTID.FASE 1-ADUCCION'!C118 -> #REF! | D47: ='M.CANTID.FASE 1-ADUCCION'!P124 -> M3-Km | E47: ='M.CANTID.FASE 1-ADUCCION'!O124 -> 25567 | F47: =#REF! -> #REF! | G47: =ROUND((+E47*F47),0) -> #REF!
B48: ='M.CANTID.FASE 1-ADUCCION'!B125 -> 1.2.2.5. | C48: ='M.CANTID.FASE 1-ADUCCION'!C125 -> #REF! | D48: ='M.CANTID.FASE 1-ADUCCION'!P131 -> M3 | E48: ='M.CANTID.FASE 1-ADUCCION'!O131 -> 10348.55 | F48: =#REF! -> #REF! | G48: =ROUND((+E48*F48),0) -> #REF!
B49: ='M.CANTID.FASE 1-ADUCCION'!B132 -> 1.2.2.6. | C49: ='M.CANTID.FASE 1-ADUCCION'!C132 -> #REF! | D49: ='M.CANTID.FASE 1-ADUCCION'!P137 -> ML | E49: ='M.CANTID.FASE 1-ADUCCION'!O137 -> 5220.69 | F49: =#REF! -> #REF! | G49: =ROUND((+E49*F49),0) -> #REF!
B50: ='M.CANTID.FASE 1-ADUCCION'!B138 -> 1.2.2.7. | C50: ='M.CANTID.FASE 1-ADUCCION'!C138 -> #REF! | D50: ='M.CANTID.FASE 1-ADUCCION'!P140 -> ML | E50: ='M.CANTID.FASE 1-ADUCCION'!O140 -> 6954.07 | F50: =#REF! -> #REF! | G50: =ROUND((+E50*F50),0) -> #REF!
B51: ='M.CANTID.FASE 1-ADUCCION'!B141 -> 1.2.2.8. | C51: ='M.CANTID.FASE 1-ADUCCION'!C141 -> #REF! | D51: ='M.CANTID.FASE 1-ADUCCION'!P143 -> UND | E51: ='M.CANTID.FASE 1-ADUCCION'!O143 -> 1 | F51: =#REF! -> #REF! | G51: =ROUND((+E51*F51),0) -> #REF!
B52: ='M.CANTID.FASE 1-ADUCCION'!B144 -> 1.2.2.9. | C52: ='M.CANTID.FASE 1-ADUCCION'!C144 -> #REF! | D52: ='M.CANTID.FASE 1-ADUCCION'!P146 -> UND | E52: ='M.CANTID.FASE 1-ADUCCION'!O146 -> 11 | F52: =#REF! -> #REF! | G52: =ROUND((+E52*F52),0) -> #REF!
B53: ='M.CANTID.FASE 1-ADUCCION'!B147 -> 1.2.10. | C53: ='M.CANTID.FASE 1-ADUCCION'!C147 -> #REF! | D53: ='M.CANTID.FASE 1-ADUCCION'!P149 -> UND | E53: ='M.CANTID.FASE 1-ADUCCION'!O149 -> 11 | F53: =#REF! -> #REF! | G53: =ROUND((+E53*F53),0) -> #REF!
B54: ='M.CANTID.FASE 1-ADUCCION'!B150 -> 1.2.2.11. | C54: ='M.CANTID.FASE 1-ADUCCION'!C150 -> #REF! | D54: ='M.CANTID.FASE 1-ADUCCION'!P152 -> UND | E54: ='M.CANTID.FASE 1-ADUCCION'!O152 -> 18 | F54: =#REF! -> #REF! | G54: =ROUND((+E54*F54),0) -> #REF!
B55: ='M.CANTID.FASE 1-ADUCCION'!B153 -> 1.2.2.12. | C55: ='M.CANTID.FASE 1-ADUCCION'!C153 -> #REF! | D55: ='M.CANTID.FASE 1-ADUCCION'!P155 -> UND | E55: ='M.CANTID.FASE 1-ADUCCION'!O155 -> 4 | F55: =#REF! -> #REF! | G55: =ROUND((+E55*F55),0) -> #REF!
B56: ='M.CANTID.FASE 1-ADUCCION'!B156 -> 1.2.2.13. | C56: ='M.CANTID.FASE 1-ADUCCION'!C156 -> #REF! | D56: ='M.CANTID.FASE 1-ADUCCION'!P159 -> UND | E56: ='M.CANTID.FASE 1-ADUCCION'!O159 -> 22 | F56: =#REF! -> #REF! | G56: =ROUND((+E56*F56),0) -> #REF!
B57: ='M.CANTID.FASE 1-ADUCCION'!B160 -> 1.2.2.14. | C57: ='M.CANTID.FASE 1-ADUCCION'!C160 -> #REF! | D57: ='M.CANTID.FASE 1-ADUCCION'!P162 -> ML | E57: ='M.CANTID.FASE 1-ADUCCION'!O162 -> 615.5 | F57: =#REF! -> #REF! | G57: =ROUND((+E57*F57),0) -> #REF!
B58: ='M.CANTID.FASE 1-ADUCCION'!B163 -> 1.2.2.15. | C58: ='M.CANTID.FASE 1-ADUCCION'!C163 -> #REF! | D58: ='M.CANTID.FASE 1-ADUCCION'!P165 -> UND | E58: ='M.CANTID.FASE 1-ADUCCION'!O165 -> 1 | F58: =#REF! -> #REF! | G58: =ROUND((+E58*F58),0) -> #REF!
C59: ='M.CANTID.FASE 1-ADUCCION'!C167 -> SUMINISTROS
B60: ='M.CANTID.FASE 1-ADUCCION'!B168 -> 1.2.2.16. | C60: ='M.CANTID.FASE 1-ADUCCION'!C168 -> #REF! | D60: ='M.CANTID.FASE 1-ADUCCION'!P170 -> ML | E60: ='M.CANTID.FASE 1-ADUCCION'!O170 -> 86.84 | F60: =#REF! -> #REF! | G60: =ROUND((+E60*F60),0) -> #REF!
B61: ='M.CANTID.FASE 1-ADUCCION'!B171 -> 1.2.2.17. | C61: ='M.CANTID.FASE 1-ADUCCION'!C171 -> #REF! | D61: ='M.CANTID.FASE 1-ADUCCION'!P173 -> ML | E61: ='M.CANTID.FASE 1-ADUCCION'!O173 -> 137.59 | F61: =#REF! -> #REF! | G61: =ROUND((+E61*F61),0) -> #REF!
B62: ='M.CANTID.FASE 1-ADUCCION'!B176 -> 1.2.2.18. | C62: ='M.CANTID.FASE 1-ADUCCION'!C176 -> #REF! | D62: ='M.CANTID.FASE 1-ADUCCION'!P178 -> ML | E62: ='M.CANTID.FASE 1-ADUCCION'!O178 -> 911.06 | F62: =#REF! -> #REF! | G62: =ROUND((+E62*F62),0) -> #REF!
B63: ='M.CANTID.FASE 1-ADUCCION'!B179 -> 1.2.2.19. | C63: ='M.CANTID.FASE 1-ADUCCION'!C179 -> #REF! | D63: ='M.CANTID.FASE 1-ADUCCION'!P181 -> ML | E63: ='M.CANTID.FASE 1-ADUCCION'!O181 -> 4085.2 | F63: =#REF! -> #REF! | G63: =ROUND((+E63*F63),0) -> #REF!
B64: ='M.CANTID.FASE 1-ADUCCION'!B182 -> 1.2.2.20. | C64: ='M.CANTID.FASE 1-ADUCCION'!C182 -> #REF! | D64: ='M.CANTID.FASE 1-ADUCCION'!P184 -> ML | E64: ='M.CANTID.FASE 1-ADUCCION'!O184 -> 6954.07 | F64: =#REF! -> #REF! | G64: =ROUND((+E64*F64),0) -> #REF!
B65: SUB-TOTAL OBRA CIVIL ADUCCION DESARENADOR-PTAP TESALIA | G65: =SUM(G44:G58) -> #REF!
B66: SUB-TOTAL SUMINISTROS ADUCCION DESARENADOR-PTAP TESALIA | G66: =SUM(G60:G64) -> #REF! | I66: =G65+G66 -> #REF!
B67: SUBTOTAL: ADUCCIONES OBRA CIVIL | G67: =G40+G65 -> #REF!
B68: SUBTOTAL: ADUCCIONES SUMINISTROS | G68: =G41+G66 -> #REF!
B69: TOTAL: ADUCCIONES | G69: =SUM(G67:G68) -> #REF! | I69: =G67+G68 -> #REF!
B70: ='M.CANTID.FASE 1-ADUCCION'!A187 -> 1.3. DESARENADOR
B71: ='M.CANTID.FASE 1-ADUCCION'!B189 -> 1.3.1. | C71: ='M.CANTID.FASE 1-ADUCCION'!C189 -> DESARENADOR ACUEDUCTO TESALIA
C72: ='M.CANTID.FASE 1-ADUCCION'!C190 -> OBRA CIVIL
B73: ='M.CANTID.FASE 1-ADUCCION'!B193 -> 1.3.1.1. | C73: ='M.CANTID.FASE 1-ADUCCION'!C193 -> #REF! | D73: ='M.CANTID.FASE 1-ADUCCION'!P198 -> M2 | E73: ='M.CANTID.FASE 1-ADUCCION'!O198 -> 44.79 | F73: =#REF! -> #REF! | G73: =ROUND((+E73*F73),0) -> #REF!
B74: ='M.CANTID.FASE 1-ADUCCION'!B199 -> 1.3.1.2. | C74: ='M.CANTID.FASE 1-ADUCCION'!C199 -> #REF! | D74: ='M.CANTID.FASE 1-ADUCCION'!P201 -> M3 | E74: ='M.CANTID.FASE 1-ADUCCION'!O201 -> 326.27 | F74: =#REF! -> #REF! | G74: =ROUND((+E74*F74),0) -> #REF!
B75: ='M.CANTID.FASE 1-ADUCCION'!B202 -> 1.3.1.3. | C75: ='M.CANTID.FASE 1-ADUCCION'!C202 -> #REF! | D75: ='M.CANTID.FASE 1-ADUCCION'!P204 -> M3-Km | E75: ='M.CANTID.FASE 1-ADUCCION'!O204 -> 1631.34 | F75: =#REF! -> #REF! | G75: =ROUND((+E75*F75),0) -> #REF!
B76: ='M.CANTID.FASE 1-ADUCCION'!B205 -> 1.3.1.4. | C76: ='M.CANTID.FASE 1-ADUCCION'!C205 -> #REF! | D76: ='M.CANTID.FASE 1-ADUCCION'!P207 -> M3 | E76: ='M.CANTID.FASE 1-ADUCCION'!O207 -> 211.12 | F76: =#REF! -> #REF! | G76: =ROUND((+E76*F76),0) -> #REF!
B77: ='M.CANTID.FASE 1-ADUCCION'!B208 -> 1.3.1.5. | C77: ='M.CANTID.FASE 1-ADUCCION'!C208 -> #REF! | D77: ='M.CANTID.FASE 1-ADUCCION'!P213 -> M3 | E77: ='M.CANTID.FASE 1-ADUCCION'!O213 -> 2.24 | F77: =#REF! -> #REF! | G77: =ROUND((+E77*F77),0) -> #REF!
B78: ='M.CANTID.FASE 1-ADUCCION'!B214 -> 1.3.1.6. | C78: ='M.CANTID.FASE 1-ADUCCION'!C214 -> #REF! | D78: ='M.CANTID.FASE 1-ADUCCION'!P239 -> M3 | E78: ='M.CANTID.FASE 1-ADUCCION'!O239 -> 51.97 | F78: =#REF! -> #REF! | G78: =ROUND((+E78*F78),0) -> #REF!
B79: ='M.CANTID.FASE 1-ADUCCION'!B240 -> 1.3.1.7. | C79: ='M.CANTID.FASE 1-ADUCCION'!C240 -> #REF! | D79: ='M.CANTID.FASE 1-ADUCCION'!P242 -> KG | E79: ='M.CANTID.FASE 1-ADUCCION'!O242 -> 10194.04 | F79: =#REF! -> #REF! | G79: =ROUND((+E79*F79),0) -> #REF!
B80: ='M.CANTID.FASE 1-ADUCCION'!B243 -> 1.3.1.8. | C80: ='M.CANTID.FASE 1-ADUCCION'!C243 -> #REF! | D80: ='M.CANTID.FASE 1-ADUCCION'!P247 -> ML | E80: ='M.CANTID.FASE 1-ADUCCION'!O247 -> 80 | F80: =#REF! -> #REF! | G80: =ROUND((+E80*F80),0) -> #REF!
B81: ='M.CANTID.FASE 1-ADUCCION'!B248 -> 1.3.1.9. | C81: ='M.CANTID.FASE 1-ADUCCION'!C248 -> #REF! | D81: ='M.CANTID.FASE 1-ADUCCION'!P250 -> ML | E81: ='M.CANTID.FASE 1-ADUCCION'!O250 -> 12 | F81: =#REF! -> #REF! | G81: =ROUND((+E81*F81),0) -> #REF!
B82: ='M.CANTID.FASE 1-ADUCCION'!B251 -> 1.3.1.10. | C82: ='M.CANTID.FASE 1-ADUCCION'!C251 -> #REF! | D82: ='M.CANTID.FASE 1-ADUCCION'!P255 -> UND | E82: ='M.CANTID.FASE 1-ADUCCION'!O255 -> 3 | F82: =#REF! -> #REF! | G82: =ROUND((+E82*F82),0) -> #REF!
B83: ='M.CANTID.FASE 1-ADUCCION'!B256 -> 1.3.1.11. | C83: ='M.CANTID.FASE 1-ADUCCION'!C256 -> #REF! | D83: ='M.CANTID.FASE 1-ADUCCION'!P258 -> UND | E83: ='M.CANTID.FASE 1-ADUCCION'!O258 -> 1 | F83: =#REF! -> #REF! | G83: =ROUND((+E83*F83),0) -> #REF!
B84: ='M.CANTID.FASE 1-ADUCCION'!B259 -> 1.3.1.12. | C84: ='M.CANTID.FASE 1-ADUCCION'!C259 -> #REF! | D84: ='M.CANTID.FASE 1-ADUCCION'!P263 -> UND | E84: ='M.CANTID.FASE 1-ADUCCION'!O263 -> 3 | F84: =#REF! -> #REF! | G84: =ROUND((+E84*F84),0) -> #REF!
B85: ='M.CANTID.FASE 1-ADUCCION'!B264 -> 1.3.1.13. | C85: ='M.CANTID.FASE 1-ADUCCION'!C264 -> #REF! | D85: ='M.CANTID.FASE 1-ADUCCION'!P268 -> UND | E85: ='M.CANTID.FASE 1-ADUCCION'!O268 -> 3 | F85: =#REF! -> #REF! | G85: =ROUND((+E85*F85),0) -> #REF!
B86: ='M.CANTID.FASE 1-ADUCCION'!B269 -> 1.3.1.14. | C86: ='M.CANTID.FASE 1-ADUCCION'!C269 -> #REF! | D86: ='M.CANTID.FASE 1-ADUCCION'!P272 -> UND | E86: ='M.CANTID.FASE 1-ADUCCION'!O272 -> 4 | F86: =#REF! -> #REF! | G86: =ROUND((+E86*F86),0) -> #REF!
B87: ='M.CANTID.FASE 1-ADUCCION'!B273 -> 1.3.1.15. | C87: ='M.CANTID.FASE 1-ADUCCION'!C273 -> #REF! | D87: ='M.CANTID.FASE 1-ADUCCION'!P275 -> UND | E87: ='M.CANTID.FASE 1-ADUCCION'!O275 -> 1 | F87: =#REF! -> #REF! | G87: =ROUND((+E87*F87),0) -> #REF!
B88: ='M.CANTID.FASE 1-ADUCCION'!B276 -> 1.3.1.16. | C88: ='M.CANTID.FASE 1-ADUCCION'!C276 -> #REF! | D88: ='M.CANTID.FASE 1-ADUCCION'!P279 -> ML | E88: ='M.CANTID.FASE 1-ADUCCION'!O279 -> 105 | F88: =#REF! -> #REF! | G88: =ROUND((+E88*F88),0) -> #REF!
B89: ='M.CANTID.FASE 1-ADUCCION'!B280 -> 1.3.1.17. | C89: ='M.CANTID.FASE 1-ADUCCION'!C280 -> #REF! | D89: ='M.CANTID.FASE 1-ADUCCION'!P282 -> ML | E89: ='M.CANTID.FASE 1-ADUCCION'!O282 -> 3 | F89: =#REF! -> #REF! | G89: =ROUND((+E89*F89),0) -> #REF!
B90: ='M.CANTID.FASE 1-ADUCCION'!B283 -> 1.3.1.18. | C90: ='M.CANTID.FASE 1-ADUCCION'!C283 -> #REF! | D90: ='M.CANTID.FASE 1-ADUCCION'!P285 -> UND | E90: ='M.CANTID.FASE 1-ADUCCION'!O285 -> 1 | F90: =#REF! -> #REF! | G90: =ROUND((+E90*F90),0) -> #REF!
B91: ='M.CANTID.FASE 1-ADUCCION'!B286 -> 1.3.1.19. | C91: ='M.CANTID.FASE 1-ADUCCION'!C286 -> #REF! | D91: ='M.CANTID.FASE 1-ADUCCION'!P288 -> UND | E91: ='M.CANTID.FASE 1-ADUCCION'!O288 -> 1 | F91: =#REF! -> #REF! | G91: =ROUND((+E91*F91),0) -> #REF!
B92: ='M.CANTID.FASE 1-ADUCCION'!B289 -> 1.3.1.20. | C92: ='M.CANTID.FASE 1-ADUCCION'!C289 -> #REF! | D92: ='M.CANTID.FASE 1-ADUCCION'!P291 -> UND | E92: ='M.CANTID.FASE 1-ADUCCION'!O291 -> 1 | F92: =#REF! -> #REF! | G92: =ROUND((+E92*F92),0) -> #REF!
B93: ='M.CANTID.FASE 1-ADUCCION'!B292 -> 1.3.1.21. | C93: ='M.CANTID.FASE 1-ADUCCION'!C292 -> #REF! | D93: ='M.CANTID.FASE 1-ADUCCION'!P295 -> UND | E93: ='M.CANTID.FASE 1-ADUCCION'!O295 -> 3 | F93: =#REF! -> #REF! | G93: =ROUND((+E93*F93),0) -> #REF!
C94: ='M.CANTID.FASE 1-ADUCCION'!C297 -> SUMINISTROS
B95: ='M.CANTID.FASE 1-ADUCCION'!B298 -> 1.3.1.22. | C95: ='M.CANTID.FASE 1-ADUCCION'!C298 -> #REF! | D95: ='M.CANTID.FASE 1-ADUCCION'!P302 -> ML | E95: ='M.CANTID.FASE 1-ADUCCION'!O302 -> 80 | F95: =#REF! -> #REF! | G95: =ROUND((+E95*F95),0) -> #REF!
B96: ='M.CANTID.FASE 1-ADUCCION'!B303 -> 1.3.1.23. | C96: ='M.CANTID.FASE 1-ADUCCION'!C303 -> #REF! | D96: ='M.CANTID.FASE 1-ADUCCION'!P305 -> ML | E96: ='M.CANTID.FASE 1-ADUCCION'!O305 -> 12 | F96: =#REF! -> #REF! | G96: =ROUND((+E96*F96),0) -> #REF!
B97: SUB-TOTAL OBRA CIVIL DESARENADOR | G97: =SUM(G73:G93) -> #REF!
B98: SUB-TOTAL SUMINISTROS DESARENADOR | G98: =SUM(G95:G96) -> #REF!
B99: TOTAL: DESARENADOR | G99: =SUM(G97:G98) -> #REF! | I99: =G97+G98 -> #REF!
B100: TOTAL CAPITULO 1: OBRA CIVIL | G100: =G19+G67+G97 -> #REF!
...

Sheet 01
B2: Formulario 1 - Propuesta económica - Documento tipo de licitación de obra pública de agua potable y saneamiento básico
B3: Código | C3: CCE-EICP-FM-47 | D3: Versión
D5: FORMULARIO 1
D6: PRESUPUESTO OFICIAL
A7: [La entidad puede utilizar este formulario de detalle del presupuesto oficial para determinar las condiciones bajo las cuales los proponentes analizarán y presentarán su propuesta económica de forma detallada, sin perjuicio que la entidad pueda modificarlo o establecer la presentación de la oferta económica con un formulario distinto al indicado.]
A9: Adicionalmente, cuando el proceso de contratación es estructurado por precios unitarios, la Entidad debe aplicar las notas 1, 2 y 3 del presente formulario y las casillas de "Descripción", "Porcentaje" de la Administración, Imprevisto, Utilidad y total A.I.U. resaltadas en color amarillo. Tratándose de otras modalidades de precio, la Entidad puede o no configurar los mismos aspectos.
A10: Nº | B10: ÍTEM DE PAGO | C10: ESPECIFICACIONES | D10: DESCRIPCIÓN | I10: UND. | J10: CANTIDAD | L10: VALOR UNITARIO | M10: VALOR TOTAL
C11: GENERAL
A12: "CONSTRUCCION SISTEMA DE ACUEDUCTO FASE II DEL MUNICIPIO DE TESALIA DPTO DEL HUILA" | P12: 0.29430391 | Q12: =+T12 -> 0
O14: OBRA | P14: SUMINISTRO
A15: CANTERA | B15: 5 | D15: RESIDUOS | E15: 5 | O15: 1.2943039 | P15: 0
H16: A -EMPATE CON LÍNEA DE ADUCCIÓN | M16: =SUM(M17:N31) -> 49302901
A17: A-01 | B17: APU COD | C17: PRELIMINARES
A18: A-01-01 | B18: =VLOOKUP(C18,'06'!$B$8:$N$225,13,FALSE) -> G001 | C18: LOCALIZACIÓN Y REPLANTEO DE REDES (NO INCLUYE EQUIPO DE TOPOGRAFÍA) | I18: =VLOOKUP(C18,'06'!$B$8:$N$225,7,FALSE) -> M | J18: =+'07'!N5 -> 6122.3552 | L18: ='08'!AF34 -> 5 | M18: =ROUND((+L18*J18),2) -> 30611.78 | O18: 5602.045 | P18: 28010.225
A19: A-02 | B19: APU COD | C19: EXCAVACIONES
A20: A-02-01 | B20: =VLOOKUP(C20,'06'!$B$8:$N$225,13,FALSE) -> G005 | C20: EXCAVACIÓN MECÁNICA EN MATERIAL COMÚN (INCLUYE MAQUINARIA) | I20: =VLOOKUP(C20,'06'!$B$8:$N$225,7,FALSE) -> M3 | J20: =+'07'!N49 -> 25587.553 | L20: ='08'!AF71 -> 4.5 | M20: =ROUND((+L20*J20),2) -> 115143.99 | O20: 25587.553 | P20: 115143.99
A21: A-03 | B21: APU COD | C21: RELLENOS
A22: A-03-01 | B22: =VLOOKUP(C22,'06'!$B$8:$N$225,13,FALSE) -> G008 | C22: RELLENO CON ARENA PARA BASE DE TUBERÍA | I22: =VLOOKUP(C22,'06'!$B$8:$N$225,7,FALSE) -> M3 | J22: =+'07'!N95 -> 114043.89 | L22: ='08'!AF108 -> 0.75 | M22: =ROUND((+L22*J22),2) -> 85532.92 | O22: 111398.91 | P22: 83549.18
A23: A-03-02 | B23: =VLOOKUP(C23,'06'!$B$8:$N$225,13,FALSE) -> G009 | C23: RELLENO CON TRITURADO PASANTE DE 3/4" | I23: =VLOOKUP(C23,'06'!$B$8:$N$225,7,FALSE) -> M3 | J23: =+'07'!N140 -> 175652.75 | L23: ='08'!AF145 -> 0.75 | M23: =ROUND((+L23*J23),2) -> 131739.57 | O23: 173007.77 | P23: 129755.83
A24: A-03-03 | B24: =VLOOKUP(C24,'06'!$B$8:$N$225,13,FALSE) -> G011 | C24: RELLENO CON MATERIAL SELECCIONADO DE LA EXCAVACIÓN, COMPACTADO CON EQUIPO MECÁNICO EN CAPAS DE 0,20 m | I24: =VLOOKUP(C24,'06'!$B$8:$N$225,7,FALSE) -> M3 | J24: =+'07'!N185 -> 30956.641 | L24: ='08'!AF182 -> 3 | M24: =ROUND((+L24*J24),2) -> 92869.92 | O24: 27555.986 | P24: 82667.959
A25: A-04 | B25: APU COD | C25: DISPOSICIÓN DE MATERIAL SOBRANTE
A26: A-04-01 | B26: =VLOOKUP(C26,'06'!$B$8:$N$225,13,FALSE) -> G013 | C26: RETIRO DE MATERIAL SOBRANTE HASTA BOTADERO AUTORIZADO (INCLUYE FACTOR DE EXPANSIÓN) | I26: =VLOOKUP(C26,'06'!$B$8:$N$225,7,FALSE) -> M3-KM | J26: =+'07'!N229 -> 3271.256 | L26: ='08'!AF219 -> 9.38 | M26: =ROUND((+L26*J26),2) -> 30684.38 | O26: 3271.256 | P26: 30684.382
A27: A-04-02 | B27: =VLOOKUP(C27,'06'!$B$8:$N$225,13,FALSE) -> G014 | C27: DISPOSICIÓN DE MATERIAL PROVENIENTE DE EXCAVACIÓN (NO INCLUYE TRANSPORTE) | I27: =VLOOKUP(C27,'06'!$B$8:$N$225,7,FALSE) -> M3 | J27: =+'07'!N274 -> 5824.3676 | L27: ='08'!AF256 -> 1.88 | M27: =ROUND((+L27*J27),2) -> 10949.81 | O27: 5824.3676 | P27: 10949.811
A28: A-05 | B28: APU COD | C28: TUBERIAS
A29: A-05-01 | B29: =VLOOKUP(C29,'06'!$B$8:$N$225,13,FALSE) -> G015 | C29: SUMINISTRO E INSTALACIÓN DE TUBERÍA PVC UM Ø6" RDE 21 (INCLUYE PEGAMENTO, LIMPIADOR, HERRAMIENTA MENOR Y MANO DE OBRA) | I29: =VLOOKUP(C29,'06'!$B$8:$N$225,7,FALSE) -> ML | J29: =+'07'!N319 -> 176933.22 | L29: ='08'!AF293 -> 5 | M29: =ROUND((+L29*J29),2) -> 884666.09 | O29: 175389.18 | P29: 876945.9
A30: A-06 | B30: APU COD | C30: ACCESORIOS Y OBRAS COMPLEMENTARIAS
A31: A-06-01 | B31: =VLOOKUP(C31,'06'!$B$8:$N$225,13,FALSE) -> G071 | C31: ESTACIÓN DE MACROMEDICIÓN L=1.90M, A=1.60M DE Ø6" A TODO COSTO (INCLUYE CONFORMACIÓN DE CAJA EN CONCRETO DE 4000 PSI, ACERO DE REFUERZO, TUBERÍA, ACCESORIOS, MATERIALES, HERRRAMIENTA MENOR Y MANO DE OBRA) | I31: =VLOOKUP(C31,'06'!$B$8:$N$225,7,FALSE) -> UND | J31: =+'07'!N2901 -> 47920703 | L31: ='08'!AF330 -> 1 | M31: =ROUND((+L31*J31),2) -> 47920703 | O31: 46325656 | P31: 46325656
H33: B - CÁMARA DE LLEGADA Y AQUIETAMIENTO DEL AGUA | M33: =SUM(M36:N61) -> 1.5153543e+08
A34: ITEM | B34: CAPITULO/DESCRIPCION | I34: UNID | J34: VALOR UNITARIO | L34: CANTIDAD | M34: VALOR PARCIAL
A35: B-01 | B35: APU COD | C35: PRELIMINARES
A36: B-01-01 | B36: =VLOOKUP(C36,'06'!$B$8:$N$225,13,FALSE) -> G978 | C36: LOCALIZACIÓN Y REPLANTEO. INCLUYE: MATERIALES, EQUIPOS, COMISIÓN TOPOGRÁFICA PARA CONTROL DE NIVELES PERMANENTES Y PLANOS RECORD. | I36: =VLOOKUP(C36,'06'!$B$8:$N$225,7,FALSE) -> M2 | J36: =+'07'!N1562 -> 5158.3411 | L36: ='08'!AF404 -> 47.23 | M36: =ROUND((+L36*J36),2) -> 243628.45 | O36: 4596.0306 | P36: 217070.53
A37: B-02 | B37: APU COD | C37: EXCAVACIONES
A38: B-02-01 | B38: =VLOOKUP(C38,'06'!$B$8:$N$225,13,FALSE) -> G005 | C38: EXCAVACIÓN MECÁNICA EN MATERIAL COMÚN (INCLUYE MAQUINARIA) | I38: =VLOOKUP(C38,'06'!$B$8:$N$225,7,FALSE) -> M3 | J38: =+'07'!N49 -> 25587.553 | L38: ='08'!AF442 -> 85.39 | M38: =ROUND((+L38*J38),2) -> 2184921.2 | O38: 25587.553 | P38: 2184921.2
A39: B-03 | B39: APU COD | C39: RELLENOS
A40: B-03-01 | B40: =VLOOKUP(C40,'06'!$B$8:$N$225,13,FALSE) -> G008 | C40: RELLENO CON ARENA PARA BASE DE TUBERÍA | I40: =VLOOKUP(C40,'06'!$B$8:$N$225,7,FALSE) -> M3 | J40: =+'07'!N95 -> 114043.89 | L40: ='08'!AF480 -> 1.64 | M40: =ROUND((+L40*J40),2) -> 187031.98 | O40: 111398.91 | P40: 182694.21
A41: B-03-02 | B41: =VLOOKUP(C41,'06'!$B$8:$N$225,13,FALSE) -> G004 | C41: RELLENO EN RECEBO COMUN PROVENIENTE DE MATERIAL DE PRESTAMO, COMPACTADO MECANICAMENTE. | I41: =VLOOKUP(C41,'06'!$B$8:$N$225,7,FALSE) -> M3 | J41: =+'07'!N409 -> 124202.22 | L41: ='08'!AF518 -> 11.93 | M41: =ROUND((+L41*J41),2) -> 1481732.5 | O41: 121563.24 | P41: 1450249.4
A42: B-03-03 | B42: =VLOOKUP(C42,'06'!$B$8:$N$225,13,FALSE) -> G011 | C42: RELLENO CON MATERIAL SELECCIONADO DE LA EXCAVACIÓN, COMPACTADO CON EQUIPO MECÁNICO EN CAPAS DE 0,20 m | I42: =VLOOKUP(C42,'06'!$B$8:$N$225,7,FALSE) -> M3 | J42: =+'07'!N185 -> 30956.641 | L42: ='08'!AF556 -> 26.4 | M42: =ROUND((+L42*J42),2) -> 817255.33 | O42: 27555.986 | P42: 727478.04
A43: B-04 | B43: APU COD | C43: DISPOSICIÓN DE MATERIAL SOBRANTE
A44: B-04-01 | B44: =VLOOKUP(C44,'06'!$B$8:$N$225,13,FALSE) -> G013 | C44: RETIRO DE MATERIAL SOBRANTE HASTA BOTADERO AUTORIZADO (INCLUYE FACTOR DE EXPANSIÓN) | I44: =VLOOKUP(C44,'06'!$B$8:$N$225,7,FALSE) -> M3-KM | J44: =+'07'!N229 -> 3271.256 | L44: ='08'!AF594 -> 368.69 | M44: =ROUND((+L44*J44),2) -> 1206079.4 | O44: 3271.256 | P44: 1206079.4
A45: B-04-02 | B45: =VLOOKUP(C45,'06'!$B$8:$N$225,13,FALSE) -> G014 | C45: DISPOSICIÓN DE MATERIAL PROVENIENTE DE EXCAVACIÓN (NO INCLUYE TRANSPORTE) | I45: =VLOOKUP(C45,'06'!$B$8:$N$225,7,FALSE) -> M3 | J45: =+'07'!N274 -> 5824.3676 | L45: ='08'!AF632 -> 73.74 | M45: =ROUND((+L45*J45),2) -> 429488.87 | O45: 5824.3676 | P45: 429488.87
A46: B-05 | B46: APU COD | C46: CONCRETOS
A47: B-05-01 | B47: =VLOOKUP(C47,'06'!$B$8:$N$225,13,FALSE) -> G018 | C47: CONCRETO PARA SOLADO, LIMPIEZA Y/O RELLENOS FLUIDOS (140KG/CM2) - ESPESOR=0.05 METROS. | I47: =VLOOKUP(C47,'06'!$B$8:$N$225,7,FALSE) -> M3 | J47: =+'07'!N454 -> 725724.88 | L47: ='08'!AF670 -> 1.49 | M47: =ROUND((+L47*J47),2) -> 1081330.1 | O47: 671967.71 | P47: 1001231.9
A48: B-05-02 | B48: =VLOOKUP(C48,'06'!$B$8:$N$225,13,FALSE) -> G019 | C48: CONCRETO DE FC=280 KG/CM2, IMPERMEABILIZADO PARA ESTRUCTURAS ENTERRADAS Y SEMIENTERRADAS. | I48: =VLOOKUP(C48,'06'!$B$8:$N$225,7,FALSE) -> M3 | J48: =+'07'!N496 -> 1461311.9 | L48: ='08'!AF710 -> 22.9 | M48: =ROUND((+L48*J48),2) -> 33464042 | O48: 1363119.5 | P48: 31215436
A49: B-06 | B49: APU COD | C49: ACEROS
A50: B-06-01 | B50: =VLOOKUP(C50,'06'!$B$8:$N$225,13,FALSE) -> G007 | C50: ACERO DE REFUERZO FIGURADO FY= 420 MPA-60000 PSI, CORRUGADO. INCLUYE TRANSPORTE CON DESCARGA, TRANSPORTE INTERNO, ALAMBRE DE AMARRE, CERTIFICADOS Y TODOS LOS ELEMENTOS NECESARIOS PARA SU CORRECTA INSTALACIÓN, SEGÚN DISEÑO Y RECOMENDACIONES. | I50: =VLOOKUP(C50,'06'!$B$8:$N$225,7,FALSE) -> KG | J50: =+'07'!N538 -> 10058.958 | L50: ='08'!AF778 -> 3237.9352 | M50: =ROUND((+L50*J50),2) -> 32570253 | O50: 9696.098 | P50: 31395337
A51: B-07 | B51: APU COD | C51: TUBERIAS
A52: B-07-01 | B52: =VLOOKUP(C52,'06'!$B$8:$N$225,13,FALSE) -> G999 | C52: SUMINISTRO E INSTALACIÓN DE TUBERIA PVC UNION MECANICA DE 8". PRESIÓN DE TRABAJO 200 PSI. | I52: =VLOOKUP(C52,'06'!$B$8:$N$225,7,FALSE) -> ML | J52: =+'07'!N580 -> 300902.18 | L52: ='08'!AF819 -> 24 | M52: =ROUND((+L52*J52),2) -> 7221652.3 | O52: 298764.1 | P52: 7170338.3
A53: B-08 | B53: APU COD | C53: ACCESORIOS Y OBRAS COMPLEMENTARIAS
A54: B-08-01 | B54: =VLOOKUP(C54,'06'!$B$8:$N$225,13,FALSE) -> G998 | C54: SUMINISTRO E INSTALACIÓN DE CINTA PVC DE 0.15 METROS PARA JUNTA DE CONSTRUCCION EN TANQUES. | I54: =VLOOKUP(C54,'06'!$B$8:$N$225,7,FALSE) -> ML | J54: =+'07'!N625 -> 77165.282 | L54: ='08'!AF860 -> 69.2 | M54: =ROUND((+L54*J54),2) -> 5339837.5 | O54: 75561.719 | P54: 5228870.9
A55: B-08-02 | B55: =VLOOKUP(C55,'06'!$B$8:$N$225,13,FALSE) -> G997 | C55: SUMINISTRO E INSTALACIÓN PASAMURO HD 6" BXB=0,75M Z=0.375 M. | I55: =VLOOKUP(C55,'06'!$B$8:$N$225,7,FALSE) -> UND | J55: =+'07'!N670 -> 1292709.9 | L55: ='08'!AF901 -> 5 | M55: =ROUND((+L55*J55),2) -> 6463549.4 | O55: 1278715.1 | P55: 6393575.7
A56: B-08-03 | B56: =VLOOKUP(C56,'06'!$B$8:$N$225,13,FALSE) -> G996 | C56: SUMINISTRO E INSTALACIÓN PASAMURO HD 8" BXB=0,75M Z=0.375 M. | I56: =VLOOKUP(C56,'06'!$B$8:$N$225,7,FALSE) -> UND | J56: =+'07'!N715 -> 1600916 | L56: ='08'!AF942 -> 7 | M56: =ROUND((+L56*J56),2) -> 11206412 | O56: 1586921.3 | P56: 11108449
A57: B-08-04 | B57: =VLOOKUP(C57,'06'!$B$8:$N$225,13,FALSE) -> G995 | C57: SUMINISTRO E INSTALACIÓN VÁLVULA DE COMPUERTA ELASTICA VASTAGO NO ASCENDENTE EXTREMO BRIDADO PARA PVC DIAMETRO 6". | I57: =VLOOKUP(C57,'06'!$B$8:$N$225,7,FALSE) -> UND | J57: =+'07'!N760 -> 3318593 | L57: ='08'!AF983 -> 1 | M57: =ROUND((+L57*J57),2) -> 3318593 | O57: 3292936 | P57: 3292936
A58: B-08-05 | B58: =VLOOKUP(C58,'06'!$B$8:$N$225,13,FALSE) -> G994 | C58: SUMINISTRO E INSTALACIÓN VÁLVULA DE COMPUERTA ELASTICA VASTAGO NO ASCENDENTE EXTREMO BRIDADO PARA PVC DIAMETRO 8". | I58: =VLOOKUP(C58,'06'!$B$8:$N$225,7,FALSE) -> UND | J58: =+'07'!N808 -> 4861575.7 | L58: ='08'!AF1024 -> 2 | M58: =ROUND((+L58*J58),2) -> 9723151.4 | O58: 4835918.7 | P58: 9671837.4
A59: B-08-06 | B59: =VLOOKUP(C59,'06'!$B$8:$N$225,13,FALSE) -> G993 | C59: SUMINISTRO E INSTALACIÓN COMPUERTA DE VASTAGO DESLIZANTE DE 6". INCLUYE COLUMNA DE MANIOBRA Y TODO LO NECESARIO PARA SU CORRECTO FUNCIONAMIENTO. | I59: =VLOOKUP(C59,'06'!$B$8:$N$225,7,FALSE) -> UND | J59: =+'07'!N856 -> 5587284.2 | L59: ='08'!AF1065 -> 2 | M59: =ROUND((+L59*J59),2) -> 11174568 | O59: 5556495.8 | P59: 11112992
A60: B-08-07 | B60: =VLOOKUP(C60,'06'!$B$8:$N$225,13,FALSE) -> G992 | C60: SUMINISTRO E INSTALACIÓN COMPUERTA DE VASTAGO DESLIZANTE DE 8". INCLUYE COLUMNA DE MANIOBRA Y TODO LO NECESARIO PARA SU CORRECTO FUNCIONAMIENTO. | I60: =VLOOKUP(C60,'06'!$B$8:$N$225,7,FALSE) -> UND | J60: =+'07'!N904 -> 6146941.2 | L60: ='08'!AF1106 -> 3 | M60: =ROUND((+L60*J60),2) -> 18440824 | O60: 6116152.8 | P60: 18348458
A61: B-08-08 | B61: =VLOOKUP(C61,'06'!$B$8:$N$225,13,FALSE) -> G991 | C61: SUMINISTRO E INSTALACIÓN CODO BXB. DE 6". INCLUYE ACCESORIOS DE ENTREGA E INSTALACION. | I61: =VLOOKUP(C61,'06'!$B$8:$N$225,7,FALSE) -> UND | J61: =+'07'!N952 -> 1660358.6 | L61: ='08'!AF1147 -> 3 | M61: =ROUND((+L61*J61),2) -> 4981075.9 | O61: 1644964.4 | P61: 4934893.3
H63: C - FLOCULADOR, SEDIMENTADOR, CANAL DE AGUA SEDIMENTADA Y CANAL DE LAVADO | M63: =SUM(M66:N103) -> 7.9255847e+08
A64: ITEM | B64: CAPITULO/DESCRIPCION | I64: UNID | J64: VALOR UNITARIO | L64: CANTIDAD | M64: VALOR PARCIAL
A65: C-01 | B65: APU COD | C65: PRELIMINARES
A66: C-01-01 | B66: =VLOOKUP(C66,'06'!$B$8:$N$225,13,FALSE) -> G978 | C66: LOCALIZACIÓN Y REPLANTEO. INCLUYE: MATERIALES, EQUIPOS, COMISIÓN TOPOGRÁFICA PARA CONTROL DE NIVELES PERMANENTES Y PLANOS RECORD. | I66: =VLOOKUP(C66,'06'!$B$8:$N$225,7,FALSE) -> M2 | J66: =+'07'!N1562 -> 5158.3411 | L66: ='08'!AF1184 -> 164.72 | M66: =ROUND((+L66*J66),2) -> 849681.94 | O66: 4596.0306 | P66: 757058.17
A67: C-02 | B67: APU COD | C67: EXCAVACIONES
A68: C-02-01 | B68: =VLOOKUP(C68,'06'!$B$8:$N$225,13,FALSE) -> G005 | C68: EXCAVACIÓN MECÁNICA EN MATERIAL COMÚN (INCLUYE MAQUINARIA) | I68: =VLOOKUP(C68,'06'!$B$8:$N$225,7,FALSE) -> M3 | J68: =+'07'!N49 -> 25587.553 | L68: =+'08'!AF1221 -> 751 | M68: =ROUND((+L68*J68),2) -> 19216252 | O68: 25587.553 | P68: 19216252
A69: C-03 | B69: APU COD | C69: RELLENOS
A70: C-03-01 | B70: =VLOOKUP(C70,'06'!$B$8:$N$225,13,FALSE) -> G008 | C70: RELLENO CON ARENA PARA BASE DE TUBERÍA | I70: =VLOOKUP(C70,'06'!$B$8:$N$225,7,FALSE) -> M3 | J70: =+'07'!N95 -> 114043.89 | L70: =+'08'!AF1258 -> 16.69 | M70: =ROUND((+L70*J70),2) -> 1903392.5 | O70: 111398.91 | P70: 1859247.8
A71: C-03-02 | B71: =VLOOKUP(C71,'06'!$B$8:$N$225,13,FALSE) -> G004 | C71: RELLENO EN RECEBO COMUN PROVENIENTE DE MATERIAL DE PRESTAMO, COMPACTADO MECANICAMENTE. | I71: =VLOOKUP(C71,'06'!$B$8:$N$225,7,FALSE) -> M3 | J71: =+'07'!N409 -> 124202.22 | L71: =+'08'!AF1295 -> 26.54 | M71: =ROUND((+L71*J71),2) -> 3296326.9 | O71: 121563.24 | P71: 3226288.4
A72: C-03-03 | B72: =VLOOKUP(C72,'06'!$B$8:$N$225,13,FALSE) -> G011 | C72: RELLENO CON MATERIAL SELECCIONADO DE LA EXCAVACIÓN, COMPACTADO CON EQUIPO MECÁNICO EN CAPAS DE 0,20 m | I72: =VLOOKUP(C72,'06'!$B$8:$N$225,7,FALSE) -> M3 | J72: =+'07'!N185 -> 30956.641 | L72: =+'08'!AF1332 -> 253.06 | M72: =ROUND((+L72*J72),2) -> 7833887.7 | O72: 27555.986 | P72: 6973317.9
A73: C-04 | B73: APU COD | C73: DISPOSICIÓN DE MATERIAL SOBRANTE
A74: C-04-01 | B74: =VLOOKUP(C74,'06'!$B$8:$N$225,13,FALSE) -> G013 | C74: RETIRO DE MATERIAL SOBRANTE HASTA BOTADERO AUTORIZADO (INCLUYE FACTOR DE EXPANSIÓN) | I74: =VLOOKUP(C74,'06'!$B$8:$N$225,7,FALSE) -> M3-KM | J74: =+'07'!N229 -> 3271.256 | L74: =+'08'!AF1370 -> 3112.13 | M74: =ROUND((+L74*J74),2) -> 10180574 | O74: 3271.256 | P74: 10180574
A75: C-04-02 | B75: =VLOOKUP(C75,'06'!$B$8:$N$225,13,FALSE) -> G014 | C75: DISPOSICIÓN DE MATERIAL PROVENIENTE DE EXCAVACIÓN (NO INCLUYE TRANSPORTE) | I75: =VLOOKUP(C75,'06'!$B$8:$N$225,7,FALSE) -> M3 | J75: =+'07'!N274 -> 5824.3676 | L75: =+'08'!AF1408 -> 622.43 | M75: =ROUND((+L75*J75),2) -> 3625261.1 | O75: 5824.3676 | P75: 3625261.1
A76: C-05 | B76: APU COD | C76: CONCRETOS
A77: C-05-01 | B77: =VLOOKUP(C77,'06'!$B$8:$N$225,13,FALSE) -> G018 | C77: CONCRETO PARA SOLADO, LIMPIEZA Y/O RELLENOS FLUIDOS (140KG/CM2) - ESPESOR=0.05 METROS. | I77: =VLOOKUP(C77,'06'!$B$8:$N$225,7,FALSE) -> M3 | J77: =+'07'!N454 -> 725724.88 | L77: =+'08'!AF1445 -> 6.63 | M77: =ROUND((+L77*J77),2) -> 4811556 | O77: 671967.71 | P77: 4455145.9
A78: C-05-02 | B78: =VLOOKUP(C78,'06'!$B$8:$N$225,13,FALSE) -> G019 | C78: CONCRETO DE FC=280 KG/CM2, IMPERMEABILIZADO PARA ESTRUCTURAS ENTERRADAS Y SEMIENTERRADAS. | I78: =VLOOKUP(C78,'06'!$B$8:$N$225,7,FALSE) -> M3 | J78: =+'07'!N496 -> 1461311.9 | L78: =+'08'!AF1489 -> 176.27 | M78: =ROUND((+L78*J78),2) -> 2.5758545e+08 | O78: 1363119.5 | P78: 2.4027707e+08
A79: C-06 | B79: APU COD | C79: ACEROS
A80: C-06-01 | B80: =VLOOKUP(C80,'06'!$B$8:$N$225,13,FALSE) -> G007 | C80: ACERO DE REFUERZO FIGURADO FY= 420 MPA-60000 PSI, CORRUGADO. INCLUYE TRANSPORTE CON DESCARGA, TRANSPORTE INTERNO, ALAMBRE DE AMARRE, CERTIFICADOS Y TODOS LOS ELEMENTOS NECESARIOS PARA SU CORRECTA INSTALACIÓN, SEGÚN DISEÑO Y RECOMENDACIONES. | I80: =VLOOKUP(C80,'06'!$B$8:$N$225,7,FALSE) -> KG | J80: =+'07'!N538 -> 10058.958 | L80: =+'08'!AF1557 -> 15681.51 | M80: =ROUND((+L80*J80),2) -> 1.5773965e+08 | O80: 9696.098 | P80: 1.5204946e+08
A81: C-07 | B81: APU COD | C81: TUBERIAS
A82: C-07-01 | B82: =VLOOKUP(C82,'06'!$B$8:$N$225,13,FALSE) -> G990 | C82: SUMINISTRO E INSTALACIÓN DE TUBERIA PVC UNION MECANICA DE 4". PRESIÓN DE TRABAJO 200 PSI. | I82: =VLOOKUP(C82,'06'!$B$8:$N$225,7,FALSE) -> ML | J82: =+'07'!N999 -> 89908.32 | L82: =+'08'!AF1598 -> 22 | M82: =ROUND((+L82*J82),2) -> 1977983 | O82: 88625.469 | P82: 1949760.3
A83: C-07-02 | B83: =VLOOKUP(C83,'06'!$B$8:$N$225,13,FALSE) -> G989 | C83: SUMINISTRO E INSTALACIÓN DE TUBERIA PVC UNION MECANICA DE 6". PRESIÓN DE TRABAJO 200 PSI. | I83: =VLOOKUP(C83,'06'!$B$8:$N$225,7,FALSE) -> ML | J83: =+'07'!N1043 -> 180886.15 | L83: =+'08'!AF1639 -> 30.5 | M83: =ROUND((+L83*J83),2) -> 5517027.6 | O83: 179405.94 | P83: 5471881.2
A84: C-07-03 | B84: =VLOOKUP(C84,'06'!$B$8:$N$225,13,FALSE) -> G999 | C84: SUMINISTRO E INSTALACIÓN DE TUBERIA PVC UNION MECANICA DE 8". PRESIÓN DE TRABAJO 200 PSI. | I84: =VLOOKUP(C84,'06'!$B$8:$N$225,7,FALSE) -> ML | J84: =+'07'!N580 -> 300902.18 | L84: =+'08'!AF1680 -> 18 | M84: =ROUND((+L84*J84),2) -> 5416239.2 | O84: 298764.1 | P84: 5377753.7
A85: C-08 | B85: APU COD | C85: ACCESORIOS Y OBRAS COMPLEMENTARIAS
A86: C-08-01 | B86: =VLOOKUP(C86,'06'!$B$8:$N$225,13,FALSE) -> G998 | C86: SUMINISTRO E INSTALACIÓN DE CINTA PVC DE 0.15 METROS PARA JUNTA DE CONSTRUCCION EN TANQUES. | I86: =VLOOKUP(C86,'06'!$B$8:$N$225,7,FALSE) -> ML | J86: =+'07'!N625 -> 77165.282 | L86: =+'08'!AF1721 -> 190.77 | M86: =ROUND((+L86*J86),2) -> 14720821 | O86: 75561.719 | P86: 14414909
A87: C-08-02 | B87: =VLOOKUP(C87,'06'!$B$8:$N$225,13,FALSE) -> G988 | C87: SUMINISTRO E INSTALACION PASAMURO HD 3" BXB=0,75M Z=0.375 M. | I87: =VLOOKUP(C87,'06'!$B$8:$N$225,7,FALSE) -> UND | J87: =+'07'!N1087 -> 617600.53 | L87: =+'08'!AF1762 -> 4 | M87: =ROUND((+L87*J87),2) -> 2470402.1 | O87: 606281.26 | P87: 2425125
A88: C-08-03 | B88: =VLOOKUP(C88,'06'!$B$8:$N$225,13,FALSE) -> G997 | C88: SUMINISTRO E INSTALACIÓN PASAMURO HD 6" BXB=0,75M Z=0.375 M. | I88: =VLOOKUP(C88,'06'!$B$8:$N$225,7,FALSE) -> UND | J88: =+'07'!N670 -> 1292709.9 | L88: =+'08'!AF1803 -> 6 | M88: =ROUND((+L88*J88),2) -> 7756259.3 | O88: 1278715.1 | P88: 7672290.9
A89: C-08-04 | B89: =VLOOKUP(C89,'06'!$B$8:$N$225,13,FALSE) -> G996 | C89: SUMINISTRO E INSTALACIÓN PASAMURO HD 8" BXB=0,75M Z=0.375 M. | I89: =VLOOKUP(C89,'06'!$B$8:$N$225,7,FALSE) -> UND | J89: =+'07'!N715 -> 1600916 | L89: =+'08'!AF1844 -> 32 | M89: =ROUND((+L89*J89),2) -> 51229312 | O89: 1586921.3 | P89: 50781480
A90: C-08-05 | B90: =VLOOKUP(C90,'06'!$B$8:$N$225,13,FALSE) -> G961 | C90: SUMINISTRO E INSTALACIÓN PASAMURO HD 12" BXB=0,75M Z=0.375 M. | I90: =VLOOKUP(C90,'06'!$B$8:$N$225,7,FALSE) -> UND | J90: =+'07'!N2443 -> 2551062.6 | L90: =+'08'!AF1885 -> 2 | M90: =ROUND((+L90*J90),2) -> 5102125.2 | O90: 2533957.9 | P90: 5067915.9
A91: C-08-06 | B91: =VLOOKUP(C91,'06'!$B$8:$N$225,13,FALSE) -> G987 | C91: SUMINISTRO E INSTALACIÓN VÁLVULA DE COMPUERTA ELASTICA VASTAGO NO ASCENDENTE EXTREMO BRIDADO PARA PVC DIAMETRO 3". | I91: =VLOOKUP(C91,'06'!$B$8:$N$225,7,FALSE) -> UND | J91: =+'07'!N1131 -> 1574828.7 | L91: =+'08'!AF1926 -> 4 | M91: =ROUND((+L91*J91),2) -> 6299314.7 | O91: 1547339 | P91: 6189356.1
A92: C-08-07 | B92: =VLOOKUP(C92,'06'!$B$8:$N$225,13,FALSE) -> G995 | C92: SUMINISTRO E INSTALACIÓN VÁLVULA DE COMPUERTA ELASTICA VASTAGO NO ASCENDENTE EXTREMO BRIDADO PARA PVC DIAMETRO 6". | I92: =VLOOKUP(C92,'06'!$B$8:$N$225,7,FALSE) -> UND | J92: =+'07'!N760 -> 3318593 | L92: =+'08'!AF1967 -> 2 | M92: =ROUND((+L92*J92),2) -> 6637186.1 | O92: 3292936 | P92: 6585872
A93: C-08-08 | B93: =VLOOKUP(C93,'06'!$B$8:$N$225,13,FALSE) -> G994 | C93: SUMINISTRO E INSTALACIÓN VÁLVULA DE COMPUERTA ELASTICA VASTAGO NO ASCENDENTE EXTREMO BRIDADO PARA PVC DIAMETRO 8". | I93: =VLOOKUP(C93,'06'!$B$8:$N$225,7,FALSE) -> UND | J93: =+'07'!N808 -> 4861575.7 | L93: =+'08'!AF2008 -> 2 | M93: =ROUND((+L93*J93),2) -> 9723151.4 | O93: 4835918.7 | P93: 9671837.4
A94: C-08-09 | B94: =VLOOKUP(C94,'06'!$B$8:$N$225,13,FALSE) -> G992 | C94: SUMINISTRO E INSTALACIÓN COMPUERTA DE VASTAGO DESLIZANTE DE 8". INCLUYE COLUMNA DE MANIOBRA Y TODO LO NECESARIO PARA SU CORRECTO FUNCIONAMIENTO. | I94: =VLOOKUP(C94,'06'!$B$8:$N$225,7,FALSE) -> UND | J94: =+'07'!N904 -> 6146941.2 | L94: =+'08'!AF2049 -> 12 | M94: =ROUND((+L94*J94),2) -> 73763294 | O94: 6116152.8 | P94: 73393833
A95: C-08-10 | B95: =VLOOKUP(C95,'06'!$B$8:$N$225,13,FALSE) -> G986 | C95: SUMINISTRO E INSTALACIÓN SISTEMA DE RECOLECCIÓN DE AGUA FLOCULADA, EN TUBERÍA HD O PETROLERA DE DIÁMETRO 12". INCLUYE TODO LO NECESARIO PARA SU CORRECTA CONSTRUCCIÓN E INSTALACIÓN. | I95: =VLOOKUP(C95,'06'!$B$8:$N$225,7,FALSE) -> UND | J95: =+'07'!N1175 -> 4050575.7 | L95: =+'08'!AF2090 -> 2 | M95: =ROUND((+L95*J95),2) -> 8101151.3 | O95: 3970397.5 | P95: 7940795
A96: C-08-11 | B96: =VLOOKUP(C96,'06'!$B$8:$N$225,13,FALSE) -> G985 | C96: SUMINISTRO E INSTALACIÓN TUBERÍA DE ENTRADA DE AGUA FLOCULADA HACIA SEDIMENTACIÓN. TUBERÍA H.D. O PETROLERA DE DIÁMETRO 8". INCLUYE TODOS LOS ELEMENTOS PARA SU CORRECTA INSTALACIÓN Y FUNCIONAMIENTO. LA TUBERÍA TENDRÁ PERFORACIONES DE 3" SEGÚN DISEÑO. | I96: =VLOOKUP(C96,'06'!$B$8:$N$225,7,FALSE) -> UND | J96: =+'07'!N1219 -> 9921428.1 | L96: =+'08'!AF2131 -> 6 | M96: =ROUND((+L96*J96),2) -> 59528569 | O96: 9814523.9 | P96: 58887143
A97: C-08-12 | B97: =VLOOKUP(C97,'06'!$B$8:$N$225,13,FALSE) -> G984 | C97: SUMINISTRO E INSTALACIÓN TUBERÍA DE RECOLECCIÓN DE AGUA SEDIMENTADA. TUBERÍA H.D. O PETROLERA DE DIÁMETRO 6". INCLUYE TODOS LOS ELEMENTOS PARA SU CORRECTA INSTALACIÓN Y FUNCIONAMIENTO. LA TUBERÍA TENDRÁ PERFORACIONES DE 3/4" SEGÚN DISEÑO. | I97: =VLOOKUP(C97,'06'!$B$8:$N$225,7,FALSE) -> UND | J97: =+'07'!N1268 -> 2993459.4 | L97: =+'08'!AF2172 -> 6 | M97: =ROUND((+L97*J97),2) -> 17960757 | O97: 2913281.2 | P97: 17479687
A98: C-08-13 | B98: =VLOOKUP(C98,'06'!$B$8:$N$225,13,FALSE) -> G983 | C98: FALSO FONDO EN FIBRA DE VIDRIO DE ESPESOR 0.02 METROS CON ORIFICOS DE 0.10 METROS CADA 0.30 METROS. | I98: =VLOOKUP(C98,'06'!$B$8:$N$225,7,FALSE) -> M2 | J98: =+'07'!N1317 -> 441273.47 | L98: =+'08'!AF2213 -> 8.68 | M98: =ROUND((+L98*J98),2) -> 3830253.7 | O98: 427910.44 | P98: 3714262.6
A99: C-08-14 | B99: =VLOOKUP(C99,'06'!$B$8:$N$225,13,FALSE) -> G982 | C99: MODULOS DE SEDIMENTACION DE ALTA TASA TIPO COLMENA. ALTURA RECTA 1.04. ALTURA INCLINADA 1.20 METROS, CALIBRE 40 EN MATERIAL POLIESTIRENO CON ADITIVOS MODIFICADORES DE IMPACTO Y PROTECTOR UV. | I99: =VLOOKUP(C99,'06'!$B$8:$N$225,7,FALSE) -> M2 | J99: =+'07'!N1366 -> 1231132.6 | L99: =+'08'!AF2254 -> 26.24 | M99: =ROUND((+L99*J99),2) -> 32304920 | O99: 1225787.4 | P99: 32164662
A100: C-08-15 | B100: =VLOOKUP(C100,'06'!$B$8:$N$225,13,FALSE) -> G981 | C100: ANTRACITA PARA FILTRO. | I100: =VLOOKUP(C100,'06'!$B$8:$N$225,7,FALSE) -> M3 | J100: =+'07'!N1415 -> 1254089.2 | L100: =+'08'!AF2295 -> 3.91 | M100: =ROUND((+L100*J100),2) -> 4903488.9 | O100: 1251683.9 | P100: 4894084
A101: C-08-16 | B101: =VLOOKUP(C101,'06'!$B$8:$N$225,13,FALSE) -> G980 | C101: ARENA PARA FILTRO. | I101: =VLOOKUP(C101,'06'!$B$8:$N$225,7,FALSE) -> M3 | J101: =+'07'!N1464 -> 1107444.6 | L101: =+'08'!AF2336 -> 1.74 | M101: =ROUND((+L101*J101),2) -> 1926953.6 | O101: 1105039.3 | P101: 1922768.3
A102: C-08-17 | B102: =VLOOKUP(C102,'06'!$B$8:$N$225,13,FALSE) -> G979 | C102: GRAVA PARA FILTRO. | I102: =VLOOKUP(C102,'06'!$B$8:$N$225,7,FALSE) -> M3 | J102: =+'07'!N1513 -> 1111651.1 | L102: =+'08'!AF2377 -> 1.74 | M102: =ROUND((+L102*J102),2) -> 1934272.9 | O102: 1109245.7 | P102: 1930087.6
A103: C-08-18 | B103: =VLOOKUP(C103,'06'!$B$8:$N$225,13,FALSE) -> G963 | C103: SUMINISTRO E INSTALACIÓN CODO PVC DE 90 GRADOS PRESIÓN DE 8". INCLUYE UNIÓN DE REPARACIÓN. | I103: =VLOOKUP(C103,'06'!$B$8:$N$225,7,FALSE) -> UND | J103: =+'07'!N2335 -> 2206484.3 | L103: =+'08'!AF2418 -> 2 | M103: =ROUND((+L103*J103),2) -> 4412968.6 | O103: 2197687.5 | P103: 4395375.1
H105: D - CANAL DE DESINFECCIÓN | M105: =SUM(M108:N128) -> 1.3742929e+08
A106: ITEM | B106: CAPITULO/DESCRIPCION | I106: UNID | J106: VALOR UNITARIO | L106: CANTIDAD | M106: VALOR PARCIAL
A107: D-01 | B107: APU COD | C107: PRELIMINARES
...

Sheet 07
A1: LOCALIZACIÓN Y REPLANTEO DE REDES (NO INCLUYE EQUIPO DE TOPOGRAFÍA) | M1: =+'01'!$M$13 -> 0
A3: 1 | B3: 2 | C3: 3 | D3: 4 | E3: 5 | F3: 6 | G3: 7 | H3: 8 | I3: 9 | J3: 10 | K3: 11 | L3: 12 | M3: 13 | N3: 14
A4: G001 | B4: =A1 -> LOCALIZACIÓN Y REPLANTEO DE REDES (NO INCLUYE EQUIPO DE TOPOGRAFÍA) | C4: UNIDAD: | D4: M | E4: TOTAL | F4: =ROUNDUP(H4+J4+L4+N4,2) -> 4730.23 | G4: EQUIPO | H4: =M22 -> 124.0927 | I4: MATERIAL | J4: =M13 -> 2058.796 | K4: TRANSP. | L4: =M31 -> 65.486661 | M4: M.O. | N4: =M40 -> 2481.854
M5: AIU | N5: =+F4*'01'!$O$15 -> 6122.3552
A6: A - MATERIALES
A7: DESCRIPCIÓN | H7: UNIDAD | I7: TARIFA | K7: CANTIDAD | M7: SUB - TOTAL
A8: Estaca | H8: =IF(A8="","",VLOOKUP(A8,'10'!$C$6:$E$1152,2,FALSE)) -> Unidad | I8: =IF(A8="","",VLOOKUP(A8,'10'!$C$6:$E$1152,3,FALSE)) -> 3075 | K8: 0.3 | M8: =IF(A8="","",I8*K8) -> 922.5
A9: Pintura en aceite | H9: =IF(A9="","",VLOOKUP(A9,'10'!$C$6:$E$1152,2,FALSE)) -> Galón | I9: =IF(A9="","",VLOOKUP(A9,'10'!$C$6:$E$1152,3,FALSE)) -> 100912 | K9: 0.008 | M9: =IF(A9="","",I9*K9) -> 807.296
A10: Clavo de alta velocidad 1/4"X2" | H10: =IF(A10="","",VLOOKUP(A10,'10'!$C$6:$E$1152,2,FALSE)) -> Libra | I10: =IF(A10="","",VLOOKUP(A10,'10'!$C$6:$E$1152,3,FALSE)) -> 10000 | K10: 0.012 | M10: =IF(A10="","",I10*K10) -> 120
A11: Cinta señalización | H11: =IF(A11="","",VLOOKUP(A11,'10'!$C$6:$E$1152,2,FALSE)) -> ml | I11: =IF(A11="","",VLOOKUP(A11,'10'!$C$6:$E$1152,3,FALSE)) -> 209 | K11: 1 | M11: =IF(A11="","",I11*K11) -> 209
H12: =IF(A12="","",VLOOKUP(A12,'10'!$C$6:$E$1152,2,FALSE)) | I12: =IF(A12="","",VLOOKUP(A12,'10'!$C$6:$E$1152,3,FALSE)) | M12: =IF(A12="","",I12*K12)
K13: SUBTOTAL | M13: =SUM(M8:N12) -> 2058.796
A15: B - HERRAMIENTA, MAQUINARIA Y EQUIPO
A16: DESCRIPCIÓN | H16: UNIDAD | I16: TARIFA | K16: CANTIDAD | M16: SUB - TOTAL
A17: Herramienta Menor | H17: =IF(A17="","",VLOOKUP(A17,'11'!$C$6:$E$1012,2,FALSE)) -> #N/A | I17: =M40 -> 2481.854 | K17: 0.05 | M17: =IF(A17="","",I17*K17) -> 124.0927
H18: =IF(A18="","",VLOOKUP(A18,'11'!$C$6:$E$1012,2,FALSE)) | M18: =IF(A18="","",I18*K18)
H19: =IF(A19="","",VLOOKUP(A19,'11'!$C$6:$E$1012,2,FALSE)) | M19: =IF(A19="","",I19*K19)
H20: =IF(A20="","",VLOOKUP(A20,'11'!$C$6:$E$1012,2,FALSE)) | M20: =IF(A20="","",I20*K20)
H21: =IF(A21="","",VLOOKUP(A21,'11'!$C$6:$E$1012,2,FALSE)) | M21: =IF(A21="","",I21*K21)
K22: SUBTOTAL | M22: =SUM(M17:N21) -> 124.0927
A24: C - TRANSPORTE
A25: DESCRIPCIÓN | H25: UNIDAD | I25: TARIFA | K25: CANTIDAD | M25: SUB - TOTAL
A26: Transporte de herramienta | H26: % Mat | I26: =M13+M22 -> 2182.8887 | K26: 0.03 | M26: =IF(A26="","",I26*K26) -> 65.486661
M27: =IF(A27="","",I27*K27)
M28: =IF(A28="","",I28*K28)
M29: =IF(A29="","",I29*K29)
M30: =IF(A30="","",I30*K30)
K31: SUBTOTAL | M31: =SUM(M26:N30) -> 65.486661
A33: D - MANO DE OBRA
A34: DESCRIPCIÓN | H34: UNIDAD | I34: TARIFA | K34: F.M. | L34: REND. | M34: SUB - TOTAL
A35: Comisión de Topografía | H35: =IF(A35="","",VLOOKUP(A35,'09'!$A$22:$O$168,4,FALSE)) -> Cuadrilla | I35: =IF(A35="","",VLOOKUP(A35,'09'!$A$22:$O$168,5,FALSE)) -> 262637 | K35: =IF(A35="","",'03'!$I$2) -> 1.88995 | L35: 0.005 | M35: =IF(A35="","",I35*K35*L35) -> 2481.854
H36: =IF(A36="","",VLOOKUP(A36,'09'!$A$22:$O$168,4,FALSE)) | I36: =IF(A36="","",VLOOKUP(A36,'09'!$A$22:$O$168,5,FALSE)) | K36: =IF(A36="","",'03'!$I$2) | M36: =IF(A36="","",I36*K36*L36)
H37: =IF(A37="","",VLOOKUP(A37,'09'!$A$22:$O$168,4,FALSE)) | I37: =IF(A37="","",VLOOKUP(A37,'09'!$A$22:$O$168,5,FALSE)) | K37: =IF(A37="","",'03'!$I$2) | M37: =IF(A37="","",I37*K37*L37)
H38: =IF(A38="","",VLOOKUP(A38,'09'!$A$22:$O$168,4,FALSE)) | I38: =IF(A38="","",VLOOKUP(A38,'09'!$A$22:$O$168,5,FALSE)) | K38: =IF(A38="","",'03'!$I$2) | M38: =IF(A38="","",I38*K38*L38)
H39: =IF(A39="","",VLOOKUP(A39,'09'!$A$22:$O$168,4,FALSE)) | I39: =IF(A39="","",VLOOKUP(A39,'09'!$A$22:$O$168,5,FALSE)) | K39: =IF(A39="","",'03'!$I$2) | M39: =IF(A39="","",I39*K39*L39)
K40: SUBTOTAL | M40: =SUM(M35:N39) -> 2481.854
I43: Elaboración | K43: MARIO FERNANDO ESTRADA MORA
I44: Ingeniero Civil
A45: EXCAVACIÓN MECÁNICA EN MATERIAL COMÚN (INCLUYE MAQUINARIA) | M45: =+'01'!$M$13 -> 0
A48: G005 | B48: =A45 -> EXCAVACIÓN MECÁNICA EN MATERIAL COMÚN (INCLUYE MAQUINARIA) | C48: UNIDAD: | D48: M3 | E48: TOTAL | F48: =H48+J48+L48+N48 -> 19769.355 | G48: EQUIPO | H48: =M67 -> 19193.548 | I48: MATERIAL | J48: =M58 -> 0 | K48: TRANSP. | L48: =M76 -> 575.80645 | M48: M.O. | N48: =M85 -> 0
M49: AIU | N49: =+F48*'01'!$O$15 -> 25587.553
A50: A - MATERIALES
A51: DESCRIPCIÓN | H51: UNIDAD | I51: TARIFA | K51: CANTIDAD | M51: SUB - TOTAL
K58: SUBTOTAL | M58: =SUM(M52:N57) -> 0
A60: B - HERRAMIENTA, MAQUINARIA Y EQUIPO
A61: DESCRIPCIÓN | H61: UNIDAD | I61: TARIFA | K61: CANTIDAD | M61: SUB - TOTAL
A62: Retroexcavadora de llanta, balde estandar | H62: =IF(A62="","",VLOOKUP(A62,'11'!$C$6:$E$1012,2,FALSE)) -> Hora | I62: =IF(A62="","",VLOOKUP(A62,'11'!$C$6:$E$1012,3,FALSE)) -> 178500 | K62: =1/9.3 -> 0.10752688 | M62: =IF(A62="","",I62*K62) -> 19193.548
K67: SUBTOTAL | M67: =SUM(M62:N66) -> 19193.548
A69: C - TRANSPORTE
A70: DESCRIPCIÓN | H70: UNIDAD | I70: TARIFA | K70: CANTIDAD | M70: SUB - TOTAL
A71: Transporte de equipos y herramientas | H71: % H, M, E | I71: =+M67 -> 19193.548 | K71: 0.03 | M71: =IF(A71="","",I71*K71) -> 575.80645
K76: SUBTOTAL | M76: =SUM(M71:N75) -> 575.80645
A78: D - MANO DE OBRA
A79: DESCRIPCIÓN | H79: UNIDAD | I79: TARIFA | K79: F.M. | L79: REND. | M79: SUB - TOTAL
K85: SUBTOTAL | M85: =SUM(M80:N84) -> 0
I88: Elaboración | K88: MARIO FERNANDO ESTRADA MORA
I89: Ingeniero Civil
A91: RELLENO CON ARENA PARA BASE DE TUBERÍA | M91: =+'01'!$M$13 -> 0
A94: G008 | B94: =A91 -> RELLENO CON ARENA PARA BASE DE TUBERÍA | C94: UNIDAD: | D94: M3 | E94: TOTAL | F94: =H94+J94+L94+N94 -> 88112.141 | G94: EQUIPO | H94: =M113 -> 386.06387 | I94: MATERIAL | J94: =M104 -> 65450 | K94: TRANSP. | L94: =M122 -> 9407.2819 | M94: M.O. | N94: =M131 -> 12868.796
M95: AIU | N95: =+F94*'01'!$O$15 -> 114043.89
A96: A - MATERIALES
A97: DESCRIPCIÓN | H97: UNIDAD | I97: TARIFA | K97: CANTIDAD | M97: SUB - TOTAL
A98: Arena triturada pasante 3/8" | H98: =IF(A98="","",VLOOKUP(A98,'10'!$C$6:$E$1152,2,FALSE)) -> M3 | I98: =IF(A98="","",VLOOKUP(A98,'10'!$C$6:$E$1152,3,FALSE)) -> 65450 | K98: 1 | M98: =IF(A98="","",I98*K98) -> 65450
K104: SUBTOTAL | M104: =SUM(M98:N103) -> 65450
A106: B - HERRAMIENTA, MAQUINARIA Y EQUIPO
A107: DESCRIPCIÓN | H107: UNIDAD | I107: TARIFA | K107: CANTIDAD | M107: SUB - TOTAL
A108: Herramienta Menor | H108: =IF(A108="","",VLOOKUP(A108,'11'!$C$6:$E$1012,2,FALSE)) -> #N/A | I108: =+M131 -> 12868.796 | K108: 0.03 | M108: =IF(A108="","",I108*K108) -> 386.06387
H109: =IF(A109="","",VLOOKUP(A109,AA_Equipos,7,FALSE)) | I109: =IF(A109="","",VLOOKUP(A109,AA_Equipos,8,FALSE)) | M109: =IF(A109="","",I109*K109)
H110: =IF(A110="","",VLOOKUP(A110,AA_Equipos,7,FALSE)) | I110: =IF(A110="","",VLOOKUP(A110,AA_Equipos,8,FALSE)) | M110: =IF(A110="","",I110*K110)
H111: =IF(A111="","",VLOOKUP(A111,AA_Equipos,7,FALSE)) | I111: =IF(A111="","",VLOOKUP(A111,AA_Equipos,8,FALSE)) | M111: =IF(A111="","",I111*K111)
H112: =IF(A112="","",VLOOKUP(A112,AA_Equipos,7,FALSE)) | I112: =IF(A112="","",VLOOKUP(A112,AA_Equipos,8,FALSE)) | M112: =IF(A112="","",I112*K112)
K113: SUBTOTAL | M113: =SUM(M108:N112) -> 386.06387
A115: C - TRANSPORTE
A116: DESCRIPCIÓN | H116: UNIDAD | I116: TARIFA | K116: CANTIDAD | M116: SUB - TOTAL
A117: Transporte de materiales | H117: =IF(A117="","",VLOOKUP(A117,'10'!$C$6:$E$1152,2,FALSE)) -> M3-KM | I117: =IF(A117="","",VLOOKUP(A117,'10'!$C$6:$E$1152,3,FALSE)) -> 1879.14 | K117: =+'01'!B15 -> 5 | M117: =IF(A117="","",I117*K117) -> 9395.7
A118: Transporte de equipos y herramientas | H118: % | I118: =+M113 -> 386.06387 | K118: 0.03 | M118: =IF(A118="","",I118*K118) -> 11.581916
K122: SUBTOTAL | M122: =SUM(M117:N121) -> 9407.2819
A124: D - MANO DE OBRA
A125: DESCRIPCIÓN | H125: UNIDAD | I125: TARIFA | K125: F.M. | L125: REND. | M125: SUB - TOTAL
A126: Cuadrilla 5: 1 OfcA + 1 AyuA | H126: =IF(A126="","",VLOOKUP(A126,'09'!$A$22:$O$168,4,FALSE)) -> Cuadrilla | I126: =IF(A126="","",VLOOKUP(A126,'09'!$A$22:$O$168,5,FALSE)) -> 204272 | K126: =IF(A126="","",'03'!$I$2) -> 1.88995 | L126: =1/30 -> 0.033333333 | M126: =IF(A126="","",I126*K126*L126) -> 12868.796
K131: SUBTOTAL | M131: =SUM(M126:N130) -> 12868.796
I134: Elaboración | K134: MARIO FERNANDO ESTRADA MORA
I135: Ingeniero Civil
A136: RELLENO CON TRITURADO PASANTE DE 3/4" | M136: =+'01'!$M$13 -> 0
A139: G009 | B139: =A136 -> RELLENO CON TRITURADO PASANTE DE 3/4" | C139: UNIDAD: | D139: M3 | E139: TOTAL | F139: =H139+J139+L139+N139 -> 135712.14 | G139: EQUIPO | H139: =M158 -> 386.06387 | I139: MATERIAL | J139: =M149 -> 113050 | K139: TRANSP. | L139: =M167 -> 9407.2819 | M139: M.O. | N139: =M176 -> 12868.796
M140: AIU | N140: =+F139*'01'!$O$15 -> 175652.75
A141: A - MATERIALES
A142: DESCRIPCIÓN | H142: UNIDAD | I142: TARIFA | K142: CANTIDAD | M142: SUB - TOTAL
A143: Triturado pasante de 3/4" retenido en 3/8" | H143: =IF(A143="","",VLOOKUP(A143,'10'!$C$6:$E$1152,2,FALSE)) -> M3 | I143: =IF(A143="","",VLOOKUP(A143,'10'!$C$6:$E$1152,3,FALSE)) -> 113050 | K143: 1 | M143: =IF(A143="","",I143*K143) -> 113050
K149: SUBTOTAL | M149: =SUM(M143:N148) -> 113050
A151: B - HERRAMIENTA, MAQUINARIA Y EQUIPO
A152: DESCRIPCIÓN | H152: UNIDAD | I152: TARIFA | K152: CANTIDAD | M152: SUB - TOTAL
A153: Herramienta Menor | H153: =IF(A153="","",VLOOKUP(A153,'11'!$C$6:$E$1012,2,FALSE)) -> #N/A | I153: =+M176 -> 12868.796 | K153: 0.03 | M153: =IF(A153="","",I153*K153) -> 386.06387
K158: SUBTOTAL | M158: =SUM(M153:N157) -> 386.06387
A160: C - TRANSPORTE
A161: DESCRIPCIÓN | H161: UNIDAD | I161: TARIFA | K161: CANTIDAD | M161: SUB - TOTAL
A162: Transporte de materiales | H162: =IF(A162="","",VLOOKUP(A162,'10'!$C$6:$E$1152,2,FALSE)) -> M3-KM | I162: =IF(A162="","",VLOOKUP(A162,'10'!$C$6:$E$1152,3,FALSE)) -> 1879.14 | K162: =+'01'!B15 -> 5 | M162: =IF(A162="","",I162*K162) -> 9395.7
A163: Transporte de equipos y herramientas | H163: % | I163: =+M158 -> 386.06387 | K163: 0.03 | M163: =IF(A163="","",I163*K163) -> 11.581916
M164: =IF(A164="","",I164*K164)
M165: =IF(A165="","",I165*K165)
...

Sheet AIU
A1: ='01'!A12 -> "CONSTRUCCION SISTEMA DE ACUEDUCTO FASE II DEL MUNICIPIO DE TESALIA DPTO DEL HUILA" | K1: FECHA | M1: =N56 -> 4.4285295e+08
K2: 2026
A5: ESTRUCTURA DE COSTOS DE LA ADMINISTRACIÓN
B8: COSTO DIRECTO OC | D8: ='01'!M268 -> 2.2791768e+09
A10: A | B10: COSTOS DIRECTOS DE PERSONAL | P10: 2.1823726e+09
A11: ÍTEM | B11: CARGO/OFICIO | H11: CANTIDAD | I11: DEDICAC. (Mes) | J11: SUELDO Y/O TARIFA MENSUAL | L11: DURAC. (Meses) | M11: IMPACTO (%) | N11: VALOR PARCIAL ($)
A13: A.01 | B13: Director de obra | H13: 1 | I13: 0.3 | J13: 6500000 | L13: 5 | M13: =N13/$N$54 -> 0.022016337 | N13: =L13*I13*J13*H13 -> 9750000
A14: A.02 | B14: Especialista Estructural | H14: 1 | I14: 0.2 | J14: 6000000 | L14: 4 | M14: =N14/$N$54 -> 0.010838812 | N14: =L14*I14*J14*H14 -> 4800000
A15: A.04 | B15: Especialista Hidráulico | H15: 1 | I15: 0.2 | J15: 6000000 | L15: 4 | M15: =N15/$N$54 -> 0.010838812 | N15: =L15*I15*J15*H15 -> 4800000
A16: A.05 | B16: Profesional Civil (Residente de Obra) | H16: 1 | I16: 1 | J16: 3500000 | L16: 5 | M16: =N16/$N$54 -> 0.039516503 | N16: =L16*I16*J16*H16 -> 17500000
A17: A.06 | B17: Profesional Topógrafo | H17: 1 | I17: 0.5 | J17: 3500000 | L17: 4 | M17: =N17/$N$54 -> 0.015806601 | N17: =L17*I17*J17*H17 -> 7000000
A18: A.08 | B18: Profesional SST | H18: 1 | I18: 1 | J18: 3500000 | L18: 4 | M18: =N18/$N$54 -> 0.031613202 | N18: =L18*I18*J18*H18 -> 14000000
B20: PERSONAL ADMINISTRATIVO
B21: Personal de vigilancia en obra | H21: 1 | I21: 1 | J21: 2000000 | L21: 4 | M21: =N21/$N$54 -> 0.018064687 | N21: =I21*J21*L21 -> 8000000
H22: Subtotal Costos Directos de Personal | N22: =SUM(N13:N21) -> 65850000
H23: Factor Prestacional | N23: ='03'!$I$2 -> 1.88995
H24: Total Costos Directos de Personal Incluyendo Factor Prestacional | N24: =+N22*N23 -> 1.2445321e+08
A26: B | B26: OTROS COSTOS DIRECTOS
B27: DESCRIPCIÓN | H27: UNIDAD | I27: CANTIDAD | J27: SUELDO Y/O TARIFA MENSUAL | L27: DURACIÓN (Meses) | M27: IMPACTO (%) | N27: VALOR PARCIAL ($)
A29: B.01 | B29: Alquiler oficina | H29: MES | I29: 1 | J29: 800000 | L29: 5 | M29: =N29/$N$54 -> 0.0090323435 | N29: =J29*I29*L29 -> 4000000
A30: B.03 | B30: Gastos de oficina (papelería, mensajería, alquiler equipos de computo) | H30: MES | I30: 1 | J30: 500000 | L30: 5 | M30: =N30/$N$54 -> 0.0056452147 | N30: =J30*I30*L30 -> 2500000
A31: B.04 | B31: Vehículo camionetas pick up doble cabina | H31: MES | I31: 1 | J31: 6500000 | L31: 4 | M31: =N31/$N$54 -> 0.058710233 | N31: =J31*I31*L31 -> 26000000
A32: B.05 | B32: Ensayos y pruebas:asentamiento, ensayo de resistencia a compresión y ensayos de compactación | H32: MES | I32: 1 | J32: 974632.91 | L32: 4 | M32: =N32/$N$54 -> 0.0088032192 | N32: =J32*I32*L32 -> 3898531.6
A33: B.07 | B33: Instalaciones provisionales movilización y desmovilización | H33: MES | I33: 1 | J33: 2500000 | L33: 1 | M33: =N33/$N$54 -> 0.0056452147 | N33: =J33*L33*I33 -> 2500000
A34: B.09 | B34: Alquiler de equipo de topografía | H34: MES | I34: 0.5 | J34: 2000000 | L34: 4 | M34: =N34/$N$54 -> 0.0090323435 | N34: =J34*L34*I34 -> 4000000
B35: Valla del proyecto | H35: UND | I35: 1 | J35: 2000000 | L35: 1 | M35: =N35/$N$54 -> 0.0045161718 | N35: =J35*L35*I35 -> 2000000
H36: Subtotal Otros Costos Directos | N36: =SUM(N29:N35) -> 44898532
A38: C | B38: GARANTÍAS
B39: DESCRIPCIÓN | H39: cant | I39: CANTIDAD | J39: VALOR | L39: TARIFA | M39: IMPACTO (%) | N39: VALOR PARCIAL ($)
A41: C.01 | B41: Garantías | H41: UND | I41: 1 | J41: =D8 -> 2.2791768e+09 | L41: 0.015 | M41: =N41/$N$54 -> 0.077198653 | N41: =J41*I41*L41 -> 34187652
H42: Subtotal Otros Costos Directos | N42: =SUM(N41) -> 34187652
A44: D | B44: ESTAMPILLAS
B45: DESCRIPCIÓN | H45: UNIDAD | I45: CANTIDAD | J45: SUELDO Y/O TARIFA MENSUAL | L45: DURACIÓN (Meses) | M45: IMPACTO (%) | N45: VALOR PARCIAL ($)
A47: D.01 | B47: Pro desarrollo | H47: Unidad | I47: 0.02 | J47: =ROUND((I47*$D$8),0) -> 45583536 | L47: 1 | M47: =N47/$N$54 -> 0.10293154 | N47: =+J47*L47 -> 45583536
A48: D.02 | B48: Pro Cultura | H48: Unidad | I48: 0.015 | J48: =ROUND((I48*$D$8),0) -> 34187652 | L48: 1 | M48: =N48/$N$54 -> 0.077198654 | N48: =+J48*L48 -> 34187652
A49: D.03 | B49: Pro USCO | H49: Unidad | I49: 0.005 | J49: =ROUND((I49*$D$8),0) -> 11395884 | L49: 1 | M49: =N49/$N$54 -> 0.025732885 | N49: =+J49*L49 -> 11395884
A50: D.04 | B50: Pro deporte | H50: Unidad | I50: 0.015 | J50: =ROUND((I50*$D$8),0) -> 34187652 | L50: 1 | M50: =N50/$N$54 -> 0.077198654 | N50: =+J50*L50 -> 34187652
A51: D.04 | B51: Contribución | H51: Unidad | I51: 0.05 | J51: =ROUND((I51*$D$8),0) -> 113958839 | L51: 1 | M51: =N51/$N$54 -> 0.25732884 | N51: =+J51*L51 -> 113958839
H52: Subtotal Otros Costos Directos | N52: =SUM(N47:N51) -> 239313563
A54: NOTA: El director de obra y el Residente de Obra cuentan con un mes más de plazo , para que puedan liquidar contrato | H54: TOTAL COSTOS DIRECTOS DE PERSONAL + OTROS COSTOS DIRECTOS (A+B) | N54: =N24+N36+N42+N52 -> 4.4285295e+08
H55: AJUSTE | N55: 1
H56: VALOR TOTAL | N56: =N54*N55 -> 4.4285295e+08 | P56: {='01'!M269:N269} -> 4.4285295e+08 | Q56: 0
J60: Elaboración | L60: Deiner Alexander Obregon Palomeque
J61: Ingeniero Civil | L61: MP: 011037-0653228 ANT

Sheet Hoja1
C1: TUBERIA | G1: TOTAL PROYECTO | I1: {=+'01'!I330:J330} -> 0 | J1: 0
C2: =+M4 -> 2353371.8 | P2: =+N4/2 -> 256.7
G3: % | I3: =(C2/I1)*100 -> #DIV/0!
M4: =+L7+L10+L13+L14+L15+L18+L21+L22+L23+L26+L27+L30+L33+L34+L35 -> 2353371.8 | N4: =+N7+N10+N13+N14+N15+N18+N21+N22+N23+N26+N27+N30+N33+N34+N35 -> 513.4 | O4: ML
C6: A-05 | D6: APU COD | E6: TUBERIAS
C7: A-05-01 | D7: =VLOOKUP(E7,'06'!$B$8:$N$225,13,FALSE) -> G015 | E7: SUMINISTRO E INSTALACIÓN DE TUBERÍA PVC UM Ø6" RDE 21 (INCLUYE PEGAMENTO, LIMPIADOR, HERRAMIENTA MENOR Y MANO DE OBRA) | K7: =VLOOKUP(E7,'06'!$B$8:$N$225,7,FALSE) -> ML | L7: 136401.88 | N7: 5
C9: B-07 | D9: APU COD | E9: TUBERIAS
C10: B-07-01 | D10: =VLOOKUP(E10,'06'!$B$8:$N$225,13,FALSE) -> G999 | E10: SUMINISTRO E INSTALACIÓN DE TUBERIA PVC UNION MECANICA DE 8". PRESIÓN DE TRABAJO 200 PSI. | K10: =VLOOKUP(E10,'06'!$B$8:$N$225,7,FALSE) -> ML | L10: 230829.94 | N10: 24
C12: C-07 | D12: APU COD | E12: TUBERIAS
C13: C-07-01 | D13: =VLOOKUP(E13,'06'!$B$8:$N$225,13,FALSE) -> G990 | E13: SUMINISTRO E INSTALACIÓN DE TUBERIA PVC UNION MECANICA DE 4". PRESIÓN DE TRABAJO 200 PSI. | K13: =VLOOKUP(E13,'06'!$B$8:$N$225,7,FALSE) -> ML | L13: 68862.265 | N13: 22
C14: C-07-02 | D14: =VLOOKUP(E14,'06'!$B$8:$N$225,13,FALSE) -> G989 | E14: SUMINISTRO E INSTALACIÓN DE TUBERIA PVC UNION MECANICA DE 6". PRESIÓN DE TRABAJO 200 PSI. | K14: =VLOOKUP(E14,'06'!$B$8:$N$225,7,FALSE) -> ML | L14: 139135.3 | N14: 30.5
C15: C-07-03 | D15: =VLOOKUP(E15,'06'!$B$8:$N$225,13,FALSE) -> G999 | E15: SUMINISTRO E INSTALACIÓN DE TUBERIA PVC UNION MECANICA DE 8". PRESIÓN DE TRABAJO 200 PSI. | K15: =VLOOKUP(E15,'06'!$B$8:$N$225,7,FALSE) -> ML | L15: 230829.94 | N15: 18
C17: D-07 | D17: APU COD | E17: TUBERIAS
C18: D-07-01 | D18: =VLOOKUP(E18,'06'!$B$8:$N$225,13,FALSE) -> G999 | E18: SUMINISTRO E INSTALACIÓN DE TUBERIA PVC UNION MECANICA DE 8". PRESIÓN DE TRABAJO 200 PSI. | K18: =VLOOKUP(E18,'06'!$B$8:$N$225,7,FALSE) -> ML | L18: 230829.94 | N18: 5 | P18: No. | Q18: Bien nacional relevante | R18: Fecha de inscripción | S18: Fecha de vigencia | T18: No. de partida arancelaria | U18: % de participación | V18: Puntaje individual de cada bien
P19: 1. | Q19: Cemento | R19: 45797 | S19: 46213 | T19: 2523210000 | U19: =+Hoja2!J3 -> #DIV/0! | V19: =+(U19*20)/(U19+U20) -> #DIV/0!
C20: E-07 | D20: APU COD | E20: TUBERIAS | P20: 2 | Q20: Tubería | R20: 45797 | S20: 46371 | T20: 3917239000 | U20: =+I3 -> #DIV/0! | V20: =+(U20*20)/(U20+U19) -> #DIV/0!
C21: E-07-01 | D21: =VLOOKUP(E21,'06'!$B$8:$N$225,13,FALSE) -> G990 | E21: SUMINISTRO E INSTALACIÓN DE TUBERIA PVC UNION MECANICA DE 4". PRESIÓN DE TRABAJO 200 PSI. | K21: =VLOOKUP(E21,'06'!$B$8:$N$225,7,FALSE) -> ML | L21: 68862.265 | N21: 16 | V21: 20
C22: E-07-02 | D22: =VLOOKUP(E22,'06'!$B$8:$N$225,13,FALSE) -> G989 | E22: SUMINISTRO E INSTALACIÓN DE TUBERIA PVC UNION MECANICA DE 6". PRESIÓN DE TRABAJO 200 PSI. | K22: =VLOOKUP(E22,'06'!$B$8:$N$225,7,FALSE) -> ML | L22: 139135.3 | N22: 75.5
C23: E-07-03 | D23: =VLOOKUP(E23,'06'!$B$8:$N$225,13,FALSE) -> G999 | E23: SUMINISTRO E INSTALACIÓN DE TUBERIA PVC UNION MECANICA DE 8". PRESIÓN DE TRABAJO 200 PSI. | K23: =VLOOKUP(E23,'06'!$B$8:$N$225,7,FALSE) -> ML | L23: 230829.94 | N23: 36
C25: F-07 | D25: APU COD | E25: TUBERIAS | V25: 17.549112
C26: F-07-01 | D26: =VLOOKUP(E26,'06'!$B$8:$N$225,13,FALSE) -> G990 | E26: SUMINISTRO E INSTALACIÓN DE TUBERIA PVC UNION MECANICA DE 4". PRESIÓN DE TRABAJO 200 PSI. | K26: =VLOOKUP(E26,'06'!$B$8:$N$225,7,FALSE) -> ML | L26: 68862.265 | N26: 31.4
C27: F-07-02 | D27: =VLOOKUP(E27,'06'!$B$8:$N$225,13,FALSE) -> G989 | E27: SUMINISTRO E INSTALACIÓN DE TUBERIA PVC UNION MECANICA DE 6". PRESIÓN DE TRABAJO 200 PSI. | K27: =VLOOKUP(E27,'06'!$B$8:$N$225,7,FALSE) -> ML | L27: 139135.3 | N27: 15
C29: H-07 | D29: APU COD | E29: TUBERIAS
C30: H-07-01 | D30: =VLOOKUP(E30,'06'!$B$8:$N$225,13,FALSE) -> G999 | E30: SUMINISTRO E INSTALACIÓN DE TUBERIA PVC UNION MECANICA DE 8". PRESIÓN DE TRABAJO 200 PSI. | K30: =VLOOKUP(E30,'06'!$B$8:$N$225,7,FALSE) -> ML | L30: 230829.94 | N30: 90
C32: I-05 | D32: APU COD | E32: TUBERIAS
C33: I-05-01 | D33: =VLOOKUP(E33,'06'!$B$8:$N$225,13,FALSE) -> G990 | E33: SUMINISTRO E INSTALACIÓN DE TUBERIA PVC UNION MECANICA DE 4". PRESIÓN DE TRABAJO 200 PSI. | K33: =VLOOKUP(E33,'06'!$B$8:$N$225,7,FALSE) -> ML | L33: 68862.265 | N33: 10
C34: I-05-02 | D34: =VLOOKUP(E34,'06'!$B$8:$N$225,13,FALSE) -> G989 | E34: SUMINISTRO E INSTALACIÓN DE TUBERIA PVC UNION MECANICA DE 6". PRESIÓN DE TRABAJO 200 PSI. | K34: =VLOOKUP(E34,'06'!$B$8:$N$225,7,FALSE) -> ML | L34: 139135.3 | N34: 20
C35: I-05-03 | D35: =VLOOKUP(E35,'06'!$B$8:$N$225,13,FALSE) -> G999 | E35: SUMINISTRO E INSTALACIÓN DE TUBERIA PVC UNION MECANICA DE 8". PRESIÓN DE TRABAJO 200 PSI. | K35: =VLOOKUP(E35,'06'!$B$8:$N$225,7,FALSE) -> ML | L35: 230829.94 | N35: 115

Sheet Hoja2
D1: CEMENTO | H1: TOTAL PROYECTO | L1: {=+'01'!I330:J330} -> 0 | M1: 0 | Q1: PRESUPUESTO | R1: APU | S1: CONCRETO
D2: =+U5 -> 2.3844597e+08
H3: % | J3: =+(D2/L1)*100 -> #DIV/0!
U5: =+U7+U8+U11+U12+U15+U16+U19+U20+U23+U24+U27+U28+U31+U32 -> 2.3844597e+08
A6: B-05 | B6: APU COD | C6: CONCRETOS | M6: APU COD | O6: APU
A7: B-05-01 | B7: =VLOOKUP(C7,'06'!$B$8:$N$225,13,FALSE) -> G018 | C7: CONCRETO PARA SOLADO, LIMPIEZA Y/O RELLENOS FLUIDOS (140KG/CM2) - ESPESOR=0.05 METROS. | I7: =VLOOKUP(C7,'06'!$B$8:$N$225,7,FALSE) -> M3 | J7: 550931.45 | L7: 1.49 | M7: G018 | N7: 2000 | O7: 230 | Q7: =+L7 -> 1.49 | R7: =+O7 -> 230 | S7: 800 | U7: =+Q7*R7*S7 -> 274160
A8: B-05-02 | B8: =VLOOKUP(C8,'06'!$B$8:$N$225,13,FALSE) -> G019 | C8: CONCRETO DE FC=280 KG/CM2, IMPERMEABILIZADO PARA ESTRUCTURAS ENTERRADAS Y SEMIENTERRADAS. | I8: =VLOOKUP(C8,'06'!$B$8:$N$225,7,FALSE) -> M3 | J8: 1233519.6 | L8: 22.9 | M8: G019 | N8: 4000 | O8: 420 | Q8: =+L8 -> 22.9 | R8: =+O8 -> 420 | S8: 800 | U8: =+Q8*R8*S8 -> 7694400
A10: C-05 | B10: APU COD | C10: CONCRETOS | M10: APU COD
A11: C-05-01 | B11: =VLOOKUP(C11,'06'!$B$8:$N$225,13,FALSE) -> G018 | C11: CONCRETO PARA SOLADO, LIMPIEZA Y/O RELLENOS FLUIDOS (140KG/CM2) - ESPESOR=0.05 METROS. | I11: =VLOOKUP(C11,'06'!$B$8:$N$225,7,FALSE) -> M3 | J11: 550931.45 | L11: 6.63 | M11: G018 | N11: 2000 | O11: 230 | Q11: =+L11 -> 6.63 | R11: =+O11 -> 230 | S11: 800 | U11: =+Q11*R11*S11 -> 1219920
A12: C-05-02 | B12: =VLOOKUP(C12,'06'!$B$8:$N$225,13,FALSE) -> G019 | C12: CONCRETO DE FC=280 KG/CM2, IMPERMEABILIZADO PARA ESTRUCTURAS ENTERRADAS Y SEMIENTERRADAS. | I12: =VLOOKUP(C12,'06'!$B$8:$N$225,7,FALSE) -> M3 | J12: 1233519.6 | L12: 176.27 | M12: G019 | N12: 4000 | O12: 420 | Q12: =+L12 -> 176.27 | R12: =+O12 -> 420 | S12: 800 | U12: =+Q12*R12*S12 -> 59226720
A14: D-05 | B14: APU COD | C14: CONCRETOS | M14: APU COD
A15: D-05-01 | B15: =VLOOKUP(C15,'06'!$B$8:$N$225,13,FALSE) -> G018 | C15: CONCRETO PARA SOLADO, LIMPIEZA Y/O RELLENOS FLUIDOS (140KG/CM2) - ESPESOR=0.05 METROS. | I15: =VLOOKUP(C15,'06'!$B$8:$N$225,7,FALSE) -> M3 | J15: =VLOOKUP(C15,'06'!$B$8:$N$225,12,FALSE) -> 560706.71 | L15: 1.86 | M15: G018 | N15: 2000 | O15: 230 | Q15: =+L15 -> 1.86 | R15: =+O15 -> 230 | S15: 800 | U15: =+Q15*R15*S15 -> 342240
A16: D-05-02 | B16: =VLOOKUP(C16,'06'!$B$8:$N$225,13,FALSE) -> G019 | C16: CONCRETO DE FC=280 KG/CM2, IMPERMEABILIZADO PARA ESTRUCTURAS ENTERRADAS Y SEMIENTERRADAS. | I16: =VLOOKUP(C16,'06'!$B$8:$N$225,7,FALSE) -> M3 | J16: =VLOOKUP(C16,'06'!$B$8:$N$225,12,FALSE) -> 1129033 | L16: 37.43 | M16: G019 | N16: 4000 | O16: 420 | Q16: =+L16 -> 37.43 | R16: =+O16 -> 420 | S16: 800 | U16: =+Q16*R16*S16 -> 12576480
A18: E-05 | B18: APU COD | C18: CONCRETOS | M18: APU COD
A19: E-05-01 | B19: =VLOOKUP(C19,'06'!$B$8:$N$225,13,FALSE) -> G018 | C19: CONCRETO PARA SOLADO, LIMPIEZA Y/O RELLENOS FLUIDOS (140KG/CM2) - ESPESOR=0.05 METROS. | I19: =VLOOKUP(C19,'06'!$B$8:$N$225,7,FALSE) -> M3 | J19: =VLOOKUP(C19,'06'!$B$8:$N$225,12,FALSE) -> 560706.71 | L19: 1.31 | M19: G018 | N19: 2000 | O19: 230 | Q19: =+L19 -> 1.31 | R19: =+O19 -> 230 | S19: 800 | U19: =+Q19*R19*S19 -> 241040
A20: E-05-02 | B20: =VLOOKUP(C20,'06'!$B$8:$N$225,13,FALSE) -> G019 | C20: CONCRETO DE FC=280 KG/CM2, IMPERMEABILIZADO PARA ESTRUCTURAS ENTERRADAS Y SEMIENTERRADAS. | I20: =VLOOKUP(C20,'06'!$B$8:$N$225,7,FALSE) -> M3 | J20: =VLOOKUP(C20,'06'!$B$8:$N$225,12,FALSE) -> 1129033 | L20: 54.59 | M20: G019 | N20: 4000 | O20: 420 | Q20: =+L20 -> 54.59 | R20: =+O20 -> 420 | S20: 800 | U20: =+Q20*R20*S20 -> 18342240
A22: F-05 | B22: APU COD | C22: CONCRETOS | M22: APU COD
A23: F-05-01 | B23: =VLOOKUP(C23,'06'!$B$8:$N$225,13,FALSE) -> G018 | C23: CONCRETO PARA SOLADO, LIMPIEZA Y/O RELLENOS FLUIDOS (140KG/CM2) - ESPESOR=0.05 METROS. | I23: =VLOOKUP(C23,'06'!$B$8:$N$225,7,FALSE) -> M3 | J23: =VLOOKUP(C23,'06'!$B$8:$N$225,12,FALSE) -> 560706.71 | L23: 2.5 | M23: G018 | N23: 2000 | O23: 230 | Q23: =+L23 -> 2.5 | R23: =+O23 -> 230 | S23: 800 | U23: =+Q23*R23*S23 -> 460000
A24: F-05-02 | B24: =VLOOKUP(C24,'06'!$B$8:$N$225,13,FALSE) -> G019 | C24: CONCRETO DE FC=280 KG/CM2, IMPERMEABILIZADO PARA ESTRUCTURAS ENTERRADAS Y SEMIENTERRADAS. | I24: =VLOOKUP(C24,'06'!$B$8:$N$225,7,FALSE) -> M3 | J24: =VLOOKUP(C24,'06'!$B$8:$N$225,12,FALSE) -> 1129033 | L24: 30.89 | M24: G019 | N24: 4000 | O24: 420 | Q24: =+L24 -> 30.89 | R24: =+O24 -> 420 | S24: 800 | U24: =+Q24*R24*S24 -> 10379040
A26: H-05 | B26: APU COD | C26: CONCRETOS | M26: APU COD
A27: H-05-01 | B27: =VLOOKUP(C27,'06'!$B$8:$N$225,13,FALSE) -> G018 | C27: CONCRETO PARA SOLADO, LIMPIEZA Y/O RELLENOS FLUIDOS (140KG/CM2) - ESPESOR=0.05 METROS. | I27: =VLOOKUP(C27,'06'!$B$8:$N$225,7,FALSE) -> M3 | J27: =VLOOKUP(C27,'06'!$B$8:$N$225,12,FALSE) -> 560706.71 | L27: 14.25 | M27: G018 | N27: 2000 | O27: 230 | Q27: =+L27 -> 14.25 | R27: =+O27 -> 230 | S27: 800 | U27: =+Q27*R27*S27 -> 2622000
A28: H-05-02 | B28: =VLOOKUP(C28,'06'!$B$8:$N$225,13,FALSE) -> G019 | C28: CONCRETO DE FC=280 KG/CM2, IMPERMEABILIZADO PARA ESTRUCTURAS ENTERRADAS Y SEMIENTERRADAS. | I28: =VLOOKUP(C28,'06'!$B$8:$N$225,7,FALSE) -> M3 | J28: =VLOOKUP(C28,'06'!$B$8:$N$225,12,FALSE) -> 1129033 | L28: 350.68 | M28: G019 | N28: 4000 | O28: 420 | Q28: =+L28 -> 350.68 | R28: =+O28 -> 420 | S28: 800 | U28: =+Q28*R28*S28 -> 1.1782848e+08
A30: J-05 | B30: APU COD | C30: CONCRETOS | M30: APU COD
A31: J-05-01 | B31: =VLOOKUP(C31,'06'!$B$8:$N$225,13,FALSE) -> G018 | C31: CONCRETO PARA SOLADO, LIMPIEZA Y/O RELLENOS FLUIDOS (140KG/CM2) - ESPESOR=0.05 METROS. | I31: =VLOOKUP(C31,'06'!$B$8:$N$225,7,FALSE) -> M3 | J31: =VLOOKUP(C31,'06'!$B$8:$N$225,12,FALSE) -> 560706.71 | L31: 2.822 | M31: G018 | N31: 2000 | O31: 230 | Q31: =+L31 -> 2.822 | R31: =+O31 -> 230 | S31: 800 | U31: =+Q31*R31*S31 -> 519248
A32: J-05-02 | B32: =VLOOKUP(C32,'06'!$B$8:$N$225,13,FALSE) -> G019 | C32: CONCRETO DE FC=280 KG/CM2, IMPERMEABILIZADO PARA ESTRUCTURAS ENTERRADAS Y SEMIENTERRADAS. | I32: =VLOOKUP(C32,'06'!$B$8:$N$225,7,FALSE) -> M3 | J32: =VLOOKUP(C32,'06'!$B$8:$N$225,12,FALSE) -> 1129033 | L32: 20 | M32: G019 | N32: 4000 | O32: 420 | Q32: =+L32 -> 20 | R32: =+O32 -> 420 | S32: 800 | U32: =+Q32*R32*S32 -> 6720000

Sheet PRES.FASE 3-DISTRIBUCCION
D1: AGUAS DEL HUILA S.A. E.S.P.
B2: CONTRATO DE CONSULTORIA No. 059 DEL 01 DE MARZO DE 2021 CUYO OBJETO ES “CONTRATO DE CONSULTORIA PARA LA ELABORACION DE ESTUDIOS Y DISEÑOS PARA LA OPTIMIZACION DEL SISTEMA DE ACUEDUCTO DEL MUNICIPIO DE TESALIA”.
B3: PRESUPUESTO GENERAL DE OBRA FASE III
B4: ='M.CANTID.FASE 3-DISTRIBUCCION'!A5 -> CAPITULO 1: ACUEDUCTO
F5: FECHA: | G5: AGOSTO/2024
B6: ITEM | C6: DESCRIPCION | D6: UND. | E6: CANT. | F6: VALOR UNITARIO | G6: VALOR TOTAL
B7: ='M.CANTID.FASE 3-DISTRIBUCCION'!A7 -> 1.6. RED DE DISTRIBUCION
C8: ='M.CANTID.FASE 3-DISTRIBUCCION'!C9 -> OBRA CIVIL
B9: ='M.CANTID.FASE 3-DISTRIBUCCION'!B10 -> 1.6.1. | C9: ='M.CANTID.FASE 3-DISTRIBUCCION'!C10 -> #REF! | D9: ='M.CANTID.FASE 3-DISTRIBUCCION'!P15 -> ML | E9: ='M.CANTID.FASE 3-DISTRIBUCCION'!O15 -> 27423.56 | F9: =#REF! -> #REF! | G9: =ROUND((+E9*F9),0) -> #REF!
B10: ='M.CANTID.FASE 3-DISTRIBUCCION'!B16 -> 1.6.2. | C10: ='M.CANTID.FASE 3-DISTRIBUCCION'!C16 -> #REF! | D10: ='M.CANTID.FASE 3-DISTRIBUCCION'!P24 -> M3 | E10: ='M.CANTID.FASE 3-DISTRIBUCCION'!O24 -> 19450.47 | F10: =#REF! -> #REF! | G10: =ROUND((+E10*F10),0) -> #REF!
B11: ='M.CANTID.FASE 3-DISTRIBUCCION'!B25 -> 1.6.3. | C11: ='M.CANTID.FASE 3-DISTRIBUCCION'!C25 -> #REF! | D11: ='M.CANTID.FASE 3-DISTRIBUCCION'!P33 -> M3 | E11: ='M.CANTID.FASE 3-DISTRIBUCCION'!O33 -> 5226.17 | F11: =#REF! -> #REF! | G11: =ROUND((+E11*F11),0) -> #REF!
B12: ='M.CANTID.FASE 3-DISTRIBUCCION'!B34 -> 1.6.4. | C12: ='M.CANTID.FASE 3-DISTRIBUCCION'!C34 -> #REF! | D12: ='M.CANTID.FASE 3-DISTRIBUCCION'!P42 -> M3-Km | E12: ='M.CANTID.FASE 3-DISTRIBUCCION'!O42 -> 51763.42 | F12: =#REF! -> #REF! | G12: =ROUND((+E12*F12),0) -> #REF!
B13: ='M.CANTID.FASE 3-DISTRIBUCCION'!B44 -> 1.6.5. | C13: ='M.CANTID.FASE 3-DISTRIBUCCION'!C44 -> #REF! | D13: ='M.CANTID.FASE 3-DISTRIBUCCION'!P52 -> M3 | E13: ='M.CANTID.FASE 3-DISTRIBUCCION'!O52 -> 9097.79 | F13: =#REF! -> #REF! | G13: =ROUND((+E13*F13),0) -> #REF!
B14: ='M.CANTID.FASE 3-DISTRIBUCCION'!B56 -> 1.6.6. | C14: ='M.CANTID.FASE 3-DISTRIBUCCION'!C56 -> #REF! | D14: ='M.CANTID.FASE 3-DISTRIBUCCION'!P64 -> M3 | E14: ='M.CANTID.FASE 3-DISTRIBUCCION'!O64 -> 5012.96 | F14: =#REF! -> #REF! | G14: =ROUND((+E14*F14),0) -> #REF!
B15: ='M.CANTID.FASE 3-DISTRIBUCCION'!B65 -> 1.6.7. | C15: ='M.CANTID.FASE 3-DISTRIBUCCION'!C65 -> #REF! | D15: ='M.CANTID.FASE 3-DISTRIBUCCION'!P67 -> ML | E15: ='M.CANTID.FASE 3-DISTRIBUCCION'!O67 -> 530.71 | F15: =#REF! -> #REF! | G15: =ROUND((+E15*F15),0) -> #REF!
B16: ='M.CANTID.FASE 3-DISTRIBUCCION'!B68 -> 1.6.8. | C16: ='M.CANTID.FASE 3-DISTRIBUCCION'!C68 -> #REF! | D16: ='M.CANTID.FASE 3-DISTRIBUCCION'!P70 -> ML | E16: ='M.CANTID.FASE 3-DISTRIBUCCION'!O70 -> 7343.15 | F16: =#REF! -> #REF! | G16: =ROUND((+E16*F16),0) -> #REF!
B17: ='M.CANTID.FASE 3-DISTRIBUCCION'!B71 -> 1.6.9. | C17: ='M.CANTID.FASE 3-DISTRIBUCCION'!C71 -> #REF! | D17: ='M.CANTID.FASE 3-DISTRIBUCCION'!P73 -> ML | E17: ='M.CANTID.FASE 3-DISTRIBUCCION'!O73 -> 15879.73 | F17: =#REF! -> #REF! | G17: =ROUND((+E17*F17),0) -> #REF!
B18: ='M.CANTID.FASE 3-DISTRIBUCCION'!B74 -> 1.6.10. | C18: ='M.CANTID.FASE 3-DISTRIBUCCION'!C74 -> #REF! | D18: ='M.CANTID.FASE 3-DISTRIBUCCION'!P76 -> ML | E18: ='M.CANTID.FASE 3-DISTRIBUCCION'!O76 -> 3669.97 | F18: =#REF! -> #REF! | G18: =ROUND((+E18*F18),0) -> #REF!
B19: ='M.CANTID.FASE 3-DISTRIBUCCION'!B77 -> 1.6.11. | C19: ='M.CANTID.FASE 3-DISTRIBUCCION'!C77 -> #REF! | D19: ='M.CANTID.FASE 3-DISTRIBUCCION'!P79 -> UND | E19: ='M.CANTID.FASE 3-DISTRIBUCCION'!O79 -> 4 | F19: =#REF! -> #REF! | G19: =ROUND((+E19*F19),0) -> #REF!
B20: ='M.CANTID.FASE 3-DISTRIBUCCION'!B80 -> 1.6.12. | C20: ='M.CANTID.FASE 3-DISTRIBUCCION'!C80 -> #REF! | D20: ='M.CANTID.FASE 3-DISTRIBUCCION'!P82 -> UND | E20: ='M.CANTID.FASE 3-DISTRIBUCCION'!O82 -> 6 | F20: =#REF! -> #REF! | G20: =ROUND((+E20*F20),0) -> #REF!
B21: ='M.CANTID.FASE 3-DISTRIBUCCION'!B83 -> 1.6.13. | C21: ='M.CANTID.FASE 3-DISTRIBUCCION'!C83 -> #REF! | D21: ='M.CANTID.FASE 3-DISTRIBUCCION'!P85 -> UND | E21: ='M.CANTID.FASE 3-DISTRIBUCCION'!O85 -> 2 | F21: =#REF! -> #REF! | G21: =ROUND((+E21*F21),0) -> #REF!
B22: ='M.CANTID.FASE 3-DISTRIBUCCION'!B86 -> 1.6.14. | C22: ='M.CANTID.FASE 3-DISTRIBUCCION'!C86 -> #REF! | D22: ='M.CANTID.FASE 3-DISTRIBUCCION'!P90 -> UND | E22: ='M.CANTID.FASE 3-DISTRIBUCCION'!O90 -> 12 | F22: =#REF! -> #REF! | G22: =ROUND((+E22*F22),0) -> #REF!
B23: ='M.CANTID.FASE 3-DISTRIBUCCION'!B91 -> 1.6.15. | C23: ='M.CANTID.FASE 3-DISTRIBUCCION'!C91 -> #REF! | D23: ='M.CANTID.FASE 3-DISTRIBUCCION'!P93 -> UND | E23: ='M.CANTID.FASE 3-DISTRIBUCCION'!O93 -> 3 | F23: =#REF! -> #REF! | G23: =ROUND((+E23*F23),0) -> #REF!
B24: ='M.CANTID.FASE 3-DISTRIBUCCION'!B96 -> 1.6.16. | C24: ='M.CANTID.FASE 3-DISTRIBUCCION'!C96 -> #REF! | D24: ='M.CANTID.FASE 3-DISTRIBUCCION'!P98 -> UND | E24: ='M.CANTID.FASE 3-DISTRIBUCCION'!O98 -> 2 | F24: =#REF! -> #REF! | G24: =ROUND((+E24*F24),0) -> #REF!
B25: ='M.CANTID.FASE 3-DISTRIBUCCION'!B99 -> 1.6.17. | C25: ='M.CANTID.FASE 3-DISTRIBUCCION'!C99 -> #REF! | D25: ='M.CANTID.FASE 3-DISTRIBUCCION'!P101 -> UND | E25: ='M.CANTID.FASE 3-DISTRIBUCCION'!O101 -> 4 | F25: =#REF! -> #REF! | G25: =ROUND((+E25*F25),0) -> #REF!
B26: ='M.CANTID.FASE 3-DISTRIBUCCION'!B102 -> 1.6.18. | C26: ='M.CANTID.FASE 3-DISTRIBUCCION'!C102 -> #REF! | D26: ='M.CANTID.FASE 3-DISTRIBUCCION'!P104 -> UND | E26: ='M.CANTID.FASE 3-DISTRIBUCCION'!O104 -> 1 | F26: =#REF! -> #REF! | G26: =ROUND((+E26*F26),0) -> #REF!
B27: ='M.CANTID.FASE 3-DISTRIBUCCION'!B105 -> 1.6.19. | C27: ='M.CANTID.FASE 3-DISTRIBUCCION'!C105 -> #REF! | D27: ='M.CANTID.FASE 3-DISTRIBUCCION'!P107 -> UND | E27: ='M.CANTID.FASE 3-DISTRIBUCCION'!O107 -> 6 | F27: =#REF! -> #REF! | G27: =ROUND((+E27*F27),0) -> #REF!
B28: ='M.CANTID.FASE 3-DISTRIBUCCION'!B108 -> 1.6.20. | C28: ='M.CANTID.FASE 3-DISTRIBUCCION'!C108 -> #REF! | D28: ='M.CANTID.FASE 3-DISTRIBUCCION'!P110 -> UND | E28: ='M.CANTID.FASE 3-DISTRIBUCCION'!O110 -> 5 | F28: =#REF! -> #REF! | G28: =ROUND((+E28*F28),0) -> #REF!
B29: ='M.CANTID.FASE 3-DISTRIBUCCION'!B111 -> 1.6.21. | C29: ='M.CANTID.FASE 3-DISTRIBUCCION'!C111 -> #REF! | D29: ='M.CANTID.FASE 3-DISTRIBUCCION'!P113 -> UND | E29: ='M.CANTID.FASE 3-DISTRIBUCCION'!O113 -> 2 | F29: =#REF! -> #REF! | G29: =ROUND((+E29*F29),0) -> #REF!
B30: ='M.CANTID.FASE 3-DISTRIBUCCION'!B114 -> 1.6.22. | C30: ='M.CANTID.FASE 3-DISTRIBUCCION'!C114 -> #REF! | D30: ='M.CANTID.FASE 3-DISTRIBUCCION'!P116 -> UND | E30: ='M.CANTID.FASE 3-DISTRIBUCCION'!O116 -> 1 | F30: =#REF! -> #REF! | G30: =ROUND((+E30*F30),0) -> #REF!
B31: ='M.CANTID.FASE 3-DISTRIBUCCION'!B117 -> 1.6.23. | C31: ='M.CANTID.FASE 3-DISTRIBUCCION'!C117 -> #REF! | D31: ='M.CANTID.FASE 3-DISTRIBUCCION'!P119 -> UND | E31: ='M.CANTID.FASE 3-DISTRIBUCCION'!O119 -> 45 | F31: =#REF! -> #REF! | G31: =ROUND((+E31*F31),0) -> #REF!
B32: ='M.CANTID.FASE 3-DISTRIBUCCION'!B120 -> 1.6.24. | C32: ='M.CANTID.FASE 3-DISTRIBUCCION'!C120 -> #REF! | D32: ='M.CANTID.FASE 3-DISTRIBUCCION'!P122 -> UND | E32: ='M.CANTID.FASE 3-DISTRIBUCCION'!O122 -> 101 | F32: =#REF! -> #REF! | G32: =ROUND((+E32*F32),0) -> #REF!
B33: ='M.CANTID.FASE 3-DISTRIBUCCION'!B123 -> 1.6.25. | C33: ='M.CANTID.FASE 3-DISTRIBUCCION'!C123 -> #REF! | D33: ='M.CANTID.FASE 3-DISTRIBUCCION'!P125 -> UND | E33: ='M.CANTID.FASE 3-DISTRIBUCCION'!O125 -> 47 | F33: =#REF! -> #REF! | G33: =ROUND((+E33*F33),0) -> #REF!
B34: ='M.CANTID.FASE 3-DISTRIBUCCION'!B126 -> 1.6.26. | C34: ='M.CANTID.FASE 3-DISTRIBUCCION'!C126 -> #REF! | D34: ='M.CANTID.FASE 3-DISTRIBUCCION'!P129 -> UND | E34: ='M.CANTID.FASE 3-DISTRIBUCCION'!O129 -> 193 | F34: =#REF! -> #REF! | G34: =ROUND((+E34*F34),0) -> #REF!
B35: ='M.CANTID.FASE 3-DISTRIBUCCION'!B130 -> 1.6.27. | C35: ='M.CANTID.FASE 3-DISTRIBUCCION'!C130 -> #REF! | D35: ='M.CANTID.FASE 3-DISTRIBUCCION'!P132 -> UND | E35: ='M.CANTID.FASE 3-DISTRIBUCCION'!O132 -> 1 | F35: =#REF! -> #REF! | G35: =ROUND((+E35*F35),0) -> #REF!
B36: ='M.CANTID.FASE 3-DISTRIBUCCION'!B133 -> 1.6.28. | C36: ='M.CANTID.FASE 3-DISTRIBUCCION'!C133 -> #REF! | D36: ='M.CANTID.FASE 3-DISTRIBUCCION'!P135 -> UND | E36: ='M.CANTID.FASE 3-DISTRIBUCCION'!O135 -> 2 | F36: =#REF! -> #REF! | G36: =ROUND((+E36*F36),0) -> #REF!
B37: ='M.CANTID.FASE 3-DISTRIBUCCION'!B136 -> 1.6.29. | C37: ='M.CANTID.FASE 3-DISTRIBUCCION'!C136 -> #REF! | D37: ='M.CANTID.FASE 3-DISTRIBUCCION'!P138 -> UND | E37: ='M.CANTID.FASE 3-DISTRIBUCCION'!O138 -> 2 | F37: =#REF! -> #REF! | G37: =ROUND((+E37*F37),0) -> #REF!
B38: ='M.CANTID.FASE 3-DISTRIBUCCION'!B139 -> 1.6.30. | C38: ='M.CANTID.FASE 3-DISTRIBUCCION'!C139 -> #REF! | D38: ='M.CANTID.FASE 3-DISTRIBUCCION'!P141 -> UND | E38: ='M.CANTID.FASE 3-DISTRIBUCCION'!O141 -> 1 | F38: =#REF! -> #REF! | G38: =ROUND((+E38*F38),0) -> #REF!
B39: ='M.CANTID.FASE 3-DISTRIBUCCION'!B142 -> 1.6.31. | C39: ='M.CANTID.FASE 3-DISTRIBUCCION'!C142 -> #REF! | D39: ='M.CANTID.FASE 3-DISTRIBUCCION'!P145 -> UND | E39: ='M.CANTID.FASE 3-DISTRIBUCCION'!O145 -> 2 | F39: =#REF! -> #REF! | G39: =ROUND((+E39*F39),0) -> #REF!
B40: ='M.CANTID.FASE 3-DISTRIBUCCION'!B146 -> 1.6.32. | C40: ='M.CANTID.FASE 3-DISTRIBUCCION'!C146 -> #REF! | D40: ='M.CANTID.FASE 3-DISTRIBUCCION'!P149 -> UND | E40: ='M.CANTID.FASE 3-DISTRIBUCCION'!O149 -> 3 | F40: =#REF! -> #REF! | G40: =ROUND((+E40*F40),0) -> #REF!
C41: SUMINISTROS
B42: ='M.CANTID.FASE 3-DISTRIBUCCION'!B153 -> 1.6.33. | C42: ='M.CANTID.FASE 3-DISTRIBUCCION'!C153 -> #REF! | D42: ='M.CANTID.FASE 3-DISTRIBUCCION'!P155 -> ML | E42: ='M.CANTID.FASE 3-DISTRIBUCCION'!O155 -> 530.71 | F42: =#REF! -> #REF! | G42: =ROUND((+E42*F42),0) -> #REF!
B43: ='M.CANTID.FASE 3-DISTRIBUCCION'!B156 -> 1.6.34. | C43: ='M.CANTID.FASE 3-DISTRIBUCCION'!C156 -> #REF! | D43: ='M.CANTID.FASE 3-DISTRIBUCCION'!P158 -> ML | E43: ='M.CANTID.FASE 3-DISTRIBUCCION'!O158 -> 7343.15 | F43: =#REF! -> #REF! | G43: =ROUND((+E43*F43),0) -> #REF!
B44: ='M.CANTID.FASE 3-DISTRIBUCCION'!B159 -> 1.6.35. | C44: ='M.CANTID.FASE 3-DISTRIBUCCION'!C159 -> #REF! | D44: ='M.CANTID.FASE 3-DISTRIBUCCION'!P161 -> ML | E44: ='M.CANTID.FASE 3-DISTRIBUCCION'!O161 -> 15879.73 | F44: =#REF! -> #REF! | G44: =ROUND((+E44*F44),0) -> #REF!
B45: ='M.CANTID.FASE 3-DISTRIBUCCION'!B162 -> 1.6.36. | C45: ='M.CANTID.FASE 3-DISTRIBUCCION'!C162 -> #REF! | D45: ='M.CANTID.FASE 3-DISTRIBUCCION'!P164 -> ML | E45: ='M.CANTID.FASE 3-DISTRIBUCCION'!O164 -> 3669.97 | F45: =#REF! -> #REF! | G45: =ROUND((+E45*F45),0) -> #REF!
B46: SUB-TOTAL OBRA CIVIL RED DE DISTRIBUCION | G46: =SUM(G9:G40) -> #REF!
B47: SUB-TOTAL SUMINISTROS RED DE DISTRIBUCION | G47: =SUM(G42:G45) -> #REF!
B48: TOTAL : RED DE DISTRIBUCION | G48: =SUM(G46:G47) -> #REF! | I48: =G46+G47 -> #REF!
B49: TOTAL CAPITULO 1: OBRA CIVIL | G49: =G46 -> #REF!
B50: TOTAL CAPITULO 1: SUMINISTROS | G50: =G47 -> #REF!
B51: TOTAL COSTOS DIRECTOS CAPITULO 1 - OBRA CIVIL | G51: =G49 -> #REF!
B52: A.I.U. | F52: =SUM(E53:E55) -> 0.3 | G52: =SUM(G53:G55) -> #REF!
B53: Administración | E53: 0.23 | G53: =ROUND((G$51*E53),0) -> #REF!
B54: Imprevistos | E54: 0.02 | G54: =ROUND((G$51*E54),0) -> #REF!
B55: Utilidad | E55: 0.05 | G55: =ROUND((G$51*E55),0) -> #REF!
B56: VALOR TOTAL CAPITULO 1 - OBRA CIVIL | G56: =G51+G52 -> #REF!
B57: TOTAL COSTOS DIRECTOS CAPITULO 1 - SUMINISTROS | G57: =G50 -> #REF!
B58: Administración (SUMINISTROS) | E58: 0.12 | G58: =ROUND((G$57*E58),0) -> #REF!
B59: VALOR TOTAL CAPITULO 1 - SUMINISTROS | G59: =G57+G58 -> #REF!
B60: PLAN DE MANEJO AMBIENTAL (PMA) | F60: 0.01 | G60: =ROUND((G$51*F60),0) -> #REF!
B61: VALOR TOTAL CAPITULO 1 - OBRA | G61: =G56+G59+G60 -> #REF!
B62: INTERVENTORIA | E62: 0.0845 | G62: =ROUND((G$61*E62),0) -> #REF!
B63: VALOR TOTAL DEL PROYECTO FASE III | G63: =G61+G62 -> #REF!
B69: CONSORCIO TESALIA 2020
B70: R.L. MARIO FERNANDO ESTRADA MORA
B71: C.C. 1,075,211,484 DE NEIVA

Sheet M.CANTID.GENERAL
F1: ='PRES.FASE 1-ADUCCION'!D$1 -> AGUAS DEL HUILA S.A. E.S.P.
A2: ='PRES.FASE 1-ADUCCION'!B$2 -> CONTRATO DE CONSULTORIA No. 059 DEL 01 DE MARZO DE 2021 CUYO OBJETO ES “CONTRATO DE CONSULTORIA PARA LA ELABORACION DE ESTUDIOS Y DISEÑOS PARA LA OPTIMIZACION DEL SISTEMA DE ACUEDUCTO DEL MUNICIPIO DE TESALIA”.
A3: MEMORIA DE CANTIDADES DE OBRA PRESUPUESTO GENERAL | M3: FECHA | N3: =PRES.GENERAL!G5 -> AGOSTO/2024
A5: CAPITULO 1: ACUEDUCTO
A7: 1.1. BOCATOMA - CAPTACION
B9: 1.1.1. | C9: CAPTACION QUEBRADA LA VENTA
C10: OBRA CIVIL
A12: ITEM | B12: 1.1.1.1. | C12: =#REF! -> #REF! | D12: = | E12: LONGITUD | G12: CANTIDAD
C13: EXCESOS | E13: 25 | F13: x | G13: 1 | N13: = | O13: =E13*G13 -> 25 | P13: ML
O14: =ROUND((SUM(O13:O13)),2) -> 25 | P14: ML
A15: ITEM | B15: 1.1.1.2. | C15: =#REF! -> #REF! | D15: = | E15: CANTIDAD
C16: ADUCCION BOCATOMA-DESARENADOR | E16: 1 | N16: = | O16: =E16 -> 1 | P16: UND
O17: =ROUND((SUM(O16:O16)),2) -> 1 | P17: UND
A18: ITEM | B18: 1.1.1.3. | C18: =#REF! -> #REF! | D18: = | E18: CANTIDAD
C19: EXCESOS | E19: 1 | N19: = | O19: =E19 -> 1 | P19: UND
O20: =ROUND((SUM(O19:O19)),2) -> 1 | P20: UND
A21: ITEM | B21: 1.1.1.4. | C21: =#REF! -> #REF! | D21: = | E21: CANTIDAD
C22: ADUCCION BOCATOMA-DESARENADOR | E22: 1 | N22: = | O22: =E22 -> 1 | P22: UND
O23: =ROUND((SUM(O22:O22)),2) -> 1 | P23: UND
A24: ITEM | B24: 1.1.1.5. | C24: =#REF! -> #REF! | D24: = | E24: CANTIDAD
C25: EXCESOS | E25: 1 | N25: = | O25: =E25 -> 1 | P25: UND
O26: =ROUND((SUM(O25:O25)),2) -> 1 | P26: UND
A27: ITEM | B27: 1.1.1.6. | C27: =#REF! -> #REF! | D27: = | E27: CANTIDAD
C28: BOCATOMA LAS VENTAS | E28: 1 | N28: = | O28: =E28 -> 1 | P28: UND
O29: =ROUND((SUM(O28:O28)),2) -> 1 | P29: UND
A30: ITEM | B30: 1.1.1.7. | C30: =#REF! -> #REF! | D30: = | E30: CANTIDAD
C31: MATERIALES GENERALES | E31: 20 | N31: = | O31: =E31 -> 20 | P31: VIAJE
O32: =ROUND((SUM(O31:O31)),2) -> 20 | P32: VIAJE
C35: SUMINISTROS
A36: ITEM | B36: 1.1.1.8. | C36: =#REF! -> #REF! | D36: = | E36: LONGITUD | G36: CANTIDAD
C37: EXCESOS | E37: 25 | F37: x | G37: 1 | N37: = | O37: =E37*G37 -> 25 | P37: ML
O38: =ROUND((SUM(O37:O37)),2) -> 25 | P38: ML
A40: 1.2. ADUCCIONES
B42: 1.2.1. | C42: ADUCCION BOCATOMA - DESARENADOR
C43: OBRA CIVIL
A45: ITEM | B45: 1.2.1.1. | C45: =#REF! -> #REF! | D45: = | E45: LONGITUD
C46: RED DE 10" RDE 32.5 | E46: 166.98 | N46: = | O46: =E46 -> 166.98 | P46: ML
O47: =ROUND((SUM(O46:O46)),2) -> 166.98 | P47: ML
A48: ITEM | B48: 1.2.1.2. | C48: =#REF! -> #REF! | D48: = | E48: LONGITUD | G48: ANCHO | I48: PROFUNDIDAD
C49: RED DE 10" RDE 32.5 | E49: =E46 -> 166.98 | F49: x | G49: 1 | H49: x | I49: 2.34 | N49: = | O49: =E49*G49*I49 -> 390.7332 | P49: M3
O50: =ROUND((SUM(O49:O49)),2) -> 390.73 | P50: M3
A51: ITEM | B51: 1.2.1.3. | C51: =#REF! -> #REF! | D51: = | E51: LONGITUD | G51: ANCHO | I51: PROFUNDIDAD | K51: DESCUENTO
C52: RED DE 10" RDE 32.5 | E52: =E46 -> 166.98 | F52: x | G52: 1 | H52: x | I52: =0.1+0.27+0.15 -> 0.52 | J52: x | K52: =((PI()*(POWER(0.27,2)))/4)*E52 -> 9.5605278 | N52: = | O52: =(E52*G52*I52)-K52 -> 77.269072 | P52: M3
O53: =ROUND((SUM(O52:O52)),2) -> 77.27 | P53: M3
A54: ITEM | B54: 1.2.1.4. | C54: =#REF! -> #REF! | D54: = | E54: LONGITUD | G54: ANCHO | I54: PROFUNDIDAD | K54: CANTIDAD | M54: DISTANCIA
C55: RED DE 10" RDE 32.5 | E55: =E46 -> 166.98 | F55: x | G55: 1 | H55: x | I55: =0.1+0.27+0.15 -> 0.52 | J55: x | K55: 1 | L55: x | M55: 5 | N55: = | O55: =E55*G55*I55*K55*M55 -> 434.148 | P55: M3-Km
O56: =ROUND((SUM(O55:O55)),2) -> 434.15 | P56: M3-Km
A57: ITEM | B57: 1.2.1.5. | C57: =#REF! -> #REF! | D57: = | E57: LONGITUD | G57: ANCHO | I57: PROFUNDIDAD | K57: CANTIDAD
C58: RED DE 10" RDE 32.5 | E58: =E$46 -> 166.98 | F58: x | G58: 1 | H58: x | I58: =I49-I55 -> 1.82 | J58: x | K58: 1 | N58: = | O58: =E58*G58*I58*K58 -> 303.9036 | P58: M3
O59: =ROUND((SUM(O58:O58)),2) -> 303.9 | P59: M3
A60: ITEM | B60: 1.2.1.6. | C60: =#REF! -> #REF! | D60: = | E60: LONGITUD
C61: RED DE 10" RDE 32.5 | E61: =E46 -> 166.98 | N61: = | O61: =E61 -> 166.98 | P61: ML
O62: =ROUND((SUM(O61:O61)),2) -> 166.98 | P62: ML
A63: ITEM | B63: 1.2.1.7. | C63: =#REF! -> #REF! | D63: = | E63: CANTIDAD
C64: SALIDA BOCATOMA LAS VENTAS | E64: 1 | N64: = | O64: =E64 -> 1 | P64: UND
O65: =ROUND((SUM(O64:O64)),2) -> 1 | P65: UND
A66: ITEM | B66: 1.2.1.8. | C66: =#REF! -> #REF! | D66: = | E66: CANTIDAD
C67: SISTEMA DE PURGA ADUCCION DE 10" | E67: 2 | N67: = | O67: =E67 -> 2 | P67: UND
O68: =ROUND((SUM(O67:O67)),2) -> 2 | P68: UND
A69: ITEM | B69: 1.2.1.9. | C69: =#REF! -> #REF! | D69: = | E69: CANTIDAD
C70: RED DE ADUCCION DE 10" | E70: 1 | N70: = | O70: =E70 -> 1 | P70: UND
O71: =ROUND((SUM(O70:O70)),2) -> 1 | P71: UND
A72: ITEM | B72: 1.2.1.10. | C72: =#REF! -> #REF! | D72: = | E72: CANTIDAD
C73: RED DE ADUCCION DE 10" | E73: 2 | N73: = | O73: =E73 -> 2 | P73: UND
O74: =ROUND((SUM(O73:O73)),2) -> 2 | P74: UND
A75: ITEM | B75: 1.2.1.11. | C75: =#REF! -> #REF! | D75: = | E75: CANTIDAD
C76: RED DE ADUCCION DE 10" | E76: 1 | N76: = | O76: =E76 -> 1 | P76: UND
O77: =ROUND((SUM(O76:O76)),2) -> 1 | P77: UND
A78: ITEM | B78: 1.2.1.12. | C78: =#REF! -> #REF! | D78: = | E78: LONGITUD
C79: RED DE ADUCCION DE 10" | E79: 50 | N79: = | O79: =E79 -> 50 | P79: ML
O80: =ROUND((SUM(O79:O79)),2) -> 50 | P80: ML
A81: ITEM | B81: 1.2.1.13. | C81: =#REF! -> #REF! | D81: = | E81: CANTIDAD
C82: VALVULAS DE PURGA | E82: 2 | N82: = | O82: =E82 -> 2 | P82: UND
C83: VALVULAS VENTOSAS | E83: 1 | N83: = | O83: =E83 -> 1 | P83: UND
O84: =ROUND((SUM(O82:O83)),2) -> 3 | P84: UND
C87: SUMINISTROS
A88: ITEM | B88: 1.2.1.14. | C88: =#REF! -> #REF! | D88: = | E88: LONGITUD
C89: RED DE 10" RDE 32.5 | E89: =E46 -> 166.98 | N89: = | O89: =E89 -> 166.98 | P89: ML
O90: =ROUND((SUM(O89:O89)),2) -> 166.98 | P90: ML
B94: 1.2.2. | C94: ADUCCION DESARENADOR - PTAP ACUEDUCTO TESALIA
C95: OBRA CIVIL
A97: ITEM | B97: 1.2.2.1. | C97: =#REF! -> #REF! | D97: = | E97: LONGITUD
C98: RED DE 6" RDE 32.5 | E98: 4085.2 | N98: = | O98: =E98 -> 4085.2 | P98: ML
C99: RED DE 6" RDE 26 | E99: 911.06 | N99: = | O99: =E99 -> 911.06 | P99: ML
C100: RED DE 6" RDE 21 | E100: 137.59 | N100: = | O100: =E100 -> 137.59 | P100: ML
C101: RED DE 6" RDE 17 | E101: 86.84 | N101: = | O101: =E101 -> 86.84 | P101: ML
C102: RED DE 6" A.C. SCH-10 | E102: 6954.07 | N102: = | O102: =E102 -> 6954.07 | P102: ML
O103: =ROUND((SUM(O98:O102)),2) -> 12174.76 | P103: ML
A104: ITEM | B104: 1.2.2.2. | C104: =#REF! -> #REF! | D104: = | E104: LONGITUD | G104: ANCHO | I104: PROFUNDIDAD
C105: RED DE 6" RDE 32.5 | E105: 4085.2 | F105: x | G105: 1 | H105: x | I105: 1.27 | N105: = | O105: =E105*G105*I105 -> 5188.204 | P105: M3
C106: RED DE 6" RDE 26 | E106: 911.06 | F106: x | G106: 1 | H106: x | I106: 1.27 | N106: = | O106: =E106*G106*I106 -> 1157.0462 | P106: M3
C107: RED DE 6" RDE 21 | E107: 137.59 | F107: x | G107: 1 | H107: x | I107: 1.27 | N107: = | O107: =E107*G107*I107 -> 174.7393 | P107: M3
C108: RED DE 6" RDE 17 | E108: 86.84 | F108: x | G108: 1 | H108: x | I108: 1.27 | N108: = | O108: =E108*G108*I108 -> 110.2868 | P108: M3
C109: RED DE 6" A.C. SCH-10 | E109: 6954.07 | F109: x | G109: 1 | H109: x | I109: 1.27 | N109: = | O109: =E109*G109*I109 -> 8831.6689 | P109: M3
O110: =ROUND((SUM(O105:O109)),2) -> 15461.95 | P110: M3
A111: ITEM | B111: 1.2.2.3. | C111: =#REF! -> #REF! | D111: = | E111: LONGITUD | G111: ANCHO | I111: PROFUNDIDAD | K111: DESCUENTO
C112: RED DE 6" RDE 32.5 | E112: 4085.2 | F112: x | G112: 1 | H112: x | I112: =0.1+0.17+0.15 -> 0.42 | J112: x | K112: =((PI()*(POWER(0.17,2)))/4)*E112 -> 92.725898 | N112: = | O112: =(E112*G112*I112)-K112 -> 1623.0581 | P112: M3
C113: RED DE 6" RDE 26 | E113: 911.06 | F113: x | G113: 1 | H113: x | I113: =0.1+0.17+0.15 -> 0.42 | J113: x | K113: =((PI()*(POWER(0.17,2)))/4)*E113 -> 20.679246 | N113: = | O113: =(E113*G113*I113)-K113 -> 361.96595 | P113: M3
C114: RED DE 6" RDE 21 | E114: 137.59 | F114: x | G114: 1 | H114: x | I114: =0.1+0.17+0.15 -> 0.42 | J114: x | K114: =((PI()*(POWER(0.17,2)))/4)*E114 -> 3.1230188 | N114: = | O114: =(E114*G114*I114)-K114 -> 54.664781 | P114: M3
C115: RED DE 6" RDE 17 | E115: 86.84 | F115: x | G115: 1 | H115: x | I115: =0.1+0.17+0.15 -> 0.42 | J115: x | K115: =((PI()*(POWER(0.17,2)))/4)*E115 -> 1.9710949 | N115: = | O115: =(E115*G115*I115)-K115 -> 34.501705 | P115: M3
...

Sheet M.CANTID.FASE 1-ADUCCION
F1: ='PRES.FASE 1-ADUCCION'!D$1 -> AGUAS DEL HUILA S.A. E.S.P.
A2: ='PRES.FASE 1-ADUCCION'!B$2 -> CONTRATO DE CONSULTORIA No. 059 DEL 01 DE MARZO DE 2021 CUYO OBJETO ES “CONTRATO DE CONSULTORIA PARA LA ELABORACION DE ESTUDIOS Y DISEÑOS PARA LA OPTIMIZACION DEL SISTEMA DE ACUEDUCTO DEL MUNICIPIO DE TESALIA”.
A3: MEMORIA DE CANTIDADES DE OBRA FASE I - BOCATOMA - DESARENADOR - ADUCCIONES | M3: FECHA | N3: ='PRES.FASE 1-ADUCCION'!G5 -> AGOSTO/2024
A5: CAPITULO 1: ACUEDUCTO
A7: 1.1. BOCATOMA - CAPTACION
B9: 1.1.1. | C9: CAPTACION QUEBRADA LA VENTA
C10: OBRA CIVIL
A12: ITEM | B12: 1.1.1.1. | C12: =#REF! -> #REF! | D12: = | E12: LONGITUD | G12: CANTIDAD
C13: EXCESOS | E13: 25 | F13: x | G13: 1 | N13: = | O13: =E13*G13 -> 25 | P13: ML
O14: =ROUND((SUM(O13:O13)),2) -> 25 | P14: ML
A15: ITEM | B15: 1.1.1.2. | C15: =#REF! -> #REF! | D15: = | E15: CANTIDAD
C16: ADUCCION BOCATOMA-DESARENADOR | E16: 1 | N16: = | O16: =E16 -> 1 | P16: UND
O17: =ROUND((SUM(O16:O16)),2) -> 1 | P17: UND
A18: ITEM | B18: 1.1.1.3. | C18: =#REF! -> #REF! | D18: = | E18: CANTIDAD
C19: EXCESOS | E19: 1 | N19: = | O19: =E19 -> 1 | P19: UND
O20: =ROUND((SUM(O19:O19)),2) -> 1 | P20: UND
A21: ITEM | B21: 1.1.1.4. | C21: =#REF! -> #REF! | D21: = | E21: CANTIDAD
C22: ADUCCION BOCATOMA-DESARENADOR | E22: 1 | N22: = | O22: =E22 -> 1 | P22: UND
O23: =ROUND((SUM(O22:O22)),2) -> 1 | P23: UND
A24: ITEM | B24: 1.1.1.5. | C24: =#REF! -> #REF! | D24: = | E24: CANTIDAD
C25: EXCESOS | E25: 1 | N25: = | O25: =E25 -> 1 | P25: UND
O26: =ROUND((SUM(O25:O25)),2) -> 1 | P26: UND
A27: ITEM | B27: 1.1.1.6. | C27: =#REF! -> #REF! | D27: = | E27: CANTIDAD
C28: BOCATOMA LAS VENTAS | E28: 1 | N28: = | O28: =E28 -> 1 | P28: UND
O29: =ROUND((SUM(O28:O28)),2) -> 1 | P29: UND
A30: ITEM | B30: 1.1.1.7. | C30: =#REF! -> #REF! | D30: = | E30: CANTIDAD
C31: MATERIALES GENERALES | E31: 20 | N31: = | O31: =E31 -> 20 | P31: VIAJE
O32: =ROUND((SUM(O31:O31)),2) -> 20 | P32: VIAJE
C35: SUMINISTROS
A36: ITEM | B36: 1.1.1.8. | C36: =#REF! -> #REF! | D36: = | E36: LONGITUD | G36: CANTIDAD
C37: EXCESOS | E37: 25 | F37: x | G37: 1 | N37: = | O37: =E37*G37 -> 25 | P37: ML
O38: =ROUND((SUM(O37:O37)),2) -> 25 | P38: ML
A40: 1.2. ADUCCIONES
B42: 1.2.1. | C42: ADUCCION BOCATOMA - DESARENADOR
C43: OBRA CIVIL
A45: ITEM | B45: 1.2.1.1. | C45: =#REF! -> #REF! | D45: = | E45: LONGITUD
C46: RED DE 10" RDE 32.5 | E46: 166.98 | N46: = | O46: =E46 -> 166.98 | P46: ML
O47: =ROUND((SUM(O46:O46)),2) -> 166.98 | P47: ML
A48: ITEM | B48: 1.2.1.2. | C48: =#REF! -> #REF! | D48: = | E48: LONGITUD | G48: ANCHO | I48: PROFUNDIDAD
C49: RED DE 10" RDE 32.5 | E49: =E46 -> 166.98 | F49: x | G49: 1 | H49: x | I49: 2.34 | N49: = | O49: =E49*G49*I49 -> 390.7332 | P49: M3
O50: =ROUND((SUM(O49:O49)),2) -> 390.73 | P50: M3
A51: ITEM | B51: 1.2.1.3. | C51: =#REF! -> #REF! | D51: = | E51: LONGITUD | G51: ANCHO | I51: PROFUNDIDAD | K51: DESCUENTO
C52: RED DE 10" RDE 32.5 | E52: =E46 -> 166.98 | F52: x | G52: 1 | H52: x | I52: =0.1+0.27+0.15 -> 0.52 | J52: x | K52: =((PI()*(POWER(0.27,2)))/4)*E52 -> 9.5605278 | N52: = | O52: =(E52*G52*I52)-K52 -> 77.269072 | P52: M3
O53: =ROUND((SUM(O52:O52)),2) -> 77.27 | P53: M3
A54: ITEM | B54: 1.2.1.4. | C54: =#REF! -> #REF! | D54: = | E54: LONGITUD | G54: ANCHO | I54: PROFUNDIDAD | K54: CANTIDAD | M54: DISTANCIA
C55: RED DE 10" RDE 32.5 | E55: =E46 -> 166.98 | F55: x | G55: 1 | H55: x | I55: =0.1+0.27+0.15 -> 0.52 | J55: x | K55: 1 | L55: x | M55: 5 | N55: = | O55: =E55*G55*I55*K55*M55 -> 434.148 | P55: M3-Km
O56: =ROUND((SUM(O55:O55)),2) -> 434.15 | P56: M3-Km
A57: ITEM | B57: 1.2.1.5. | C57: =#REF! -> #REF! | D57: = | E57: LONGITUD | G57: ANCHO | I57: PROFUNDIDAD | K57: CANTIDAD
C58: RED DE 10" RDE 32.5 | E58: =E$46 -> 166.98 | F58: x | G58: 1 | H58: x | I58: =I49-I55 -> 1.82 | J58: x | K58: 1 | N58: = | O58: =E58*G58*I58*K58 -> 303.9036 | P58: M3
O59: =ROUND((SUM(O58:O58)),2) -> 303.9 | P59: M3
A60: ITEM | B60: 1.2.1.6. | C60: =#REF! -> #REF! | D60: = | E60: LONGITUD
C61: RED DE 10" RDE 32.5 | E61: =E46 -> 166.98 | N61: = | O61: =E61 -> 166.98 | P61: ML
O62: =ROUND((SUM(O61:O61)),2) -> 166.98 | P62: ML
A63: ITEM | B63: 1.2.1.7. | C63: =#REF! -> #REF! | D63: = | E63: CANTIDAD
C64: SALIDA BOCATOMA LAS VENTAS | E64: 1 | N64: = | O64: =E64 -> 1 | P64: UND
O65: =ROUND((SUM(O64:O64)),2) -> 1 | P65: UND
A66: ITEM | B66: 1.2.1.8. | C66: =#REF! -> #REF! | D66: = | E66: CANTIDAD
C67: SISTEMA DE PURGA ADUCCION DE 10" | E67: 2 | N67: = | O67: =E67 -> 2 | P67: UND
O68: =ROUND((SUM(O67:O67)),2) -> 2 | P68: UND
A69: ITEM | B69: 1.2.1.9. | C69: =#REF! -> #REF! | D69: = | E69: CANTIDAD
C70: RED DE ADUCCION DE 10" | E70: 1 | N70: = | O70: =E70 -> 1 | P70: UND
O71: =ROUND((SUM(O70:O70)),2) -> 1 | P71: UND
A72: ITEM | B72: 1.2.1.10. | C72: =#REF! -> #REF! | D72: = | E72: CANTIDAD
C73: RED DE ADUCCION DE 10" | E73: 2 | N73: = | O73: =E73 -> 2 | P73: UND
O74: =ROUND((SUM(O73:O73)),2) -> 2 | P74: UND
A75: ITEM | B75: 1.2.1.11. | C75: =#REF! -> #REF! | D75: = | E75: CANTIDAD
C76: RED DE ADUCCION DE 10" | E76: 1 | N76: = | O76: =E76 -> 1 | P76: UND
O77: =ROUND((SUM(O76:O76)),2) -> 1 | P77: UND
A78: ITEM | B78: 1.2.1.12. | C78: =#REF! -> #REF! | D78: = | E78: LONGITUD
C79: RED DE ADUCCION DE 10" | E79: 50 | N79: = | O79: =E79 -> 50 | P79: ML
O80: =ROUND((SUM(O79:O79)),2) -> 50 | P80: ML
A81: ITEM | B81: 1.2.1.13. | C81: =#REF! -> #REF! | D81: = | E81: CANTIDAD
C82: VALVULAS DE PURGA | E82: 2 | N82: = | O82: =E82 -> 2 | P82: UND
C83: VALVULAS VENTOSAS | E83: 1 | N83: = | O83: =E83 -> 1 | P83: UND
O84: =ROUND((SUM(O82:O83)),2) -> 3 | P84: UND
C87: SUMINISTROS
A88: ITEM | B88: 1.2.1.14. | C88: =#REF! -> #REF! | D88: = | E88: LONGITUD
C89: RED DE 10" RDE 32.5 | E89: =E46 -> 166.98 | N89: = | O89: =E89 -> 166.98 | P89: ML
O90: =ROUND((SUM(O89:O89)),2) -> 166.98 | P90: ML
B94: 1.2.2. | C94: ADUCCION DESARENADOR - PTAP ACUEDUCTO TESALIA
C95: OBRA CIVIL
A97: ITEM | B97: 1.2.2.1. | C97: =#REF! -> #REF! | D97: = | E97: LONGITUD
C98: RED DE 6" RDE 32.5 | E98: 4085.2 | N98: = | O98: =E98 -> 4085.2 | P98: ML
C99: RED DE 6" RDE 26 | E99: 911.06 | N99: = | O99: =E99 -> 911.06 | P99: ML
C100: RED DE 6" RDE 21 | E100: 137.59 | N100: = | O100: =E100 -> 137.59 | P100: ML
C101: RED DE 6" RDE 17 | E101: 86.84 | N101: = | O101: =E101 -> 86.84 | P101: ML
C102: RED DE 6" A.C. SCH-10 | E102: 6954.07 | N102: = | O102: =E102 -> 6954.07 | P102: ML
O103: =ROUND((SUM(O98:O102)),2) -> 12174.76 | P103: ML
A104: ITEM | B104: 1.2.2.2. | C104: =#REF! -> #REF! | D104: = | E104: LONGITUD | G104: ANCHO | I104: PROFUNDIDAD
C105: RED DE 6" RDE 32.5 | E105: 4085.2 | F105: x | G105: 1 | H105: x | I105: 1.27 | N105: = | O105: =E105*G105*I105 -> 5188.204 | P105: M3
C106: RED DE 6" RDE 26 | E106: 911.06 | F106: x | G106: 1 | H106: x | I106: 1.27 | N106: = | O106: =E106*G106*I106 -> 1157.0462 | P106: M3
C107: RED DE 6" RDE 21 | E107: 137.59 | F107: x | G107: 1 | H107: x | I107: 1.27 | N107: = | O107: =E107*G107*I107 -> 174.7393 | P107: M3
C108: RED DE 6" RDE 17 | E108: 86.84 | F108: x | G108: 1 | H108: x | I108: 1.27 | N108: = | O108: =E108*G108*I108 -> 110.2868 | P108: M3
C109: RED DE 6" A.C. SCH-10 | E109: 6954.07 | F109: x | G109: 1 | H109: x | I109: 1.27 | N109: = | O109: =E109*G109*I109 -> 8831.6689 | P109: M3
O110: =ROUND((SUM(O105:O109)),2) -> 15461.95 | P110: M3
A111: ITEM | B111: 1.2.2.3. | C111: =#REF! -> #REF! | D111: = | E111: LONGITUD | G111: ANCHO | I111: PROFUNDIDAD | K111: DESCUENTO
C112: RED DE 6" RDE 32.5 | E112: 4085.2 | F112: x | G112: 1 | H112: x | I112: =0.1+0.17+0.15 -> 0.42 | J112: x | K112: =((PI()*(POWER(0.17,2)))/4)*E112 -> 92.725898 | N112: = | O112: =(E112*G112*I112)-K112 -> 1623.0581 | P112: M3
C113: RED DE 6" RDE 26 | E113: 911.06 | F113: x | G113: 1 | H113: x | I113: =0.1+0.17+0.15 -> 0.42 | J113: x | K113: =((PI()*(POWER(0.17,2)))/4)*E113 -> 20.679246 | N113: = | O113: =(E113*G113*I113)-K113 -> 361.96595 | P113: M3
C114: RED DE 6" RDE 21 | E114: 137.59 | F114: x | G114: 1 | H114: x | I114: =0.1+0.17+0.15 -> 0.42 | J114: x | K114: =((PI()*(POWER(0.17,2)))/4)*E114 -> 3.1230188 | N114: = | O114: =(E114*G114*I114)-K114 -> 54.664781 | P114: M3
C115: RED DE 6" RDE 17 | E115: 86.84 | F115: x | G115: 1 | H115: x | I115: =0.1+0.17+0.15 -> 0.42 | J115: x | K115: =((PI()*(POWER(0.17,2)))/4)*E115 -> 1.9710949 | N115: = | O115: =(E115*G115*I115)-K115 -> 34.501705 | P115: M3
...

Sheet HOJA MODELO
A2: ALCALDIA DE NEIVA
A3: =+#REF! -> #REF!
A5: =+#REF! -> #REF! | D5: ITEM :
D7: UNIDAD:
A8: I. EQUIPO
A9: Descripción | D9: Tarifa/Hora | E9: Rendimiento | F9: Valor-Unit.
A12: SUB-TOTAL | G12: =SUM(F10:F11) -> 0
A13: II. MATERIALES
A14: Descripción | C14: Unidad | D14: Precio-Unit. | E14: Cantidad | F14: Valor-Unit.
A19: SUB-TOTAL | F19: Sub-Total | G19: =SUM(F15:F18) -> 0
A20: III. TRANSPORTES
A21: Descripción | C21: Unidad | D21: Precio-Unit. | E21: Cantidad | F21: Valor-Unit.
F22: =D22*E22 -> 0
F23: =D23*E23 -> 0
A24: SUB-TOTAL | F24: Sub-Total | G24: =SUM(F23:F23) -> 0
A25: IV. MANO DE OBRA
A26: Trabajador | C26: Jornal/H-H | D26: Unidad | E26: Cantidad | F26: Valor-Unit.
A29: =+A24 -> SUB-TOTAL | F29: Sub-Total | G29: =SUM(F28:F28) -> 0
A31: TOTAL UNITARIO | G31: =ROUND(G12+G19+G24+G29,0) -> 0

Sheet 03
A1: {='01'!A12:L14} -> #VALUE! | F1: FECHA | H1: F.M. | I1: F.P
F2: 46143 | H2: =I67 -> 2.2 | I2: =$H$42 -> 1.88995
A5: FACTOR MULTIPLICADOR - FACTOR PRESTACIONAL
A8: SMLMV | C8: SDLMV | F8: AUX TRANSPORTE M | H8: AUX TRANSPORTE D
A9: 1750905 | C9: =+A9/30 -> 58363.5 | F9: =2000000-A9 -> 249095 | H9: =+ROUND(F9/30,0) -> 8303
A11: A | B11: SUELDO ANUAL BASICO | I11: %
A12: A.01 | B12: Salario Basico | I12: 1
G13: SUBTOTAL | I13: =SUM(I12) -> 1
A15: B | B15: PRESTACIONES SOCIALES | I15: %
A16: B.01 | B16: Auxilio de trasporte | I16: 0.1212
A17: B.02 | B17: Primas anuales | I17: 0.0833
A18: B.03 | B18: Cesantias anuales | I18: 0.0833
A19: B.04 | B19: Intereses sobre las cesatias (mensual) | I19: 0.01
A20: B.05 | B20: Vacaciones anuales | I20: =+I17/2 -> 0.04165
G21: SUBTOTAL | I21: =SUM(I16:I20) -> 0.33945
A23: C | B23: SEGURIDAD SOCIAL | I23: %
A24: C.01 | B24: Pensión | I24: 0.12
A25: C.02 | B25: Riesgos profesional | I25: 0.0696
A26: C.03 | B26: Salud | I26: 0.125
G27: SUBTOTAL | I27: =SUM(I24:I26) -> 0.3146
A29: D | B29: APORTES PARAFISCALES | I29: %
A30: D.01 | B30: Caja de compensación | I30: 0.04
A31: D.02 | B31: Aportes SENA | I31: 0.02
A32: D.03 | B32: Fondo Ind. Construcción | I32: 0.0175
A33: D.06 | B33: ICBF | I33: 0.03
G34: SUBTOTAL | I34: =SUM(I30:I33) -> 0.1075
A36: E | B36: OTROS APORTES | I36: %
A37: E.01 | B37: Dotacion (Oberol, casco, botas, gafas, guantes, chalecos) | I37: 0.08
A38: E.02 | B38: Seguro colectivo | I38: 0.005
A39: E.03 | B39: Examen medico de ingreso | I39: 0.0434
G40: SUBTOTAL | I40: =SUM(I37:I39) -> 0.1284
F42: SUB TOTAL F.P. | H42: =I13+I21+I27+I34+I40 -> 1.88995
A44: F | B44: IMPUESTOS Y ESTAMPILLAS | I44: %
A45: F.01 | B45: Pro desarrollo | I45: 0.02
A46: F.02 | B46: Pro Cultura | I46: 0.015
A47: F.03 | B47: Pro USCO | I47: 0.005
A48: F.05 | B48: Pro deporte | I48: 0.015
A50: F.07 | B50: Contribución | I50: 0.05
G51: SUBTOTAL | I51: =SUM(I45:I50) -> 0.105
A53: G | B53: ADMINISTRACIÓN | I53: %
A54: G.01 | B54: Asesoria legal, contable y financiera permanente y personal técnico administrativo adicional | I54: 0.02
A55: G.02 | B55: Seguros, incendio y robos | I55: 0.01
A56: G.03 | B56: Salarios y prestaciones personal auxiliar (administrativo y Tecnico) | I56: 0.05
A57: G.05 | B57: Preparacion de propuestas | I57: 0.01
A58: G.06 | B58: Servicios de Oficina Públicos y comunicaciones | I58: 0.03
G59: SUBTOTAL | I59: =SUM(I54:I58) -> 0.12
A61: H | B61: PÓLIZAS | I61: %
A62: H.01 | B62: Calidad | I62: 0.0034
A63: H.02 | B63: Cumplimiento, anticipo y salarios | I63: 0.0006
G64: SUBTOTAL | I64: =SUM(I62:I63) -> 0.004
G66: F.M. | H66: Calculado | I66: =H42+I51+I64+I59 -> 2.11895
H67: Ajustado | I67: =ROUNDUP((I66),1) -> 2.2
D71: Elaboración | F71: Deiner Alexander Obregon Palomeque
D72: Ingeniero Civil | F72: MP: 011037-0653228 ANT

Sheet 04
A1: ='01'!A12 -> "CONSTRUCCION SISTEMA DE ACUEDUCTO FASE II DEL MUNICIPIO DE TESALIA DPTO DEL HUILA" | M1: FECHA | O1: =P24 -> #REF!
M2: ='01'!M13 -> 0
A5: DESAGREGADO PÓLIZAS
C8: Valor del contrato: | E8: ='01'!#REF! -> #REF! | G8: PESOS COLOMBIANOS | I8: Plazo de ejecucion (meses): | M8: 4 | N8: Plazo de ejecucion (dias): | Q8: =+M8*30 -> 120
A10: AMPARO | C10: CUMPLIMIENTO | F10: BUEN MANEJO DEL ANTICIPO (100% DEL ANTICIPO) | I10: RESPONSABILIDAD EXTRACONTRACTUAL | L10: ESTABILIDAD DE LA OBRA | O10: SALARIOS Y PRESTACIONES
A12: % | C12: 0.1 | F12: 0.2 | I12: 0.2 | L12: 0.1 | O12: 0.05
A13: VIGENCIA | C13: Término igual a la vigencia del contrato y 6 meses más. | F13: Término igual a la vigencia del contrato y 6 meses más. | I13: Término igual a la vigencia del contrato y 6 meses más. | L13: Término igual a cinco (5) años a partir del acta de recibo final | O13: Término de la vigencia del contrato y tres (3) años más.
A15: TASA | C15: 0.005 | F15: 0.005 | I15: 0.005 | L15: 0.005 | O15: 0.005
A16: VALOR ASEGURADO | C16: =$E$8*C12 -> #REF! | F16: =$E$8*F12 -> #REF! | I16: =$E$8*I12 -> #REF! | L16: =$E$8*L12 -> #REF! | O16: =$E$8*O12 -> #REF!
A17: DÍAS ADICIONALES | C17: =6*30 -> 180 | F17: =6*30 -> 180 | I17: =6*30 -> 180 | L17: =5*12*30 -> 1800 | O17: =3*12*30 -> 1080
A18: TOTAL DÍAS | C18: =$Q$8+C17 -> 300 | F18: =$Q$8+F17 -> 300 | I18: =$Q$8+I17 -> 300 | L18: =$Q$8+L17 -> 1920 | O18: =$Q$8+O17 -> 1200
A19: PRIMA | C19: =(C16*C15)/360*C18 -> #REF! | F19: =(F16*F15)/360*F18 -> #REF! | I19: =(I16*I15)/360*I18 -> #REF! | L19: =(L16*L15)/360*L18 -> #REF! | O19: =(O16*O15)/360*O18 -> #REF!
N21: Total Prima Neta: | P21: =SUM(C19:Q19) -> #REF!
N22: Gastos de Expedición: | P22: 6000
N23: I.V.A. | O23: 0.19 | P23: =(P21+P22)*O23 -> #REF!
N24: Total Prima: | P24: =ROUND((P21+P22+P23),0) -> #REF!
L28: Elaboración | N28: Deiner Alexander Obregon Palomeque
L29: Ingeniero Civil | N29: MP: 011037-0653228 ANT

Sheet 05
A1: ='01'!A12 -> "CONSTRUCCION SISTEMA DE ACUEDUCTO FASE II DEL MUNICIPIO DE TESALIA DPTO DEL HUILA" | K1: FECHA | M1: =N35 -> 3.0939582e+08
K2: ='01'!M13 -> 0
A5: DESAGREGADO DE LA INTERVENTORÍA DE OBRA
A8: A | B8: COSTOS DIRECTOS DE PERSONAL
A9: ÍTEM | B9: CARGO/OFICIO | G9: SMLMV | H9: CANTIDAD | I9: DEDICAC. (Mes) | J9: SUELDO Y/O TARIFA MENSUAL | L9: DURACIÓN (Meses) | M9: IMPACTO (%) | N9: VALOR PARCIAL ($)
A11: A.01 | B11: Director de obra | G11: 6 | H11: 1 | I11: 0.35 | J11: =G11*'03'!$A$9 -> 10505430 | L11: 4 | M11: =N11/$N$35 -> 0.047536525 | N11: =L11*I11*J11*H11 -> 14707602
A12: A.02 | B12: Especialista Estructural | G12: 5 | H12: 1 | I12: 0.5 | J12: =G12*'03'!$A$9 -> 8754525 | L12: 3 | M12: =N12/$N$35 -> 0.042443326 | N12: =L12*I12*J12*H12 -> 13131788
A13: A.03 | B13: Especialista en Geotecnia | G13: 5 | H13: 1 | I13: 0.4 | J13: =G13*'03'!$A$9 -> 8754525 | L13: 3 | M13: =N13/$N$35 -> 0.033954661 | N13: =L13*I13*J13*H13 -> 10505430
A14: A.04 | B14: Especialista Hidráulico | G14: 5 | H14: 1 | I14: 0.4 | J14: =G14*'03'!$A$9 -> 8754525 | L14: 3 | M14: =N14/$N$35 -> 0.033954661 | N14: =L14*I14*J14*H14 -> 10505430
A15: A.05 | B15: Profesional Civil (Residente de Obra) | G15: 3 | H15: 1 | I15: 1 | J15: =G15*'03'!$A$9 -> 5252715 | L15: 3 | M15: =N15/$N$35 -> 0.050931991 | N15: =L15*I15*J15*H15 -> 15758145
A16: A.06 | B16: Profesional Topógrafo | G16: 3 | H16: 1 | I16: 0.4 | J16: =G16*'03'!$A$9 -> 5252715 | L16: 3 | M16: =N16/$N$35 -> 0.020372796 | N16: =L16*I16*J16*H16 -> 6303258
A17: A.07 | B17: Profesional Ambiental | G17: 3 | H17: 1 | I17: 0.75 | J17: =G17*'03'!$A$9 -> 5252715 | L17: 3 | M17: =N17/$N$35 -> 0.038198993 | N17: =L17*I17*J17*H17 -> 11818609
A18: A.08 | B18: Profesional Social | G18: 2 | H18: 1 | I18: 0.75 | J18: =G18*'03'!$A$9 -> 3501810 | L18: 3 | M18: =N18/$N$35 -> 0.025465996 | N18: =L18*I18*J18*H18 -> 7879072.5
A19: A.09 | B19: Profesional QHSE | G19: 2 | H19: 1 | I19: 0.75 | J19: =G19*'03'!$A$9 -> 3501810 | L19: 3 | M19: =N19/$N$35 -> 0.025465996 | N19: =L19*I19*J19*H19 -> 7879072.5
A20: A.10 | B20: Apoyo a profesional residente | G20: 2 | H20: 2 | I20: 1 | J20: =G20*'03'!$A$9 -> 3501810 | L20: 3 | M20: =N20/$N$35 -> 0.067909322 | N20: =L20*I20*J20*H20 -> 21010860
H21: Subtotal Costos Directos de Personal | N21: =SUM(N11:N20) -> 1.1949927e+08
H22: Factor Multiplicador | N22: =+'03'!$H$2 -> 2.2
H23: Total Costos Directos de Personal Incluyendo Factor Prestacional | N23: =+N21*N22 -> 2.6289839e+08
A25: B | B25: OTROS COSTOS DIRECTOS
A26: ÍTEM | B26: DESCRIPCIÓN | H26: UNIDAD | I26: CANTIDAD | J26: SUELDO Y/O TARIFA MENSUAL | L26: DURACIÓN (Meses) | M26: IMPACTO (%) | N26: VALOR PARCIAL ($)
A28: B.01 | B28: Alquiler oficina | H28: MES | I28: 1 | J28: 1024357.7 | L28: 4 | M28: =N28/$N$35 -> 0.01324333 | N28: =J28*I28*L28 -> 4097430.9
A29: B.03 | B29: Gastos de oficina (papelería, mensajería, alquiler equipos de computo) | H29: MES | I29: 1 | J29: 1450000 | L29: 4 | M29: =N29/$N$35 -> 0.018746213 | N29: =J29*I29*L29 -> 5800000
A30: B.04 | B30: Vehículo camionetas pick up doble cabina | H30: MES | I30: 1 | J30: 7950000 | L30: 3 | M30: =N30/$N$35 -> 0.077085722 | N30: =J30*I30*L30 -> 23850000
A31: B.05 | B31: Ensayos y pruebas | H31: MES | I31: 1 | J31: 3000000 | L31: 3 | M31: =N31/$N$35 -> 0.029088952 | N31: =J31*I31*L31 -> 9000000
A32: B.06 | B32: Alquiler de equipo de topografía | H32: MES | I32: 0.5 | J32: 2500000 | L32: 3 | M32: =N32/$N$35 -> 0.012120397 | N32: =J32*L32*I32 -> 3750000
H33: Subtotal Otros Costos Directos | N33: =SUM(N28:N32) -> 46497431
H35: TOTAL COSTOS DIRECTOS DE PERSONAL + OTROS COSTOS DIRECTOS (A+B) | N35: =ROUNDUP(N23+N33,2) -> 3.0939582e+08 | P35: 2.6995134e+08
J39: Elaboración | L39: Deiner Alexander Obregon Palomeque
J40: Ingeniero Civil | L40: MP: 011037-0653228 ANT

Sheet 06
A1: ='01'!A12 -> "CONSTRUCCION SISTEMA DE ACUEDUCTO FASE II DEL MUNICIPIO DE TESALIA DPTO DEL HUILA" | L1: FECHA
L2: ='01'!M13 -> 0
A5: LISTA DE ANÁLISIS DE PRECIOS UNITARIOS
B7: 1 | C7: 2 | D7: 3 | E7: 4 | F7: 5 | G7: 6 | H7: 7 | I7: 8 | J7: 9 | K7: 10 | L7: 11 | M7: 12
A8: APU | B8: NOMBRE | H8: UNIDAD | I8: EQUIPO | J8: MAT. | K8: TRANSP. | L8: M.O. | M8: COSTO
A9: G001 | B9: =VLOOKUP(A9,'07'!$A:$N,2,FALSE) -> LOCALIZACIÓN Y REPLANTEO DE REDES (NO INCLUYE EQUIPO DE TOPOGRAFÍA) | H9: =VLOOKUP(A9,'07'!$A:$N,4,FALSE) -> M | I9: =VLOOKUP(A9,'07'!$A:$N,8,FALSE) -> 124.0927 | J9: =VLOOKUP(A9,'07'!$A:$N,10,FALSE) -> 2058.796 | K9: =VLOOKUP(A9,'07'!$A:$N,12,FALSE) -> 65.486661 | L9: =VLOOKUP(A9,'07'!$A:$N,14,FALSE) -> 2481.854 | M9: =VLOOKUP(A9,'07'!$A:$N,6,FALSE) -> 4730.23 | N9: =A9 -> G001
A10: G005 | B10: =VLOOKUP(A10,'07'!$A:$N,2,FALSE) -> EXCAVACIÓN MECÁNICA EN MATERIAL COMÚN (INCLUYE MAQUINARIA) | H10: =VLOOKUP(A10,'07'!$A:$N,4,FALSE) -> M3 | I10: =VLOOKUP(A10,'07'!$A:$N,8,FALSE) -> 19193.548 | J10: =VLOOKUP(A10,'07'!$A:$N,10,FALSE) -> 0 | K10: =VLOOKUP(A10,'07'!$A:$N,12,FALSE) -> 575.80645 | L10: =VLOOKUP(A10,'07'!$A:$N,14,FALSE) -> 0 | M10: =VLOOKUP(A10,'07'!$A:$N,6,FALSE) -> 19769.355 | N10: =A10 -> G005
A11: G008 | B11: =VLOOKUP(A11,'07'!$A:$N,2,FALSE) -> RELLENO CON ARENA PARA BASE DE TUBERÍA | H11: =VLOOKUP(A11,'07'!$A:$N,4,FALSE) -> M3 | I11: =VLOOKUP(A11,'07'!$A:$N,8,FALSE) -> 386.06387 | J11: =VLOOKUP(A11,'07'!$A:$N,10,FALSE) -> 65450 | K11: =VLOOKUP(A11,'07'!$A:$N,12,FALSE) -> 9407.2819 | L11: =VLOOKUP(A11,'07'!$A:$N,14,FALSE) -> 12868.796 | M11: =VLOOKUP(A11,'07'!$A:$N,6,FALSE) -> 88112.141 | N11: =A11 -> G008
A12: G009 | B12: =VLOOKUP(A12,'07'!$A:$N,2,FALSE) -> RELLENO CON TRITURADO PASANTE DE 3/4" | H12: =VLOOKUP(A12,'07'!$A:$N,4,FALSE) -> M3 | I12: =VLOOKUP(A12,'07'!$A:$N,8,FALSE) -> 386.06387 | J12: =VLOOKUP(A12,'07'!$A:$N,10,FALSE) -> 113050 | K12: =VLOOKUP(A12,'07'!$A:$N,12,FALSE) -> 9407.2819 | L12: =VLOOKUP(A12,'07'!$A:$N,14,FALSE) -> 12868.796 | M12: =VLOOKUP(A12,'07'!$A:$N,6,FALSE) -> 135712.14 | N12: =A12 -> G009
A13: G011 | B13: =VLOOKUP(A13,'07'!$A:$N,2,FALSE) -> RELLENO CON MATERIAL SELECCIONADO DE LA EXCAVACIÓN, COMPACTADO CON EQUIPO MECÁNICO EN CAPAS DE 0,20 m | H13: =VLOOKUP(A13,'07'!$A:$N,4,FALSE) -> M3 | I13: =VLOOKUP(A13,'07'!$A:$N,8,FALSE) -> 7157.312 | J13: =VLOOKUP(A13,'07'!$A:$N,10,FALSE) -> 0 | K13: =VLOOKUP(A13,'07'!$A:$N,12,FALSE) -> 214.71936 | L13: =VLOOKUP(A13,'07'!$A:$N,14,FALSE) -> 16545.567 | M13: =VLOOKUP(A13,'07'!$A:$N,6,FALSE) -> 23917.599 | N13: =A13 -> G011
A14: G013 | B14: =VLOOKUP(A14,'07'!$A:$N,2,FALSE) -> RETIRO DE MATERIAL SOBRANTE HASTA BOTADERO AUTORIZADO (INCLUYE FACTOR DE EXPANSIÓN) | H14: =VLOOKUP(A14,'07'!$A:$N,4,FALSE) -> M3-KM | I14: =VLOOKUP(A14,'07'!$A:$N,8,FALSE) -> 0 | J14: =VLOOKUP(A14,'07'!$A:$N,10,FALSE) -> 178.5 | K14: =VLOOKUP(A14,'07'!$A:$N,12,FALSE) -> 2348.925 | L14: =VLOOKUP(A14,'07'!$A:$N,14,FALSE) -> 0 | M14: =VLOOKUP(A14,'07'!$A:$N,6,FALSE) -> 2527.425 | N14: =A14 -> G013
A15: G014 | B15: =VLOOKUP(A15,'07'!$A:$N,2,FALSE) -> DISPOSICIÓN DE MATERIAL PROVENIENTE DE EXCAVACIÓN (NO INCLUYE TRANSPORTE) | H15: =VLOOKUP(A15,'07'!$A:$N,4,FALSE) -> M3 | I15: =VLOOKUP(A15,'07'!$A:$N,8,FALSE) -> 4500 | J15: =VLOOKUP(A15,'07'!$A:$N,10,FALSE) -> 0 | K15: =VLOOKUP(A15,'07'!$A:$N,12,FALSE) -> 0 | L15: =VLOOKUP(A15,'07'!$A:$N,14,FALSE) -> 0 | M15: =VLOOKUP(A15,'07'!$A:$N,6,FALSE) -> 4500 | N15: =A15 -> G014
A16: G015 | B16: =VLOOKUP(A16,'07'!$A:$N,2,FALSE) -> SUMINISTRO E INSTALACIÓN DE TUBERÍA PVC UM Ø6" RDE 21 (INCLUYE PEGAMENTO, LIMPIADOR, HERRAMIENTA MENOR Y MANO DE OBRA) | H16: =VLOOKUP(A16,'07'!$A:$N,4,FALSE) -> ML | I16: =VLOOKUP(A16,'07'!$A:$N,8,FALSE) -> 128957.01 | J16: =VLOOKUP(A16,'07'!$A:$N,10,FALSE) -> 23.163832 | K16: =VLOOKUP(A16,'07'!$A:$N,12,FALSE) -> 0 | L16: =VLOOKUP(A16,'07'!$A:$N,14,FALSE) -> 7721.2773 | M16: =VLOOKUP(A16,'07'!$A:$N,6,FALSE) -> 136701.45 | N16: =A16 -> G015
A17: G071 | B17: =VLOOKUP(A17,'07'!$A:$N,2,FALSE) -> ESTACIÓN DE MACROMEDICIÓN L=1.90M, A=1.60M DE Ø6" A TODO COSTO (INCLUYE CONFORMACIÓN DE CAJA EN CONCRETO DE 4000 PSI, ACERO DE REFUERZO, TUBERÍA, ACCESORIOS, MATERIALES, HERRRAMIENTA MENOR Y MANO DE OBRA) | H17: =VLOOKUP(A17,'07'!$A:$N,4,FALSE) -> UND | I17: =VLOOKUP(A17,'07'!$A:$N,8,FALSE) -> 150000 | J17: =VLOOKUP(A17,'07'!$A:$N,10,FALSE) -> 30798470 | K17: =VLOOKUP(A17,'07'!$A:$N,12,FALSE) -> 1296000 | L17: =VLOOKUP(A17,'07'!$A:$N,14,FALSE) -> 4779834.8 | M17: =VLOOKUP(A17,'07'!$A:$N,6,FALSE) -> 37024305 | N17: =A17 -> G071
A18: G074 | B18: =VLOOKUP(A18,'07'!$A:$N,2,FALSE) -> SUMINISTRO E INSTALACIÓN DE VÁLVULA DE CORTE TIPO CHOROTE Ø6" EN HIERRO DUCTIL (INCLUYE CAJA EN CONCRETO, REPLANTEO, EXCAVACIÓN, RECEBO, SOLADO, CONCRETO, ACERO, PASAMURO, VÁLVULA, MATERIALES, HERRAMIENTA MENOR Y MANO DE OBRA) | H18: =VLOOKUP(A18,'07'!$A:$N,4,FALSE) -> UND | I18: =VLOOKUP(A18,'07'!$A:$N,8,FALSE) -> 75000 | J18: =VLOOKUP(A18,'07'!$A:$N,10,FALSE) -> 10207603 | K18: =VLOOKUP(A18,'07'!$A:$N,12,FALSE) -> 144000 | L18: =VLOOKUP(A18,'07'!$A:$N,14,FALSE) -> 2048500.6 | M18: =VLOOKUP(A18,'07'!$A:$N,6,FALSE) -> 12475103 | N18: =A18 -> G074
A19: G075 | B19: =VLOOKUP(A19,'07'!$A:$N,2,FALSE) -> LOCALIZACIÓN Y REPLANTEO. INCLUYE PLANOS RECORD | H19: =VLOOKUP(A19,'07'!$A:$N,4,FALSE) -> ML | I19: =VLOOKUP(A19,'07'!$A:$N,8,FALSE) -> 587.5 | J19: =VLOOKUP(A19,'07'!$A:$N,10,FALSE) -> 362.5 | K19: =VLOOKUP(A19,'07'!$A:$N,12,FALSE) -> 0 | L19: =VLOOKUP(A19,'07'!$A:$N,14,FALSE) -> 3309.1135 | M19: =VLOOKUP(A19,'07'!$A:$N,6,FALSE) -> 4259.1135 | N19: =A19 -> G075
A20: G004 | B20: =VLOOKUP(A20,'07'!$A:$N,2,FALSE) -> RELLENO EN RECEBO COMUN PROVENIENTE DE MATERIAL DE PRESTAMO, COMPACTADO MECANICAMENTE. | H20: =VLOOKUP(A20,'07'!$A:$N,4,FALSE) -> M3 | I20: =VLOOKUP(A20,'07'!$A:$N,8,FALSE) -> 65888 | J20: =VLOOKUP(A20,'07'!$A:$N,10,FALSE) -> 7440.4762 | K20: =VLOOKUP(A20,'07'!$A:$N,12,FALSE) -> 9395.7 | L20: =VLOOKUP(A20,'07'!$A:$N,14,FALSE) -> 13236.454 | M20: =VLOOKUP(A20,'07'!$A:$N,6,FALSE) -> 95960.63 | N20: =A20 -> G004
... A30: G993 | B30: =VLOOKUP(A30,'07'!$A:$N,2,FALSE) -> SUMINISTRO E INSTALACIÓN COMPUERTA DE VASTAGO DESLIZANTE DE 6". INCLUYE COLUMNA DE MANIOBRA Y TODO LO NECESARIO PARA SU CORRECTO FUNCIONAMIENTO. | H30: =VLOOKUP(A30,'07'!$A:$N,4,FALSE) -> UND | I30: =VLOOKUP(A30,'07'!$A:$N,8,FALSE) -> 5000 | J30: =VLOOKUP(A30,'07'!$A:$N,10,FALSE) -> 4141200 | K30: =VLOOKUP(A30,'07'!$A:$N,12,FALSE) -> 16200 | L30: =VLOOKUP(A30,'07'!$A:$N,14,FALSE) -> 154425.55 | M30: =VLOOKUP(A30,'07'!$A:$N,6,FALSE) -> 4316825.5 | N30: =A30 -> G993
A31: G992 | B31: =VLOOKUP(A31,'07'!$A:$N,2,FALSE) -> SUMINISTRO E INSTALACIÓN COMPUERTA DE VASTAGO DESLIZANTE DE 8". INCLUYE COLUMNA DE MANIOBRA Y TODO LO NECESARIO PARA SU CORRECTO FUNCIONAMIENTO. | H31: =VLOOKUP(A31,'07'!$A$1:$N$11836,4,FALSE) -> UND | I31: =VLOOKUP(A31,'07'!$A$1:$N$11836,8,FALSE) -> 2500 | J31: =VLOOKUP(A31,'07'!$A$1:$N$11836,10,FALSE) -> 4581500 | K31: =VLOOKUP(A31,'07'!$A$1:$N$11836,12,FALSE) -> 10800 | L31: =VLOOKUP(A31,'07'!$A$1:$N$11836,14,FALSE) -> 154425.55 | M31: =VLOOKUP(A31,'07'!$A$1:$N$11836,6,FALSE) -> 4749225.5 | N31: =A31 -> G992
A32: G991 | B32: =VLOOKUP(A32,'07'!$A:$N,2,FALSE) -> SUMINISTRO E INSTALACIÓN CODO BXB. DE 6". INCLUYE ACCESORIOS DE ENTREGA E INSTALACION. | H32: =VLOOKUP(A32,'07'!$A$1:$N$11836,4,FALSE) -> UND | I32: =VLOOKUP(A32,'07'!$A$1:$N$11836,8,FALSE) -> 3000 | J32: =VLOOKUP(A32,'07'!$A$1:$N$11836,10,FALSE) -> 1202445 | K32: =VLOOKUP(A32,'07'!$A$1:$N$11836,12,FALSE) -> 162 | L32: =VLOOKUP(A32,'07'!$A$1:$N$11836,14,FALSE) -> 77212.77 | M32: =VLOOKUP(A32,'07'!$A$1:$N$11836,6,FALSE) -> 1282819.8 | N32: =A32 -> G991
A33: G990 | B33: =VLOOKUP(A33,'07'!$A:$N,2,FALSE) -> SUMINISTRO E INSTALACIÓN DE TUBERIA PVC UNION MECANICA DE 4". PRESIÓN DE TRABAJO 200 PSI. | H33: =VLOOKUP(A33,'07'!$A$1:$N$11836,4,FALSE) -> ML | I33: =VLOOKUP(A33,'07'!$A$1:$N$11836,8,FALSE) -> 500 | J33: =VLOOKUP(A33,'07'!$A$1:$N$11836,10,FALSE) -> 62386.215 | K33: =VLOOKUP(A33,'07'!$A$1:$N$11836,12,FALSE) -> 144 | L33: =VLOOKUP(A33,'07'!$A$1:$N$11836,14,FALSE) -> 6434.3978 | M33: =VLOOKUP(A33,'07'!$A$1:$N$11836,6,FALSE) -> 69464.613 | N33: =A33 -> G990
A34: G989 | B34: =VLOOKUP(A34,'07'!$A:$N,2,FALSE) -> SUMINISTRO E INSTALACIÓN DE TUBERIA PVC UNION MECANICA DE 6". PRESIÓN DE TRABAJO 200 PSI. | H34: =VLOOKUP(A34,'07'!$A$1:$N$11836,4,FALSE) -> ML | I34: =VLOOKUP(A34,'07'!$A$1:$N$11836,8,FALSE) -> 500 | J34: =VLOOKUP(A34,'07'!$A$1:$N$11836,10,FALSE) -> 131687.24 | K34: =VLOOKUP(A34,'07'!$A$1:$N$11836,12,FALSE) -> 144 | L34: =VLOOKUP(A34,'07'!$A$1:$N$11836,14,FALSE) -> 7424.3051 | M34: =VLOOKUP(A34,'07'!$A$1:$N$11836,6,FALSE) -> 139755.55 | N34: =A34 -> G989
A35: G988 | B35: =VLOOKUP(A35,'07'!$A:$N,2,FALSE) -> SUMINISTRO E INSTALACION PASAMURO HD 3" BXB=0,75M Z=0.375 M. | H35: =VLOOKUP(A35,'07'!$A$1:$N$11836,4,FALSE) -> UND | I35: =VLOOKUP(A35,'07'!$A$1:$N$11836,8,FALSE) -> 3750 | J35: =VLOOKUP(A35,'07'!$A$1:$N$11836,10,FALSE) -> 416500 | K35: =VLOOKUP(A35,'07'!$A$1:$N$11836,12,FALSE) -> 144 | L35: =VLOOKUP(A35,'07'!$A$1:$N$11836,14,FALSE) -> 56774.098 | M35: =VLOOKUP(A35,'07'!$A$1:$N$11836,6,FALSE) -> 477168.1 | N35: =A35 -> G988
A36: G987 | B36: =VLOOKUP(A36,'07'!$A:$N,2,FALSE) -> SUMINISTRO E INSTALACIÓN VÁLVULA DE COMPUERTA ELASTICA VASTAGO NO ASCENDENTE EXTREMO BRIDADO PARA PVC DIAMETRO 3". | H36: =VLOOKUP(A36,'07'!$A$1:$N$11836,4,FALSE) -> UND | I36: =VLOOKUP(A36,'07'!$A$1:$N$11836,8,FALSE) -> 500 | J36: =VLOOKUP(A36,'07'!$A$1:$N$11836,10,FALSE) -> 1078214 | K36: =VLOOKUP(A36,'07'!$A$1:$N$11836,12,FALSE) -> 144 | L36: =VLOOKUP(A36,'07'!$A$1:$N$11836,14,FALSE) -> 137879.95 | M36: =VLOOKUP(A36,'07'!$A$1:$N$11836,6,FALSE) -> 1216738 | N36: =A36 -> G987
A37: G986 | B37: =VLOOKUP(A37,'07'!$A:$N,2,FALSE) -> SUMINISTRO E INSTALACIÓN SISTEMA DE RECOLECCIÓN DE AGUA FLOCULADA, EN TUBERÍA HD O PETROLERA DE DIÁMETRO 12". INCLUYE TODO LO NECESARIO PARA SU CORRECTA CONSTRUCCIÓN E INSTALACIÓN. | H37: =VLOOKUP(A37,'07'!$A$1:$N$11836,4,FALSE) -> UND | I37: =VLOOKUP(A37,'07'!$A$1:$N$11836,8,FALSE) -> 500 | J37: =VLOOKUP(A37,'07'!$A$1:$N$11836,10,FALSE) -> 2722570 | K37: =VLOOKUP(A37,'07'!$A$1:$N$11836,12,FALSE) -> 4320 | L37: =VLOOKUP(A37,'07'!$A$1:$N$11836,14,FALSE) -> 402149.86 | M37: =VLOOKUP(A37,'07'!$A$1:$N$11836,6,FALSE) -> 3129539.9 | N37: =A37 -> G986
A38: G985 | B38: =VLOOKUP(A38,'07'!$A:$N,2,FALSE) -> SUMINISTRO E INSTALACIÓN TUBERÍA DE ENTRADA DE AGUA FLOCULADA HACIA SEDIMENTACIÓN. TUBERÍA H.D. O PETROLERA DE DIÁMETRO 8". INCLUYE TODOS LOS ELEMENTOS PARA SU CORRECTA INSTALACIÓN Y FUNCIONAMIENTO. LA TUBERÍA TENDRÁ PERFORACIONES DE 3" SEGÚN DISEÑO. | H38: =VLOOKUP(A38,'07'!$A$1:$N$11836,4,FALSE) -> UND | I38: =VLOOKUP(A38,'07'!$A$1:$N$11836,8,FALSE) -> 500 | J38: =VLOOKUP(A38,'07'!$A$1:$N$11836,10,FALSE) -> 7121555 | K38: =VLOOKUP(A38,'07'!$A$1:$N$11836,12,FALSE) -> 7200 | L38: =VLOOKUP(A38,'07'!$A$1:$N$11836,14,FALSE) -> 536199.81 | M38: =VLOOKUP(A38,'07'!$A$1:$N$11836,6,FALSE) -> 7665454.8 | N38: =A38 -> G985
A39: G984 | B39: =VLOOKUP(A39,'07'!$A:$N,2,FALSE) -> SUMINISTRO E INSTALACIÓN TUBERÍA DE RECOLECCIÓN DE AGUA SEDIMENTADA. TUBERÍA H.D. O PETROLERA DE DIÁMETRO 6". INCLUYE TODOS LOS ELEMENTOS PARA SU CORRECTA INSTALACIÓN Y FUNCIONAMIENTO. LA TUBERÍA TENDRÁ PERFORACIONES DE 3/4" SEGÚN DISEÑO. | H39: =VLOOKUP(A39,'07'!$A$1:$N$11836,4,FALSE) -> UND | I39: =VLOOKUP(A39,'07'!$A$1:$N$11836,8,FALSE) -> 64500 | J39: =VLOOKUP(A39,'07'!$A$1:$N$11836,10,FALSE) -> 1831745 | K39: =VLOOKUP(A39,'07'!$A$1:$N$11836,12,FALSE) -> 14400 | L39: =VLOOKUP(A39,'07'!$A$1:$N$11836,14,FALSE) -> 402149.86 | M39: =VLOOKUP(A39,'07'!$A$1:$N$11836,6,FALSE) -> 2312794.9 | N39: =A39 -> G984
A40: G983 | B40: =VLOOKUP(A40,'07'!$A:$N,2,FALSE) -> FALSO FONDO EN FIBRA DE VIDRIO DE ESPESOR 0.02 METROS CON ORIFICOS DE 0.10 METROS CADA 0.30 METROS. | H40: =VLOOKUP(A40,'07'!$A$1:$N$11836,4,FALSE) -> M2 | I40: =VLOOKUP(A40,'07'!$A$1:$N$11836,8,FALSE) -> 3750 | J40: =VLOOKUP(A40,'07'!$A$1:$N$11836,10,FALSE) -> 254320 | K40: =VLOOKUP(A40,'07'!$A$1:$N$11836,12,FALSE) -> 15840 | L40: =VLOOKUP(A40,'07'!$A$1:$N$11836,14,FALSE) -> 67024.977 | M40: =VLOOKUP(A40,'07'!$A$1:$N$11836,6,FALSE) -> 340934.98 | N40: =A40 -> G983
A41: G982 | B41: =VLOOKUP(A41,'07'!$A:$N,2,FALSE) -> MODULOS DE SEDIMENTACION DE ALTA TASA TIPO COLMENA. ALTURA RECTA 1.04. ALTURA INCLINADA 1.20 METROS, CALIBRE 40 EN MATERIAL POLIESTIRENO CON ADITIVOS MODIFICADORES DE IMPACTO Y PROTECTOR UV. | H41: =VLOOKUP(A41,'07'!$A$1:$N$11836,4,FALSE) -> M2 | I41: =VLOOKUP(A41,'07'!$A$1:$N$11836,8,FALSE) -> 2142.8571 | J41: =VLOOKUP(A41,'07'!$A$1:$N$11836,10,FALSE) -> 906400 | K41: =VLOOKUP(A41,'07'!$A$1:$N$11836,12,FALSE) -> 15840 | L41: =VLOOKUP(A41,'07'!$A$1:$N$11836,14,FALSE) -> 26809.991 | M41: =VLOOKUP(A41,'07'!$A$1:$N$11836,6,FALSE) -> 951192.85 | N41: =A41 -> G982
A42: G981 | B42: =VLOOKUP(A42,'07'!$A:$N,2,FALSE) -> ANTRACITA PARA FILTRO. | H42: =VLOOKUP(A42,'07'!$A$1:$N$11836,4,FALSE) -> M3 | I42: =VLOOKUP(A42,'07'!$A$1:$N$11836,8,FALSE) -> 34625 | J42: =VLOOKUP(A42,'07'!$A$1:$N$11836,10,FALSE) -> 906400 | K42: =VLOOKUP(A42,'07'!$A$1:$N$11836,12,FALSE) -> 15840 | L42: =VLOOKUP(A42,'07'!$A$1:$N$11836,14,FALSE) -> 12064.496 | M42: =VLOOKUP(A42,'07'!$A$1:$N$11836,6,FALSE) -> 968929.5 | N42: =A42 -> G981
... A70: G953 | B70: =VLOOKUP(A70,'07'!$A:$N,2,FALSE) -> SUMINISTRO E INSTALACIÓN DE ESCALERA GATO PARA INSPECCIÓN DE ESTRUCTURAS. | H70: =VLOOKUP(A70,'07'!$A$1:$N$11836,4,FALSE) -> UND | I70: =VLOOKUP(A70,'07'!$A$1:$N$11836,8,FALSE) -> 10937.5 | J70: =VLOOKUP(A70,'07'!$A$1:$N$11836,10,FALSE) -> 91630 | K70: =VLOOKUP(A70,'07'!$A$1:$N$11836,12,FALSE) -> 162 | L70: =VLOOKUP(A70,'07'!$A$1:$N$11836,14,FALSE) -> 44121.64 | M70: =VLOOKUP(A70,'07'!$A$1:$N$11836,6,FALSE) -> 146851.14 | N70: =A70 -> G953
N91: =A91 -> 0
N92: =A92 -> 0
N93: =A93 -> 0
N94: =A94 -> 0
N95: =A95 -> 0
N96: =A96 -> 0
N97: =A97 -> 0
N98: =A98 -> 0
N99: =A99 -> 0
N100: =A100 -> 0
N101: =A101 -> 0
N102: =A102 -> 0
... N160: =A160 -> 0

Sheet Hoja3
E1: =+E6+E8 -> 6141679310 | F1: =+E1/G10 -> 3507.717
B2: OBRA
B3: PROYECTO | D3: VALOR DEL PRESUPUESTO OFICIAL | E3: VALOR PLIEGO TIPO | F3: VALOR FIA OBRA
B4: "REPOSICION ALCANTARILLADO SANITARIO Y CONSTRUCCION DE COLECTORES PLUVIALES DE LA FASE I DEL CORREGIMIENTO DE BRUSELAS MPIO DE PITALITO, DPTO DEL HUILA" | D4: 4942894040 | E4: 4942894041 | F4: 1210107175
F5: 3783634376 | G5: 13 meses | H5: =+E4/G10 -> 2823.051
B6: "CONSTRUCCION SISTEMA DE ACUEDUCTO FASE II DEL MUNICIPIO DE TESALIA DPTO DEL HUILA" | D6: 2824653405 | E6: 2824653406 | F6: 2.8269385e+09 | G6: 4 meses | H6: =+E6/G10 -> 1613.2534
B8: "CONSTRUCCION SISTEMA DE ACUEDUCTO IDOLOS- EL TIGRE FASE I MUNICIPIO DE ISNOS DPTO DEL HUILA" | D8: 3317025903 | E8: 3317025904 | F8: 3.5108572e+09 | G8: 6 meses
H9: =+E8/G10 -> 1894.4637
B10: TOTAL ESTUDIOS PREVIOS | D10: =+D4+D6+D8 -> 11084573348 | E10: =+E4+E6+E8 -> 11084573351 | F10: =+F4+F5+F6+F8 -> 1.1331537e+10 | G10: 1750905
E12: =+E10/G10 -> 6330.768
B13: INTERVENTORIA
B14: PROYECTO | D14: VALOR DEL PRESUPUESTO OFICIAL | E14: VALOR PLIEGO TIPO | F14: VALOR FIA INTERV
B15: "REPOSICION ALCANTARILLADO SANITARIO Y CONSTRUCCION DE COLECTORES PLUVIALES DE LA FASE I DEL CORREGIMIENTO DE BRUSELAS MPIO DE PITALITO, DPTO DEL HUILA" | F15: 466088742
B17: "CONSTRUCCION SISTEMA DE ACUEDUCTO FASE II DEL MUNICIPIO DE TESALIA DPTO DEL HUILA" | F17: 2.6995134e+08
B19: "CONSTRUCCION SISTEMA DE ACUEDUCTO IDOLOS- EL TIGRE FASE I MUNICIPIO DE ISNOS DPTO DEL HUILA" | F19: 331774515
B21: TOTAL ESTUDIOS PREVIOS | D21: =+D15+D17+D19 -> 0 | E21: =+E15+E17+E19 -> 0 | F21: =+F15+F16+F17+F19 -> 1.0678146e+09

Sheet 08
A1: REPÚBLICA DE COLOMBIA DEPARTAMENTO DEL HUILA MUNICIPIO TESALIA | AE1: CODIGO: | AF1: MC-001
AE2: EDICIÓN: | AF2: 1
E3: ='01'!$A$12 -> "CONSTRUCCION SISTEMA DE ACUEDUCTO FASE II DEL MUNICIPIO DE TESALIA DPTO DEL HUILA" | AE3: FECHA: | AF3: ='01'!$M$13 -> 0
AE4: PAGINA: | AF4: 1 de 1
A5: Contratista: CONSORCIO TESALIA 2020 | AE5: Hoja 1 de 1
A6: Contratante: AGUAS DEL HUILA | AE6: Corte No. N/A
A7: Elaboró: | AE7: ='01'!$M$13 -> 0
A9: Capitulo: | F9: ='01'!$H$16 -> A -EMPATE CON LÍNEA DE ADUCCIÓN | Z9: Localización | AB9: Dimensiones | AE9: No de elementos | AF9: Medida Total
A10: ='01'!A18 -> A-01-01 | D10: =VLOOKUP(A10,'01'!$A$12:$N$299,3,FALSE) -> LOCALIZACIÓN Y REPLANTEO DE REDES (NO INCLUYE EQUIPO DE TOPOGRAFÍA) | T10: UNIDAD: | X10: =VLOOKUP(A10,'01'!$A$12:$N$299,9,FALSE) -> M
AB11: Longitud | AC11: Ancho | AD11: Area
Z12: Empate desde aducción | AB12: 5 | AC12: 0 | AD12: 0 | AE12: 1 | AF12: =AB12*AE12 -> 5
A32: OBSERVACIONES: | Z32: Subtotal | AF32: =SUM(AF12:AF31) -> 5
Z33: Vienen | AF33: 0
Z34: TOTAL | AF34: =SUM(AF32:AF33) -> 5
A35: Contratista: R.L. MARIO FERNANDO ESTRADA MORA | T35: Contratante: AGUAS DEL HUILA | AB35: Interventoría:
A38: REPÚBLICA DE COLOMBIA DEPARTAMENTO DEL HUILA MUNICIPIO TESALIA | AE38: CODIGO: | AF38: MC-001
AE39: EDICIÓN: | AF39: 1
E40: ='01'!$A$12 -> "CONSTRUCCION SISTEMA DE ACUEDUCTO FASE II DEL MUNICIPIO DE TESALIA DPTO DEL HUILA" | AE40: FECHA: | AF40: ='01'!$M$13 -> 0
AE41: PAGINA: | AF41: 1 de 1
A42: Contratista: CONSORCIO TESALIA 2020 | AE42: Hoja 1 de 1
A43: Contratante: AGUAS DEL HUILA | AE43: Corte No. N/A
A44: Elaboró: | AE44: ='01'!$M$13 -> 0
A46: Capitulo: | F46: ='01'!$H$16 -> A -EMPATE CON LÍNEA DE ADUCCIÓN | Z46: Localización | AB46: Dimensiones | AE46: No de elementos | AF46: Medida Total
A47: ='01'!A20 -> A-02-01 | D47: =VLOOKUP(A47,'01'!$A$12:$N$299,3,FALSE) -> EXCAVACIÓN MECÁNICA EN MATERIAL COMÚN (INCLUYE MAQUINARIA) | T47: UNIDAD: | X47: =VLOOKUP(A47,'01'!$A$12:$N$299,9,FALSE) -> M3
AB48: Longitud | AC48: Ancho | AD48: Profundiad
Z49: Empate desde aducción | AB49: =AB12 -> 5 | AC49: 1 | AD49: 0.9 | AE49: 1 | AF49: =AD49*AC49*AB49 -> 4.5
A69: OBSERVACIONES: | Z69: Subtotal | AF69: =SUM(AF49:AF68) -> 4.5
Z70: Vienen | AF70: 0
Z71: TOTAL | AF71: =SUM(AF69:AF70) -> 4.5
A72: Contratista: R.L. MARIO FERNANDO ESTRADA MORA | T72: Contratante: AGUAS DEL HUILA | AB72: Interventoría:
A75: REPÚBLICA DE COLOMBIA DEPARTAMENTO DEL HUILA MUNICIPIO TESALIA | AE75: CODIGO: | AF75: MC-001
AE76: EDICIÓN: | AF76: 1
E77: ='01'!$A$12 -> "CONSTRUCCION SISTEMA DE ACUEDUCTO FASE II DEL MUNICIPIO DE TESALIA DPTO DEL HUILA" | AE77: FECHA: | AF77: ='01'!$M$13 -> 0
AE78: PAGINA: | AF78: 1 de 1
A79: Contratista: CONSORCIO TESALIA 2020 | AE79: Hoja 1 de 1
A80: Contratante: AGUAS DEL HUILA | AE80: Corte No. N/A
A81: Elaboró: | AE81: ='01'!$M$13 -> 0
A83: Capitulo: | F83: ='01'!$H$16 -> A -EMPATE CON LÍNEA DE ADUCCIÓN | Z83: Localización | AB83: Dimensiones | AE83: No de elementos | AF83: Medida Total
A84: ='01'!A22 -> A-03-01 | D84: =VLOOKUP(A84,'01'!$A$12:$N$299,3,FALSE) -> RELLENO CON ARENA PARA BASE DE TUBERÍA | T84: UNIDAD: | X84: =VLOOKUP(A84,'01'!$A$12:$N$299,9,FALSE) -> M3
AB85: Longitud | AC85: Ancho | AD85: Profundiad
Z86: Empate desde aducción | AB86: =AB49 -> 5 | AC86: =+AC49 -> 1 | AD86: 0.15 | AE86: 1 | AF86: =AD86*AC86*AB86 -> 0.75
A106: OBSERVACIONES: | Z106: Subtotal | AF106: =SUM(AF86:AF105) -> 0.75
Z107: Vienen | AF107: 0
Z108: TOTAL | AF108: =SUM(AF106:AF107) -> 0.75
